Workbook

Sheet July26
A1: DATE | B1: CASH | C1: Credit Cards | D1: PayNow-Qashier | E1: OCBC-PayNow | F1: Qashier | G1: Adyen | H1: AMEX | I1: FOOD PANDA | J1: GRAB FOOD | K1: Nets | L1: Unipro cash | M1: Unipro Online | N1: Unipro OCBC Paynow | O1: YeahPay card | P1: YeahPay Paynow | Q1: MICS | R1: SALES - Received | S1: POS SALES | T1: Difference | U1: SUPPLIERS | V1: OCBC Account | W1: Petty Cash | X1: Sowji Cash | Y1: Madhav DBS | Z1: Un-Paid | AA1: Counter Cash | AB1: Banjara Samosa | AC1: Total Supplies Expenses | AD1: SALARIES | AE1: Rent | AF1: Loan | AG1: Assets | AH1: CPF / LOAN | AI1: SINGTEL / STAR HUB | AJ1: MICS | AK1: MICS | AL1: EXPENSES | AM1: PROFIT
A2: 46204 | B2: =VLOOKUP($A:$A,'[1]July26- Sales'!$A:$AA,3,0) -> 137.9 | C2: =VLOOKUP($A:$A,'[1]July26- Sales'!$A:$AQ,30,0) -> 393.1 | D2: =VLOOKUP($A:$A,'[1]July26- Sales'!$A:$AA,15,0) -> 1278.9 | E2: =VLOOKUP($A:$A,'[1]July26- Sales'!$A:$AA,12,0) -> 144.6 | F2: =VLOOKUP($A:$A,'[1]July26- Sales'!$A:$AA,11,0) -> 0 | G2: =VLOOKUP($A:$A,'[1]July26- Sales'!$A:$AQ,30,0) -> 393.1 | H2: =VLOOKUP($A:$A,'[1]June26- Sales'!$A:$Z,18,0) -> #N/A | I2: =VLOOKUP($A:$A,'[1]July26- Sales'!$A:$AA,10,0) -> 0 | J2: =VLOOKUP($A:$A,'[1]July26- Sales'!$A:$AA,9,0) -> 0 | K2: =VLOOKUP($A:$A,'[1]July26- Sales'!$A:$AA,11,0) -> 0 | L2: =VLOOKUP($A:$A,'[1]July26- Sales'!$A:$AA,4,0) -> 0 | M2: =VLOOKUP($A:$A,'[1]July26- Sales'!$A:$AA,5,0) -> 0 | N2: =VLOOKUP($A:$A,'[1]July26- Sales'!$A:$AA,6,0) -> 0 | O2: =VLOOKUP($A:$A,'[1]July26- Sales'!$A:$AA,7,0) -> 0 | P2: =VLOOKUP($A:$A,'[1]July26- Sales'!$A:$AA,8,0) -> 0 | R2: =B2+F2+G2-P2 -> 531 | S2: =SUM(B2:D2) -> 1809.9 | T2: =R2-S2 -> -1278.9 | U2: =(SUMIF('[1]Expenes- Delivery Details'!$C:$C,A:A,'[1]Expenes- Delivery Details'!$E:$E))-AD2-AE2-AF2 -> 112.62 | V2: =SUMIF('[1]Expenes- Delivery Details'!$A:$A,$A2&V$1,'[1]Expenes- Delivery Details'!$E:$E) -> 9010.38 | W2: =SUMIF('[1]Expenes- Delivery Details'!$A:$A,$A2&W$1,'[1]Expenes- Delivery Details'!$E:$E) -> 47.62 | X2: =SUMIF('[1]Expenes- Delivery Details'!$A:$A,$A2&X$1,'[1]Expenes- Delivery Details'!$E:$E) -> 0 | Y2: =SUMIF('[1]Expenes- Delivery Details'!$A:$A,$A2&Y$1,'[1]Expenes- Delivery Details'!$E:$E) -> 0 | Z2: =SUMIF('[1]Expenes- Delivery Details'!$A:$A,$A2&Z$1,'[1]Expenes- Delivery Details'!$E:$E) -> 0 | AA2: =SUMIF('[1]Expenes- Delivery Details'!$A:$A,$A2&AA$1,'[1]Expenes- Delivery Details'!$E:$E) -> 0 | AC2: =SUM(V2:AB2)-AF2 -> 5158 | AD2: =SUMIF('[1]Expenes- Delivery Details'!$B:$B,$A2&AD$1,'[1]Expenes- Delivery Details'!$E:$E) -> 15 | AE2: =SUMIF('[1]Expenes- Delivery Details'!$B:$B,$A2&AE$1,'[1]Expenes- Delivery Details'!$E:$E) -> 5110.38 | AF2: =SUMIF('[1]Expenes- Delivery Details'!$B:$B,$A2&AF$1,'[1]Expenes- Delivery Details'!$E:$E) -> 3900 | AG2: =SUMIF('[1]Expenes- Delivery Details'!$B:$B,$A2&AG$1,'[1]Expenes- Delivery Details'!$E:$E) -> 80 | AL2: =U2+AD2+AK2+AE2+AB2 -> 5238 | AM2: =R2-AL2 -> -4707
A3: 46205 | B3: =VLOOKUP($A:$A,'[1]July26- Sales'!$A:$AA,3,0) -> 123.2 | C3: =VLOOKUP($A:$A,'[1]July26- Sales'!$A:$AQ,30,0) -> 537.3 | D3: =VLOOKUP($A:$A,'[1]July26- Sales'!$A:$AA,15,0) -> 946.08 | E3: =VLOOKUP($A:$A,'[1]July26- Sales'!$A:$AA,12,0) -> 197.7 | F3: =VLOOKUP($A:$A,'[1]July26- Sales'!$A:$AA,11,0) -> 0 | G3: =VLOOKUP($A:$A,'[1]July26- Sales'!$A:$AQ,30,0) -> 537.3 | I3: =VLOOKUP($A:$A,'[1]July26- Sales'!$A:$AA,10,0) -> 0 | J3: =VLOOKUP($A:$A,'[1]July26- Sales'!$A:$AA,9,0) -> 0 | K3: =VLOOKUP($A:$A,'[1]July26- Sales'!$A:$AA,11,0) -> 0 | L3: =VLOOKUP($A:$A,'[1]July26- Sales'!$A:$AA,4,0) -> 0 | M3: =VLOOKUP($A:$A,'[1]July26- Sales'!$A:$AA,5,0) -> 0 | N3: =VLOOKUP($A:$A,'[1]July26- Sales'!$A:$AA,6,0) -> 0 | O3: =VLOOKUP($A:$A,'[1]July26- Sales'!$A:$AA,7,0) -> 0 | P3: =VLOOKUP($A:$A,'[1]July26- Sales'!$A:$AA,8,0) -> 0 | R3: =B3+F3+G3-P3 -> 660.5 | S3: =SUM(B3:D3) -> 1606.58 | T3: =R3-S3 -> -946.08 | U3: =(SUMIF('[1]Expenes- Delivery Details'!$C:$C,A:A,'[1]Expenes- Delivery Details'!$E:$E))-AD3-AE3-AF3 -> 38.44 | V3: =SUMIF('[1]Expenes- Delivery Details'!$A:$A,$A3&V$1,'[1]Expenes- Delivery Details'!$E:$E) -> 0 | W3: =SUMIF('[1]Expenes- Delivery Details'!$A:$A,$A3&W$1,'[1]Expenes- Delivery Details'!$E:$E) -> 38.44 | X3: =SUMIF('[1]Expenes- Delivery Details'!$A:$A,$A3&X$1,'[1]Expenes- Delivery Details'!$E:$E) -> 0 | Y3: =SUMIF('[1]Expenes- Delivery Details'!$A:$A,$A3&Y$1,'[1]Expenes- Delivery Details'!$E:$E) -> 0 | Z3: =SUMIF('[1]Expenes- Delivery Details'!$A:$A,$A3&Z$1,'[1]Expenes- Delivery Details'!$E:$E) -> 0 | AA3: =SUMIF('[1]Expenes- Delivery Details'!$A:$A,$A3&AA$1,'[1]Expenes- Delivery Details'!$E:$E) -> 0 | AC3: =SUM(V3:AB3)-AF3 -> 38.44 | AD3: =SUMIF('[1]Expenes- Delivery Details'!$B:$B,$A3&AD$1,'[1]Expenes- Delivery Details'!$E:$E) -> 0 | AE3: =SUMIF('[1]Expenes- Delivery Details'!$B:$B,$A3&AE$1,'[1]Expenes- Delivery Details'!$E:$E) -> 0 | AF3: =SUMIF('[1]Expenes- Delivery Details'!$B:$B,$A3&AF$1,'[1]Expenes- Delivery Details'!$E:$E) -> 0 | AG3: =SUMIF('[1]Expenes- Delivery Details'!$B:$B,$A3&AG$1,'[1]Expenes- Delivery Details'!$E:$E) -> 0 | AL3: =U3+AD3+AK3+AE3+AB3 -> 38.44 | AM3: =R3-AL3 -> 622.06 | AS3: OCBC Account
A4: 46206 | B4: =VLOOKUP($A:$A,'[1]July26- Sales'!$A:$AA,3,0) -> 103.8 | C4: =VLOOKUP($A:$A,'[1]July26- Sales'!$A:$AQ,30,0) -> 568.9 | D4: =VLOOKUP($A:$A,'[1]July26- Sales'!$A:$AA,15,0) -> 1288.7 | E4: =VLOOKUP($A:$A,'[1]July26- Sales'!$A:$AA,12,0) -> 238.3 | F4: =VLOOKUP($A:$A,'[1]July26- Sales'!$A:$AA,11,0) -> 0 | G4: =VLOOKUP($A:$A,'[1]July26- Sales'!$A:$AQ,30,0) -> 568.9 | I4: =VLOOKUP($A:$A,'[1]July26- Sales'!$A:$AA,10,0) -> 0 | J4: =VLOOKUP($A:$A,'[1]July26- Sales'!$A:$AA,9,0) -> 0 | K4: =VLOOKUP($A:$A,'[1]July26- Sales'!$A:$AA,11,0) -> 0 | L4: =VLOOKUP($A:$A,'[1]July26- Sales'!$A:$AA,4,0) -> 0 | M4: =VLOOKUP($A:$A,'[1]July26- Sales'!$A:$AA,5,0) -> 0 | N4: =VLOOKUP($A:$A,'[1]July26- Sales'!$A:$AA,6,0) -> 0 | O4: =VLOOKUP($A:$A,'[1]July26- Sales'!$A:$AA,7,0) -> 0 | P4: =VLOOKUP($A:$A,'[1]July26- Sales'!$A:$AA,8,0) -> 0 | R4: =B4+F4+G4-P4 -> 672.7 | S4: =SUM(B4:D4) -> 1961.4 | T4: =R4-S4 -> -1288.7 | U4: =(SUMIF('[1]Expenes- Delivery Details'!$C:$C,A:A,'[1]Expenes- Delivery Details'!$E:$E))-AD4-AE4-AF4 -> 469.9 | V4: =SUMIF('[1]Expenes- Delivery Details'!$A:$A,$A4&V$1,'[1]Expenes- Delivery Details'!$E:$E) -> 300 | W4: =SUMIF('[1]Expenes- Delivery Details'!$A:$A,$A4&W$1,'[1]Expenes- Delivery Details'!$E:$E) -> 124.9 | X4: =SUMIF('[1]Expenes- Delivery Details'!$A:$A,$A4&X$1,'[1]Expenes- Delivery Details'!$E:$E) -> 0 | Y4: =SUMIF('[1]Expenes- Delivery Details'!$A:$A,$A4&Y$1,'[1]Expenes- Delivery Details'!$E:$E) -> 0 | Z4: =SUMIF('[1]Expenes- Delivery Details'!$A:$A,$A4&Z$1,'[1]Expenes- Delivery Details'!$E:$E) -> 0 | AA4: =SUMIF('[1]Expenes- Delivery Details'!$A:$A,$A4&AA$1,'[1]Expenes- Delivery Details'!$E:$E) -> 0 | AC4: =SUM(V4:AB4)-AF4 -> 424.9 | AD4: =SUMIF('[1]Expenes- Delivery Details'!$B:$B,$A4&AD$1,'[1]Expenes- Delivery Details'!$E:$E) -> 19 | AE4: =SUMIF('[1]Expenes- Delivery Details'!$B:$B,$A4&AE$1,'[1]Expenes- Delivery Details'!$E:$E) -> 0 | AF4: =SUMIF('[1]Expenes- Delivery Details'!$B:$B,$A4&AF$1,'[1]Expenes- Delivery Details'!$E:$E) -> 0 | AG4: =SUMIF('[1]Expenes- Delivery Details'!$B:$B,$A4&AG$1,'[1]Expenes- Delivery Details'!$E:$E) -> 0 | AL4: =U4+AD4+AK4+AE4+AB4 -> 488.9 | AM4: =R4-AL4 -> 183.8 | AS4: Petty Cash
A5: 46207 | B5: =VLOOKUP($A:$A,'[1]July26- Sales'!$A:$AA,3,0) -> 0 | C5: =VLOOKUP($A:$A,'[1]July26- Sales'!$A:$AQ,30,0) -> 0 | D5: =VLOOKUP($A:$A,'[1]July26- Sales'!$A:$AA,15,0) -> 0 | E5: =VLOOKUP($A:$A,'[1]July26- Sales'!$A:$AA,12,0) -> 0 | F5: =VLOOKUP($A:$A,'[1]July26- Sales'!$A:$AA,11,0) -> 0 | G5: =VLOOKUP($A:$A,'[1]July26- Sales'!$A:$AQ,30,0) -> 0 | I5: =VLOOKUP($A:$A,'[1]July26- Sales'!$A:$AA,10,0) -> 0 | J5: =VLOOKUP($A:$A,'[1]July26- Sales'!$A:$AA,9,0) -> 0 | K5: =VLOOKUP($A:$A,'[1]July26- Sales'!$A:$AA,11,0) -> 0 | L5: =VLOOKUP($A:$A,'[1]July26- Sales'!$A:$AA,4,0) -> 0 | M5: =VLOOKUP($A:$A,'[1]July26- Sales'!$A:$AA,5,0) -> 0 | N5: =VLOOKUP($A:$A,'[1]July26- Sales'!$A:$AA,6,0) -> 0 | O5: =VLOOKUP($A:$A,'[1]July26- Sales'!$A:$AA,7,0) -> 0 | P5: =VLOOKUP($A:$A,'[1]July26- Sales'!$A:$AA,8,0) -> 0 | R5: =B5+F5+G5-P5 -> 0 | S5: =SUM(B5:D5) -> 0 | T5: =R5-S5 -> 0 | U5: =(SUMIF('[1]Expenes- Delivery Details'!$C:$C,A:A,'[1]Expenes- Delivery Details'!$E:$E))-AD5-AE5-AF5 -> 438.75 | V5: =SUMIF('[1]Expenes- Delivery Details'!$A:$A,$A5&V$1,'[1]Expenes- Delivery Details'!$E:$E) -> 0 | W5: =SUMIF('[1]Expenes- Delivery Details'!$A:$A,$A5&W$1,'[1]Expenes- Delivery Details'!$E:$E) -> 138.55 | X5: =SUMIF('[1]Expenes- Delivery Details'!$A:$A,$A5&X$1,'[1]Expenes- Delivery Details'!$E:$E) -> 0 | Y5: =SUMIF('[1]Expenes- Delivery Details'!$A:$A,$A5&Y$1,'[1]Expenes- Delivery Details'!$E:$E) -> 0 | Z5: =SUMIF('[1]Expenes- Delivery Details'!$A:$A,$A5&Z$1,'[1]Expenes- Delivery Details'!$E:$E) -> 0 | AA5: =SUMIF('[1]Expenes- Delivery Details'!$A:$A,$A5&AA$1,'[1]Expenes- Delivery Details'!$E:$E) -> 0 | AC5: =SUM(V5:AB5)-AF5 -> 138.55 | AD5: =SUMIF('[1]Expenes- Delivery Details'!$B:$B,$A5&AD$1,'[1]Expenes- Delivery Details'!$E:$E) -> 0 | AE5: =SUMIF('[1]Expenes- Delivery Details'!$B:$B,$A5&AE$1,'[1]Expenes- Delivery Details'!$E:$E) -> 0 | AF5: =SUMIF('[1]Expenes- Delivery Details'!$B:$B,$A5&AF$1,'[1]Expenes- Delivery Details'!$E:$E) -> 0 | AG5: =SUMIF('[1]Expenes- Delivery Details'!$B:$B,$A5&AG$1,'[1]Expenes- Delivery Details'!$E:$E) -> 0 | AL5: =U5+AD5+AK5+AE5+AB5 -> 438.75 | AM5: =R5-AL5 -> -438.75 | AS5: Sowji Cash
A6: 46208 | B6: =VLOOKUP($A:$A,'[1]July26- Sales'!$A:$AA,3,0) -> 10 | C6: =VLOOKUP($A:$A,'[1]July26- Sales'!$A:$AQ,30,0) -> 73.8 | D6: =VLOOKUP($A:$A,'[1]July26- Sales'!$A:$AA,15,0) -> 223.3 | E6: =VLOOKUP($A:$A,'[1]July26- Sales'!$A:$AA,12,0) -> 73.8 | F6: =VLOOKUP($A:$A,'[1]July26- Sales'!$A:$AA,11,0) -> 0 | G6: =VLOOKUP($A:$A,'[1]July26- Sales'!$A:$AQ,30,0) -> 73.8 | I6: =VLOOKUP($A:$A,'[1]July26- Sales'!$A:$AA,10,0) -> 0 | J6: =VLOOKUP($A:$A,'[1]July26- Sales'!$A:$AA,9,0) -> 0 | K6: =VLOOKUP($A:$A,'[1]July26- Sales'!$A:$AA,11,0) -> 0 | L6: =VLOOKUP($A:$A,'[1]July26- Sales'!$A:$AA,4,0) -> 0 | M6: =VLOOKUP($A:$A,'[1]July26- Sales'!$A:$AA,5,0) -> 0 | N6: =VLOOKUP($A:$A,'[1]July26- Sales'!$A:$AA,6,0) -> 0 | O6: =VLOOKUP($A:$A,'[1]July26- Sales'!$A:$AA,7,0) -> 0 | P6: =VLOOKUP($A:$A,'[1]July26- Sales'!$A:$AA,8,0) -> 0 | R6: =B6+F6+G6-P6 -> 83.8 | S6: =SUM(B6:D6) -> 307.1 | T6: =R6-S6 -> -223.3 | U6: =(SUMIF('[1]Expenes- Delivery Details'!$C:$C,A:A,'[1]Expenes- Delivery Details'!$E:$E))-AD6-AE6-AF6 -> 107.75 | V6: =SUMIF('[1]Expenes- Delivery Details'!$A:$A,$A6&V$1,'[1]Expenes- Delivery Details'!$E:$E) -> 0 | W6: =SUMIF('[1]Expenes- Delivery Details'!$A:$A,$A6&W$1,'[1]Expenes- Delivery Details'!$E:$E) -> 227.75 | X6: =SUMIF('[1]Expenes- Delivery Details'!$A:$A,$A6&X$1,'[1]Expenes- Delivery Details'!$E:$E) -> 0 | Y6: =SUMIF('[1]Expenes- Delivery Details'!$A:$A,$A6&Y$1,'[1]Expenes- Delivery Details'!$E:$E) -> 0 | Z6: =SUMIF('[1]Expenes- Delivery Details'!$A:$A,$A6&Z$1,'[1]Expenes- Delivery Details'!$E:$E) -> 0 | AA6: =SUMIF('[1]Expenes- Delivery Details'!$A:$A,$A6&AA$1,'[1]Expenes- Delivery Details'!$E:$E) -> 0 | AC6: =SUM(V6:AB6)-AF6 -> 227.75 | AD6: =SUMIF('[1]Expenes- Delivery Details'!$B:$B,$A6&AD$1,'[1]Expenes- Delivery Details'!$E:$E) -> 190 | AE6: =SUMIF('[1]Expenes- Delivery Details'!$B:$B,$A6&AE$1,'[1]Expenes- Delivery Details'!$E:$E) -> 0 | AF6: =SUMIF('[1]Expenes- Delivery Details'!$B:$B,$A6&AF$1,'[1]Expenes- Delivery Details'!$E:$E) -> 0 | AG6: =SUMIF('[1]Expenes- Delivery Details'!$B:$B,$A6&AG$1,'[1]Expenes- Delivery Details'!$E:$E) -> 0 | AL6: =U6+AD6+AK6+AE6+AB6 -> 297.75 | AM6: =R6-AL6 -> -213.95 | AS6: Un-Paid
A7: 46209 | B7: =VLOOKUP($A:$A,'[1]July26- Sales'!$A:$AA,3,0) -> 122.6 | C7: =VLOOKUP($A:$A,'[1]July26- Sales'!$A:$AQ,30,0) -> 41 | D7: =VLOOKUP($A:$A,'[1]July26- Sales'!$A:$AA,15,0) -> 931.4 | E7: =VLOOKUP($A:$A,'[1]July26- Sales'!$A:$AA,12,0) -> 41 | F7: =VLOOKUP($A:$A,'[1]July26- Sales'!$A:$AA,11,0) -> 0 | G7: =VLOOKUP($A:$A,'[1]July26- Sales'!$A:$AQ,30,0) -> 41 | I7: =VLOOKUP($A:$A,'[1]July26- Sales'!$A:$AA,10,0) -> 0 | J7: =VLOOKUP($A:$A,'[1]July26- Sales'!$A:$AA,9,0) -> 0 | K7: =VLOOKUP($A:$A,'[1]July26- Sales'!$A:$AA,11,0) -> 0 | L7: =VLOOKUP($A:$A,'[1]July26- Sales'!$A:$AA,4,0) -> 0 | M7: =VLOOKUP($A:$A,'[1]July26- Sales'!$A:$AA,5,0) -> 0 | N7: =VLOOKUP($A:$A,'[1]July26- Sales'!$A:$AA,6,0) -> 0 | O7: =VLOOKUP($A:$A,'[1]July26- Sales'!$A:$AA,7,0) -> 0 | P7: =VLOOKUP($A:$A,'[1]July26- Sales'!$A:$AA,8,0) -> 0 | R7: =B7+F7+G7-P7 -> 163.6 | S7: =SUM(B7:D7) -> 1095 | T7: =R7-S7 -> -931.4 | U7: =(SUMIF('[1]Expenes- Delivery Details'!$C:$C,A:A,'[1]Expenes- Delivery Details'!$E:$E))-AD7-AE7-AF7 -> 1056.02 | V7: =SUMIF('[1]Expenes- Delivery Details'!$A:$A,$A7&V$1,'[1]Expenes- Delivery Details'!$E:$E) -> 4555.04 | W7: =SUMIF('[1]Expenes- Delivery Details'!$A:$A,$A7&W$1,'[1]Expenes- Delivery Details'!$E:$E) -> 129.38 | X7: =SUMIF('[1]Expenes- Delivery Details'!$A:$A,$A7&X$1,'[1]Expenes- Delivery Details'!$E:$E) -> 0 | Y7: =SUMIF('[1]Expenes- Delivery Details'!$A:$A,$A7&Y$1,'[1]Expenes- Delivery Details'!$E:$E) -> 0 | Z7: =SUMIF('[1]Expenes- Delivery Details'!$A:$A,$A7&Z$1,'[1]Expenes- Delivery Details'!$E:$E) -> 111.6 | AA7: =SUMIF('[1]Expenes- Delivery Details'!$A:$A,$A7&AA$1,'[1]Expenes- Delivery Details'!$E:$E) -> 0 | AC7: =SUM(V7:AB7)-AF7 -> 4796.02 | AD7: =SUMIF('[1]Expenes- Delivery Details'!$B:$B,$A7&AD$1,'[1]Expenes- Delivery Details'!$E:$E) -> 3740 | AE7: =SUMIF('[1]Expenes- Delivery Details'!$B:$B,$A7&AE$1,'[1]Expenes- Delivery Details'!$E:$E) -> 0 | AF7: =SUMIF('[1]Expenes- Delivery Details'!$B:$B,$A7&AF$1,'[1]Expenes- Delivery Details'!$E:$E) -> 0 | AG7: =SUMIF('[1]Expenes- Delivery Details'!$B:$B,$A7&AG$1,'[1]Expenes- Delivery Details'!$E:$E) -> 0 | AL7: =U7+AD7+AK7+AE7+AB7 -> 4796.02 | AM7: =R7-AL7 -> -4632.42 | AS7: Counter Cash
A8: 46210 | B8: =VLOOKUP($A:$A,'[1]July26- Sales'!$A:$AA,3,0) -> 147.8 | C8: =VLOOKUP($A:$A,'[1]July26- Sales'!$A:$AQ,30,0) -> 214.3 | D8: =VLOOKUP($A:$A,'[1]July26- Sales'!$A:$AA,15,0) -> 1100.95 | E8: =VLOOKUP($A:$A,'[1]July26- Sales'!$A:$AA,12,0) -> 156.5 | F8: =VLOOKUP($A:$A,'[1]July26- Sales'!$A:$AA,11,0) -> 0 | G8: =VLOOKUP($A:$A,'[1]July26- Sales'!$A:$AQ,30,0) -> 214.3 | I8: =VLOOKUP($A:$A,'[1]July26- Sales'!$A:$AA,10,0) -> 0 | J8: =VLOOKUP($A:$A,'[1]July26- Sales'!$A:$AA,9,0) -> 0 | K8: =VLOOKUP($A:$A,'[1]July26- Sales'!$A:$AA,11,0) -> 0 | L8: =VLOOKUP($A:$A,'[1]July26- Sales'!$A:$AA,4,0) -> 0 | M8: =VLOOKUP($A:$A,'[1]July26- Sales'!$A:$AA,5,0) -> 0 | N8: =VLOOKUP($A:$A,'[1]July26- Sales'!$A:$AA,6,0) -> 0 | O8: =VLOOKUP($A:$A,'[1]July26- Sales'!$A:$AA,7,0) -> 0 | P8: =VLOOKUP($A:$A,'[1]July26- Sales'!$A:$AA,8,0) -> 0 | R8: =B8+F8+G8-P8 -> 362.1 | S8: =SUM(B8:D8) -> 1463.05 | T8: =R8-S8 -> -1100.95 | U8: =(SUMIF('[1]Expenes- Delivery Details'!$C:$C,A:A,'[1]Expenes- Delivery Details'!$E:$E))-AD8-AE8-AF8 -> 54.28 | V8: =SUMIF('[1]Expenes- Delivery Details'!$A:$A,$A8&V$1,'[1]Expenes- Delivery Details'!$E:$E) -> 0 | W8: =SUMIF('[1]Expenes- Delivery Details'!$A:$A,$A8&W$1,'[1]Expenes- Delivery Details'!$E:$E) -> 54.28 | X8: =SUMIF('[1]Expenes- Delivery Details'!$A:$A,$A8&X$1,'[1]Expenes- Delivery Details'!$E:$E) -> 0 | Y8: =SUMIF('[1]Expenes- Delivery Details'!$A:$A,$A8&Y$1,'[1]Expenes- Delivery Details'!$E:$E) -> 0 | Z8: =SUMIF('[1]Expenes- Delivery Details'!$A:$A,$A8&Z$1,'[1]Expenes- Delivery Details'!$E:$E) -> 0 | AA8: =SUMIF('[1]Expenes- Delivery Details'!$A:$A,$A8&AA$1,'[1]Expenes- Delivery Details'!$E:$E) -> 0 | AC8: =SUM(V8:AB8)-AF8 -> 54.28 | AD8: =SUMIF('[1]Expenes- Delivery Details'!$B:$B,$A8&AD$1,'[1]Expenes- Delivery Details'!$E:$E) -> 0 | AE8: =SUMIF('[1]Expenes- Delivery Details'!$B:$B,$A8&AE$1,'[1]Expenes- Delivery Details'!$E:$E) -> 0 | AF8: =SUMIF('[1]Expenes- Delivery Details'!$B:$B,$A8&AF$1,'[1]Expenes- Delivery Details'!$E:$E) -> 0 | AG8: =SUMIF('[1]Expenes- Delivery Details'!$B:$B,$A8&AG$1,'[1]Expenes- Delivery Details'!$E:$E) -> 0 | AL8: =U8+AD8+AK8+AE8+AB8 -> 54.28 | AM8: =R8-AL8 -> 307.82
A9: 46211 | B9: =VLOOKUP($A:$A,'[1]July26- Sales'!$A:$AA,3,0) -> 138.8 | C9: =VLOOKUP($A:$A,'[1]July26- Sales'!$A:$AQ,30,0) -> 406.2 | D9: =VLOOKUP($A:$A,'[1]July26- Sales'!$A:$AA,15,0) -> 1028.65 | E9: =VLOOKUP($A:$A,'[1]July26- Sales'!$A:$AA,12,0) -> 148.8 | F9: =VLOOKUP($A:$A,'[1]July26- Sales'!$A:$AA,11,0) -> 0 | G9: =VLOOKUP($A:$A,'[1]July26- Sales'!$A:$AQ,30,0) -> 406.2 | I9: =VLOOKUP($A:$A,'[1]July26- Sales'!$A:$AA,10,0) -> 0 | J9: =VLOOKUP($A:$A,'[1]July26- Sales'!$A:$AA,9,0) -> 0 | K9: =VLOOKUP($A:$A,'[1]July26- Sales'!$A:$AA,11,0) -> 0 | L9: =VLOOKUP($A:$A,'[1]July26- Sales'!$A:$AA,4,0) -> 0 | M9: =VLOOKUP($A:$A,'[1]July26- Sales'!$A:$AA,5,0) -> 0 | N9: =VLOOKUP($A:$A,'[1]July26- Sales'!$A:$AA,6,0) -> 0 | O9: =VLOOKUP($A:$A,'[1]July26- Sales'!$A:$AA,7,0) -> 0 | P9: =VLOOKUP($A:$A,'[1]July26- Sales'!$A:$AA,8,0) -> 0 | R9: =B9+F9+G9-P9 -> 545 | S9: =SUM(B9:D9) -> 1573.65 | T9: =R9-S9 -> -1028.65 | U9: =(SUMIF('[1]Expenes- Delivery Details'!$C:$C,A:A,'[1]Expenes- Delivery Details'!$E:$E))-AD9-AE9-AF9 -> 360.44 | V9: =SUMIF('[1]Expenes- Delivery Details'!$A:$A,$A9&V$1,'[1]Expenes- Delivery Details'!$E:$E) -> 0 | W9: =SUMIF('[1]Expenes- Delivery Details'!$A:$A,$A9&W$1,'[1]Expenes- Delivery Details'!$E:$E) -> 251.44 | X9: =SUMIF('[1]Expenes- Delivery Details'!$A:$A,$A9&X$1,'[1]Expenes- Delivery Details'!$E:$E) -> 0 | Y9: =SUMIF('[1]Expenes- Delivery Details'!$A:$A,$A9&Y$1,'[1]Expenes- Delivery Details'!$E:$E) -> 0 | Z9: =SUMIF('[1]Expenes- Delivery Details'!$A:$A,$A9&Z$1,'[1]Expenes- Delivery Details'!$E:$E) -> 109 | AA9: =SUMIF('[1]Expenes- Delivery Details'!$A:$A,$A9&AA$1,'[1]Expenes- Delivery Details'!$E:$E) -> 0 | AC9: =SUM(V9:AB9)-AF9 -> 360.44 | AD9: =SUMIF('[1]Expenes- Delivery Details'!$B:$B,$A9&AD$1,'[1]Expenes- Delivery Details'!$E:$E) -> 0 | AE9: =SUMIF('[1]Expenes- Delivery Details'!$B:$B,$A9&AE$1,'[1]Expenes- Delivery Details'!$E:$E) -> 0 | AF9: =SUMIF('[1]Expenes- Delivery Details'!$B:$B,$A9&AF$1,'[1]Expenes- Delivery Details'!$E:$E) -> 0 | AG9: =SUMIF('[1]Expenes- Delivery Details'!$B:$B,$A9&AG$1,'[1]Expenes- Delivery Details'!$E:$E) -> 0 | AL9: =U9+AD9+AK9+AE9+AB9 -> 360.44 | AM9: =R9-AL9 -> 184.56
A10: 46212 | B10: =VLOOKUP($A:$A,'[1]July26- Sales'!$A:$AA,3,0) -> 133.1 | C10: =VLOOKUP($A:$A,'[1]July26- Sales'!$A:$AQ,30,0) -> 155.5 | D10: =VLOOKUP($A:$A,'[1]July26- Sales'!$A:$AA,15,0) -> 1495.6 | E10: =VLOOKUP($A:$A,'[1]July26- Sales'!$A:$AA,12,0) -> 0 | F10: =VLOOKUP($A:$A,'[1]July26- Sales'!$A:$AA,11,0) -> 5.6 | G10: =VLOOKUP($A:$A,'[1]July26- Sales'!$A:$AQ,30,0) -> 155.5 | I10: =VLOOKUP($A:$A,'[1]July26- Sales'!$A:$AA,10,0) -> 0 | J10: =VLOOKUP($A:$A,'[1]July26- Sales'!$A:$AA,9,0) -> 0 | K10: =VLOOKUP($A:$A,'[1]July26- Sales'!$A:$AA,11,0) -> 5.6 | L10: =VLOOKUP($A:$A,'[1]July26- Sales'!$A:$AA,4,0) -> 0 | M10: =VLOOKUP($A:$A,'[1]July26- Sales'!$A:$AA,5,0) -> 0 | N10: =VLOOKUP($A:$A,'[1]July26- Sales'!$A:$AA,6,0) -> 0 | O10: =VLOOKUP($A:$A,'[1]July26- Sales'!$A:$AA,7,0) -> 0 | P10: =VLOOKUP($A:$A,'[1]July26- Sales'!$A:$AA,8,0) -> 0 | R10: =B10+F10+G10-P10 -> 294.2 | S10: =SUM(B10:D10) -> 1784.2 | T10: =R10-S10 -> -1490 | U10: =(SUMIF('[1]Expenes- Delivery Details'!$C:$C,A:A,'[1]Expenes- Delivery Details'!$E:$E))-AD10-AE10-AF10 -> 2111.63 | V10: =SUMIF('[1]Expenes- Delivery Details'!$A:$A,$A10&V$1,'[1]Expenes- Delivery Details'!$E:$E) -> 163.5 | W10: =SUMIF('[1]Expenes- Delivery Details'!$A:$A,$A10&W$1,'[1]Expenes- Delivery Details'!$E:$E) -> 231.46 | X10: =SUMIF('[1]Expenes- Delivery Details'!$A:$A,$A10&X$1,'[1]Expenes- Delivery Details'!$E:$E) -> 0 | Y10: =SUMIF('[1]Expenes- Delivery Details'!$A:$A,$A10&Y$1,'[1]Expenes- Delivery Details'!$E:$E) -> 0 | Z10: =SUMIF('[1]Expenes- Delivery Details'!$A:$A,$A10&Z$1,'[1]Expenes- Delivery Details'!$E:$E) -> 1716.67 | AA10: =SUMIF('[1]Expenes- Delivery Details'!$A:$A,$A10&AA$1,'[1]Expenes- Delivery Details'!$E:$E) -> 0 | AC10: =SUM(V10:AB10)-AF10 -> 2111.63 | AD10: =SUMIF('[1]Expenes- Delivery Details'!$B:$B,$A10&AD$1,'[1]Expenes- Delivery Details'!$E:$E) -> 0 | AE10: =SUMIF('[1]Expenes- Delivery Details'!$B:$B,$A10&AE$1,'[1]Expenes- Delivery Details'!$E:$E) -> 0 | AF10: =SUMIF('[1]Expenes- Delivery Details'!$B:$B,$A10&AF$1,'[1]Expenes- Delivery Details'!$E:$E) -> 0 | AG10: =SUMIF('[1]Expenes- Delivery Details'!$B:$B,$A10&AG$1,'[1]Expenes- Delivery Details'!$E:$E) -> 0 | AL10: =U10+AD10+AK10+AE10+AB10 -> 2111.63 | AM10: =R10-AL10 -> -1817.43
A11: 46213 | B11: =VLOOKUP($A:$A,'[1]July26- Sales'!$A:$AA,3,0) -> 88.1 | C11: =VLOOKUP($A:$A,'[1]July26- Sales'!$A:$AQ,30,0) -> 1113.8 | D11: =VLOOKUP($A:$A,'[1]July26- Sales'!$A:$AA,15,0) -> 959.7 | E11: =VLOOKUP($A:$A,'[1]July26- Sales'!$A:$AA,12,0) -> 756.4 | F11: =VLOOKUP($A:$A,'[1]July26- Sales'!$A:$AA,11,0) -> 0 | G11: =VLOOKUP($A:$A,'[1]July26- Sales'!$A:$AQ,30,0) -> 1113.8 | I11: =VLOOKUP($A:$A,'[1]July26- Sales'!$A:$AA,10,0) -> 0 | J11: =VLOOKUP($A:$A,'[1]July26- Sales'!$A:$AA,9,0) -> 0 | K11: =VLOOKUP($A:$A,'[1]July26- Sales'!$A:$AA,11,0) -> 0 | L11: =VLOOKUP($A:$A,'[1]July26- Sales'!$A:$AA,4,0) -> 0 | M11: =VLOOKUP($A:$A,'[1]July26- Sales'!$A:$AA,5,0) -> 0 | N11: =VLOOKUP($A:$A,'[1]July26- Sales'!$A:$AA,6,0) -> 0 | O11: =VLOOKUP($A:$A,'[1]July26- Sales'!$A:$AA,7,0) -> 0 | P11: =VLOOKUP($A:$A,'[1]July26- Sales'!$A:$AA,8,0) -> 0 | R11: =B11+F11+G11-P11 -> 1201.9 | S11: =SUM(B11:D11) -> 2161.6 | T11: =R11-S11 -> -959.7 | U11: =(SUMIF('[1]Expenes- Delivery Details'!$C:$C,A:A,'[1]Expenes- Delivery Details'!$E:$E))-AD11-AE11-AF11 -> 439.82 | V11: =SUMIF('[1]Expenes- Delivery Details'!$A:$A,$A11&V$1,'[1]Expenes- Delivery Details'!$E:$E) -> 310.11 | W11: =SUMIF('[1]Expenes- Delivery Details'!$A:$A,$A11&W$1,'[1]Expenes- Delivery Details'!$E:$E) -> 59.71 | X11: =SUMIF('[1]Expenes- Delivery Details'!$A:$A,$A11&X$1,'[1]Expenes- Delivery Details'!$E:$E) -> 0 | Y11: =SUMIF('[1]Expenes- Delivery Details'!$A:$A,$A11&Y$1,'[1]Expenes- Delivery Details'!$E:$E) -> 0 | Z11: =SUMIF('[1]Expenes- Delivery Details'!$A:$A,$A11&Z$1,'[1]Expenes- Delivery Details'!$E:$E) -> 0 | AA11: =SUMIF('[1]Expenes- Delivery Details'!$A:$A,$A11&AA$1,'[1]Expenes- Delivery Details'!$E:$E) -> 0 | AC11: =SUM(V11:AB11)-AF11 -> 369.82 | AD11: =SUMIF('[1]Expenes- Delivery Details'!$B:$B,$A11&AD$1,'[1]Expenes- Delivery Details'!$E:$E) -> 0 | AE11: =SUMIF('[1]Expenes- Delivery Details'!$B:$B,$A11&AE$1,'[1]Expenes- Delivery Details'!$E:$E) -> 0 | AF11: =SUMIF('[1]Expenes- Delivery Details'!$B:$B,$A11&AF$1,'[1]Expenes- Delivery Details'!$E:$E) -> 0 | AG11: =SUMIF('[1]Expenes- Delivery Details'!$B:$B,$A11&AG$1,'[1]Expenes- Delivery Details'!$E:$E) -> 0 | AL11: =U11+AD11+AK11+AE11+AB11 -> 439.82 | AM11: =R11-AL11 -> 762.08
A12: 46214 | B12: =VLOOKUP($A:$A,'[1]July26- Sales'!$A:$AA,3,0) -> 0 | C12: =VLOOKUP($A:$A,'[1]July26- Sales'!$A:$AQ,30,0) -> 5.3 | D12: =VLOOKUP($A:$A,'[1]July26- Sales'!$A:$AA,15,0) -> 208.2 | E12: =VLOOKUP($A:$A,'[1]July26- Sales'!$A:$AA,12,0) -> 0 | F12: =VLOOKUP($A:$A,'[1]July26- Sales'!$A:$AA,11,0) -> 5.3 | G12: =VLOOKUP($A:$A,'[1]July26- Sales'!$A:$AQ,30,0) -> 5.3 | I12: =VLOOKUP($A:$A,'[1]July26- Sales'!$A:$AA,10,0) -> 0 | J12: =VLOOKUP($A:$A,'[1]July26- Sales'!$A:$AA,9,0) -> 0 | K12: =VLOOKUP($A:$A,'[1]July26- Sales'!$A:$AA,11,0) -> 5.3 | L12: =VLOOKUP($A:$A,'[1]July26- Sales'!$A:$AA,4,0) -> 0 | M12: =VLOOKUP($A:$A,'[1]July26- Sales'!$A:$AA,5,0) -> 0 | N12: =VLOOKUP($A:$A,'[1]July26- Sales'!$A:$AA,6,0) -> 0 | O12: =VLOOKUP($A:$A,'[1]July26- Sales'!$A:$AA,7,0) -> 0 | P12: =VLOOKUP($A:$A,'[1]July26- Sales'!$A:$AA,8,0) -> 0 | R12: =B12+F12+G12-P12 -> 10.6 | S12: =SUM(B12:D12) -> 213.5 | T12: =R12-S12 -> -202.9 | U12: =(SUMIF('[1]Expenes- Delivery Details'!$C:$C,A:A,'[1]Expenes- Delivery Details'!$E:$E))-AD12-AE12-AF12 -> 319.5 | V12: =SUMIF('[1]Expenes- Delivery Details'!$A:$A,$A12&V$1,'[1]Expenes- Delivery Details'!$E:$E) -> 168.5 | W12: =SUMIF('[1]Expenes- Delivery Details'!$A:$A,$A12&W$1,'[1]Expenes- Delivery Details'!$E:$E) -> 66 | X12: =SUMIF('[1]Expenes- Delivery Details'!$A:$A,$A12&X$1,'[1]Expenes- Delivery Details'!$E:$E) -> 0 | Y12: =SUMIF('[1]Expenes- Delivery Details'!$A:$A,$A12&Y$1,'[1]Expenes- Delivery Details'!$E:$E) -> 0 | Z12: =SUMIF('[1]Expenes- Delivery Details'!$A:$A,$A12&Z$1,'[1]Expenes- Delivery Details'!$E:$E) -> 0 | AA12: =SUMIF('[1]Expenes- Delivery Details'!$A:$A,$A12&AA$1,'[1]Expenes- Delivery Details'!$E:$E) -> 0 | AC12: =SUM(V12:AB12)-AF12 -> 234.5 | AD12: =SUMIF('[1]Expenes- Delivery Details'!$B:$B,$A12&AD$1,'[1]Expenes- Delivery Details'!$E:$E) -> 0 | AE12: =SUMIF('[1]Expenes- Delivery Details'!$B:$B,$A12&AE$1,'[1]Expenes- Delivery Details'!$E:$E) -> 0 | AF12: =SUMIF('[1]Expenes- Delivery Details'!$B:$B,$A12&AF$1,'[1]Expenes- Delivery Details'!$E:$E) -> 0 | AG12: =SUMIF('[1]Expenes- Delivery Details'!$B:$B,$A12&AG$1,'[1]Expenes- Delivery Details'!$E:$E) -> 85 | AL12: =U12+AD12+AK12+AE12+AB12 -> 319.5 | AM12: =R12-AL12 -> -308.9
A13: 46215 | B13: =VLOOKUP($A:$A,'[1]July26- Sales'!$A:$AA,3,0) -> 25.2 | C13: =VLOOKUP($A:$A,'[1]July26- Sales'!$A:$AQ,30,0) -> 94.4 | D13: =VLOOKUP($A:$A,'[1]July26- Sales'!$A:$AA,15,0) -> 163.5 | E13: =VLOOKUP($A:$A,'[1]July26- Sales'!$A:$AA,12,0) -> 94.4 | F13: =VLOOKUP($A:$A,'[1]July26- Sales'!$A:$AA,11,0) -> 0 | G13: =VLOOKUP($A:$A,'[1]July26- Sales'!$A:$AQ,30,0) -> 94.4 | I13: =VLOOKUP($A:$A,'[1]July26- Sales'!$A:$AA,10,0) -> 0 | J13: =VLOOKUP($A:$A,'[1]July26- Sales'!$A:$AA,9,0) -> 0 | K13: =VLOOKUP($A:$A,'[1]July26- Sales'!$A:$AA,11,0) -> 0 | L13: =VLOOKUP($A:$A,'[1]July26- Sales'!$A:$AA,4,0) -> 0 | M13: =VLOOKUP($A:$A,'[1]July26- Sales'!$A:$AA,5,0) -> 0 | N13: =VLOOKUP($A:$A,'[1]July26- Sales'!$A:$AA,6,0) -> 0 | O13: =VLOOKUP($A:$A,'[1]July26- Sales'!$A:$AA,7,0) -> 0 | P13: =VLOOKUP($A:$A,'[1]July26- Sales'!$A:$AA,8,0) -> 0 | R13: =B13+F13+G13-P13 -> 119.6 | S13: =SUM(B13:D13) -> 283.1 | T13: =R13-S13 -> -163.5 | U13: =(SUMIF('[1]Expenes- Delivery Details'!$C:$C,A:A,'[1]Expenes- Delivery Details'!$E:$E))-AD13-AE13-AF13 -> 800.8 | V13: =SUMIF('[1]Expenes- Delivery Details'!$A:$A,$A13&V$1,'[1]Expenes- Delivery Details'!$E:$E) -> 768.7 | W13: =SUMIF('[1]Expenes- Delivery Details'!$A:$A,$A13&W$1,'[1]Expenes- Delivery Details'!$E:$E) -> 91.1 | X13: =SUMIF('[1]Expenes- Delivery Details'!$A:$A,$A13&X$1,'[1]Expenes- Delivery Details'!$E:$E) -> 0 | Y13: =SUMIF('[1]Expenes- Delivery Details'!$A:$A,$A13&Y$1,'[1]Expenes- Delivery Details'!$E:$E) -> 0 | Z13: =SUMIF('[1]Expenes- Delivery Details'!$A:$A,$A13&Z$1,'[1]Expenes- Delivery Details'!$E:$E) -> 0 | AA13: =SUMIF('[1]Expenes- Delivery Details'!$A:$A,$A13&AA$1,'[1]Expenes- Delivery Details'!$E:$E) -> 0 | AC13: =SUM(V13:AB13)-AF13 -> 859.8 | AD13: =SUMIF('[1]Expenes- Delivery Details'!$B:$B,$A13&AD$1,'[1]Expenes- Delivery Details'!$E:$E) -> 100 | AE13: =SUMIF('[1]Expenes- Delivery Details'!$B:$B,$A13&AE$1,'[1]Expenes- Delivery Details'!$E:$E) -> 0 | AF13: =SUMIF('[1]Expenes- Delivery Details'!$B:$B,$A13&AF$1,'[1]Expenes- Delivery Details'!$E:$E) -> 0 | AG13: =SUMIF('[1]Expenes- Delivery Details'!$B:$B,$A13&AG$1,'[1]Expenes- Delivery Details'!$E:$E) -> 168.7 | AL13: =U13+AD13+AK13+AE13+AB13 -> 900.8 | AM13: =R13-AL13 -> -781.2
A14: 46216 | B14: =VLOOKUP($A:$A,'[1]July26- Sales'!$A:$AA,3,0) -> 117.2 | C14: =VLOOKUP($A:$A,'[1]July26- Sales'!$A:$AQ,30,0) -> 191.8 | D14: =VLOOKUP($A:$A,'[1]July26- Sales'!$A:$AA,15,0) -> 1101.7 | E14: =VLOOKUP($A:$A,'[1]July26- Sales'!$A:$AA,12,0) -> 138.3 | F14: =VLOOKUP($A:$A,'[1]July26- Sales'!$A:$AA,11,0) -> 0 | G14: =VLOOKUP($A:$A,'[1]July26- Sales'!$A:$AQ,30,0) -> 191.8 | I14: =VLOOKUP($A:$A,'[1]July26- Sales'!$A:$AA,10,0) -> 0 | J14: =VLOOKUP($A:$A,'[1]July26- Sales'!$A:$AA,9,0) -> 0 | K14: =VLOOKUP($A:$A,'[1]July26- Sales'!$A:$AA,11,0) -> 0 | L14: =VLOOKUP($A:$A,'[1]July26- Sales'!$A:$AA,4,0) -> 0 | M14: =VLOOKUP($A:$A,'[1]July26- Sales'!$A:$AA,5,0) -> 0 | N14: =VLOOKUP($A:$A,'[1]July26- Sales'!$A:$AA,6,0) -> 0 | O14: =VLOOKUP($A:$A,'[1]July26- Sales'!$A:$AA,7,0) -> 0 | P14: =VLOOKUP($A:$A,'[1]July26- Sales'!$A:$AA,8,0) -> 0 | R14: =B14+F14+G14-P14 -> 309 | S14: =SUM(B14:D14) -> 1410.7 | T14: =R14-S14 -> -1101.7 | U14: =(SUMIF('[1]Expenes- Delivery Details'!$C:$C,A:A,'[1]Expenes- Delivery Details'!$E:$E))-AD14-AE14-AF14 -> 345.59 | V14: =SUMIF('[1]Expenes- Delivery Details'!$A:$A,$A14&V$1,'[1]Expenes- Delivery Details'!$E:$E) -> 0 | W14: =SUMIF('[1]Expenes- Delivery Details'!$A:$A,$A14&W$1,'[1]Expenes- Delivery Details'!$E:$E) -> 345.59 | X14: =SUMIF('[1]Expenes- Delivery Details'!$A:$A,$A14&X$1,'[1]Expenes- Delivery Details'!$E:$E) -> 0 | Y14: =SUMIF('[1]Expenes- Delivery Details'!$A:$A,$A14&Y$1,'[1]Expenes- Delivery Details'!$E:$E) -> 0 | Z14: =SUMIF('[1]Expenes- Delivery Details'!$A:$A,$A14&Z$1,'[1]Expenes- Delivery Details'!$E:$E) -> 0 | AA14: =SUMIF('[1]Expenes- Delivery Details'!$A:$A,$A14&AA$1,'[1]Expenes- Delivery Details'!$E:$E) -> 0 | AC14: =SUM(V14:AB14)-AF14 -> 345.59 | AD14: =SUMIF('[1]Expenes- Delivery Details'!$B:$B,$A14&AD$1,'[1]Expenes- Delivery Details'!$E:$E) -> 0 | AE14: =SUMIF('[1]Expenes- Delivery Details'!$B:$B,$A14&AE$1,'[1]Expenes- Delivery Details'!$E:$E) -> 0 | AF14: =SUMIF('[1]Expenes- Delivery Details'!$B:$B,$A14&AF$1,'[1]Expenes- Delivery Details'!$E:$E) -> 0 | AG14: =SUMIF('[1]Expenes- Delivery Details'!$B:$B,$A14&AG$1,'[1]Expenes- Delivery Details'!$E:$E) -> 0 | AL14: =U14+AD14+AK14+AE14+AB14 -> 345.59 | AM14: =R14-AL14 -> -36.59
A15: 46217 | B15: =VLOOKUP($A:$A,'[1]July26- Sales'!$A:$AA,3,0) -> 153.2 | C15: =VLOOKUP($A:$A,'[1]July26- Sales'!$A:$AQ,30,0) -> 199 | D15: =VLOOKUP($A:$A,'[1]July26- Sales'!$A:$AA,15,0) -> 1160 | E15: =VLOOKUP($A:$A,'[1]July26- Sales'!$A:$AA,12,0) -> 122 | F15: =VLOOKUP($A:$A,'[1]July26- Sales'!$A:$AA,11,0) -> 0 | G15: =VLOOKUP($A:$A,'[1]July26- Sales'!$A:$AQ,30,0) -> 199 | I15: =VLOOKUP($A:$A,'[1]July26- Sales'!$A:$AA,10,0) -> 0 | J15: =VLOOKUP($A:$A,'[1]July26- Sales'!$A:$AA,9,0) -> 0 | K15: =VLOOKUP($A:$A,'[1]July26- Sales'!$A:$AA,11,0) -> 0 | L15: =VLOOKUP($A:$A,'[1]July26- Sales'!$A:$AA,4,0) -> 0 | M15: =VLOOKUP($A:$A,'[1]July26- Sales'!$A:$AA,5,0) -> 0 | N15: =VLOOKUP($A:$A,'[1]July26- Sales'!$A:$AA,6,0) -> 0 | O15: =VLOOKUP($A:$A,'[1]July26- Sales'!$A:$AA,7,0) -> 0 | P15: =VLOOKUP($A:$A,'[1]July26- Sales'!$A:$AA,8,0) -> 0 | R15: =B15+F15+G15-P15 -> 352.2 | S15: =SUM(B15:D15) -> 1512.2 | T15: =R15-S15 -> -1160 | U15: =(SUMIF('[1]Expenes- Delivery Details'!$C:$C,A:A,'[1]Expenes- Delivery Details'!$E:$E))-AD15-AE15-AF15 -> 149.29 | V15: =SUMIF('[1]Expenes- Delivery Details'!$A:$A,$A15&V$1,'[1]Expenes- Delivery Details'!$E:$E) -> 0 | W15: =SUMIF('[1]Expenes- Delivery Details'!$A:$A,$A15&W$1,'[1]Expenes- Delivery Details'!$E:$E) -> 118.49 | X15: =SUMIF('[1]Expenes- Delivery Details'!$A:$A,$A15&X$1,'[1]Expenes- Delivery Details'!$E:$E) -> 0 | Y15: =SUMIF('[1]Expenes- Delivery Details'!$A:$A,$A15&Y$1,'[1]Expenes- Delivery Details'!$E:$E) -> 0 | Z15: =SUMIF('[1]Expenes- Delivery Details'!$A:$A,$A15&Z$1,'[1]Expenes- Delivery Details'!$E:$E) -> 16 | AA15: =SUMIF('[1]Expenes- Delivery Details'!$A:$A,$A15&AA$1,'[1]Expenes- Delivery Details'!$E:$E) -> 0 | AC15: =SUM(V15:AB15)-AF15 -> 134.49 | AD15: =SUMIF('[1]Expenes- Delivery Details'!$B:$B,$A15&AD$1,'[1]Expenes- Delivery Details'!$E:$E) -> 0 | AE15: =SUMIF('[1]Expenes- Delivery Details'!$B:$B,$A15&AE$1,'[1]Expenes- Delivery Details'!$E:$E) -> 0 | AF15: =SUMIF('[1]Expenes- Delivery Details'!$B:$B,$A15&AF$1,'[1]Expenes- Delivery Details'!$E:$E) -> 0 | AG15: =SUMIF('[1]Expenes- Delivery Details'!$B:$B,$A15&AG$1,'[1]Expenes- Delivery Details'!$E:$E) -> 0 | AL15: =U15+AD15+AK15+AE15+AB15 -> 149.29 | AM15: =R15-AL15 -> 202.91
A16: 46218 | B16: =VLOOKUP($A:$A,'[1]July26- Sales'!$A:$AA,3,0) -> 154.9 | C16: =VLOOKUP($A:$A,'[1]July26- Sales'!$A:$AQ,30,0) -> 174.3 | D16: =VLOOKUP($A:$A,'[1]July26- Sales'!$A:$AA,15,0) -> 968.8 | E16: =VLOOKUP($A:$A,'[1]July26- Sales'!$A:$AA,12,0) -> 60 | F16: =VLOOKUP($A:$A,'[1]July26- Sales'!$A:$AA,11,0) -> 0 | G16: =VLOOKUP($A:$A,'[1]July26- Sales'!$A:$AQ,30,0) -> 174.3 | I16: =VLOOKUP($A:$A,'[1]July26- Sales'!$A:$AA,10,0) -> 0 | J16: =VLOOKUP($A:$A,'[1]July26- Sales'!$A:$AA,9,0) -> 0 | K16: =VLOOKUP($A:$A,'[1]July26- Sales'!$A:$AA,11,0) -> 0 | L16: =VLOOKUP($A:$A,'[1]July26- Sales'!$A:$AA,4,0) -> 0 | M16: =VLOOKUP($A:$A,'[1]July26- Sales'!$A:$AA,5,0) -> 0 | N16: =VLOOKUP($A:$A,'[1]July26- Sales'!$A:$AA,6,0) -> 0 | O16: =VLOOKUP($A:$A,'[1]July26- Sales'!$A:$AA,7,0) -> 0 | P16: =VLOOKUP($A:$A,'[1]July26- Sales'!$A:$AA,8,0) -> 0 | R16: =B16+F16+G16-P16 -> 329.2 | S16: =SUM(B16:D16) -> 1298 | T16: =R16-S16 -> -968.8 | U16: =(SUMIF('[1]Expenes- Delivery Details'!$C:$C,A:A,'[1]Expenes- Delivery Details'!$E:$E))-AD16-AE16-AF16 -> 879.7 | V16: =SUMIF('[1]Expenes- Delivery Details'!$A:$A,$A16&V$1,'[1]Expenes- Delivery Details'!$E:$E) -> 272.5 | W16: =SUMIF('[1]Expenes- Delivery Details'!$A:$A,$A16&W$1,'[1]Expenes- Delivery Details'!$E:$E) -> 47.5 | X16: =SUMIF('[1]Expenes- Delivery Details'!$A:$A,$A16&X$1,'[1]Expenes- Delivery Details'!$E:$E) -> 0 | Y16: =SUMIF('[1]Expenes- Delivery Details'!$A:$A,$A16&Y$1,'[1]Expenes- Delivery Details'!$E:$E) -> 0 | Z16: =SUMIF('[1]Expenes- Delivery Details'!$A:$A,$A16&Z$1,'[1]Expenes- Delivery Details'!$E:$E) -> 559.7 | AA16: =SUMIF('[1]Expenes- Delivery Details'!$A:$A,$A16&AA$1,'[1]Expenes- Delivery Details'!$E:$E) -> 0 | AC16: =SUM(V16:AB16)-AF16 -> 879.7 | AD16: =SUMIF('[1]Expenes- Delivery Details'!$B:$B,$A16&AD$1,'[1]Expenes- Delivery Details'!$E:$E) -> 0 | AE16: =SUMIF('[1]Expenes- Delivery Details'!$B:$B,$A16&AE$1,'[1]Expenes- Delivery Details'!$E:$E) -> 0 | AF16: =SUMIF('[1]Expenes- Delivery Details'!$B:$B,$A16&AF$1,'[1]Expenes- Delivery Details'!$E:$E) -> 0 | AG16: =SUMIF('[1]Expenes- Delivery Details'!$B:$B,$A16&AG$1,'[1]Expenes- Delivery Details'!$E:$E) -> 272.5 | AL16: =U16+AD16+AK16+AE16+AB16 -> 879.7 | AM16: =R16-AL16 -> -550.5
A17: 46219 | B17: =VLOOKUP($A:$A,'[1]July26- Sales'!$A:$AA,3,0) -> 119 | C17: =VLOOKUP($A:$A,'[1]July26- Sales'!$A:$AQ,30,0) -> 244.7 | D17: =VLOOKUP($A:$A,'[1]July26- Sales'!$A:$AA,15,0) -> 1009.9 | E17: =VLOOKUP($A:$A,'[1]July26- Sales'!$A:$AA,12,0) -> 74 | F17: =VLOOKUP($A:$A,'[1]July26- Sales'!$A:$AA,11,0) -> 0 | G17: =VLOOKUP($A:$A,'[1]July26- Sales'!$A:$AQ,30,0) -> 244.7 | I17: =VLOOKUP($A:$A,'[1]July26- Sales'!$A:$AA,10,0) -> 0 | J17: =VLOOKUP($A:$A,'[1]July26- Sales'!$A:$AA,9,0) -> 0 | K17: =VLOOKUP($A:$A,'[1]July26- Sales'!$A:$AA,11,0) -> 0 | L17: =VLOOKUP($A:$A,'[1]July26- Sales'!$A:$AA,4,0) -> 0 | M17: =VLOOKUP($A:$A,'[1]July26- Sales'!$A:$AA,5,0) -> 0 | N17: =VLOOKUP($A:$A,'[1]July26- Sales'!$A:$AA,6,0) -> 0 | O17: =VLOOKUP($A:$A,'[1]July26- Sales'!$A:$AA,7,0) -> 0 | P17: =VLOOKUP($A:$A,'[1]July26- Sales'!$A:$AA,8,0) -> 0 | R17: =B17+F17+G17-P17 -> 363.7 | S17: =SUM(B17:D17) -> 1373.6 | T17: =R17-S17 -> -1009.9 | U17: =(SUMIF('[1]Expenes- Delivery Details'!$C:$C,A:A,'[1]Expenes- Delivery Details'!$E:$E))-AD17-AE17-AF17 -> 674.13 | V17: =SUMIF('[1]Expenes- Delivery Details'!$A:$A,$A17&V$1,'[1]Expenes- Delivery Details'!$E:$E) -> 3780 | W17: =SUMIF('[1]Expenes- Delivery Details'!$A:$A,$A17&W$1,'[1]Expenes- Delivery Details'!$E:$E) -> 104.79 | X17: =SUMIF('[1]Expenes- Delivery Details'!$A:$A,$A17&X$1,'[1]Expenes- Delivery Details'!$E:$E) -> 0 | Y17: =SUMIF('[1]Expenes- Delivery Details'!$A:$A,$A17&Y$1,'[1]Expenes- Delivery Details'!$E:$E) -> 0 | Z17: =SUMIF('[1]Expenes- Delivery Details'!$A:$A,$A17&Z$1,'[1]Expenes- Delivery Details'!$E:$E) -> 389.34 | AA17: =SUMIF('[1]Expenes- Delivery Details'!$A:$A,$A17&AA$1,'[1]Expenes- Delivery Details'!$E:$E) -> 0 | AC17: =SUM(V17:AB17)-AF17 -> 674.13 | AD17: =SUMIF('[1]Expenes- Delivery Details'!$B:$B,$A17&AD$1,'[1]Expenes- Delivery Details'!$E:$E) -> 0 | AE17: =SUMIF('[1]Expenes- Delivery Details'!$B:$B,$A17&AE$1,'[1]Expenes- Delivery Details'!$E:$E) -> 0 | AF17: =SUMIF('[1]Expenes- Delivery Details'!$B:$B,$A17&AF$1,'[1]Expenes- Delivery Details'!$E:$E) -> 3600 | AG17: =SUMIF('[1]Expenes- Delivery Details'!$B:$B,$A17&AG$1,'[1]Expenes- Delivery Details'!$E:$E) -> 180 | AL17: =U17+AD17+AK17+AE17+AB17 -> 674.13 | AM17: =R17-AL17 -> -310.43
A18: 46220 | B18: =VLOOKUP($A:$A,'[1]July26- Sales'!$A:$AA,3,0) -> 98.8 | C18: =VLOOKUP($A:$A,'[1]July26- Sales'!$A:$AQ,30,0) -> 810.1 | D18: =VLOOKUP($A:$A,'[1]July26- Sales'!$A:$AA,15,0) -> 1130.2 | E18: =VLOOKUP($A:$A,'[1]July26- Sales'!$A:$AA,12,0) -> 810.1 | F18: =VLOOKUP($A:$A,'[1]July26- Sales'!$A:$AA,11,0) -> 0 | G18: =VLOOKUP($A:$A,'[1]July26- Sales'!$A:$AQ,30,0) -> 810.1 | I18: =VLOOKUP($A:$A,'[1]July26- Sales'!$A:$AA,10,0) -> 0 | J18: =VLOOKUP($A:$A,'[1]July26- Sales'!$A:$AA,9,0) -> 0 | K18: =VLOOKUP($A:$A,'[1]July26- Sales'!$A:$AA,11,0) -> 0 | L18: =VLOOKUP($A:$A,'[1]July26- Sales'!$A:$AA,4,0) -> 0 | M18: =VLOOKUP($A:$A,'[1]July26- Sales'!$A:$AA,5,0) -> 0 | N18: =VLOOKUP($A:$A,'[1]July26- Sales'!$A:$AA,6,0) -> 0 | O18: =VLOOKUP($A:$A,'[1]July26- Sales'!$A:$AA,7,0) -> 0 | P18: =VLOOKUP($A:$A,'[1]July26- Sales'!$A:$AA,8,0) -> 0 | R18: =B18+F18+G18-P18 -> 908.9 | S18: =SUM(B18:D18) -> 2039.1 | T18: =R18-S18 -> -1130.2 | U18: =(SUMIF('[1]Expenes- Delivery Details'!$C:$C,A:A,'[1]Expenes- Delivery Details'!$E:$E))-AD18-AE18-AF18 -> 444.88 | V18: =SUMIF('[1]Expenes- Delivery Details'!$A:$A,$A18&V$1,'[1]Expenes- Delivery Details'!$E:$E) -> 0 | W18: =SUMIF('[1]Expenes- Delivery Details'!$A:$A,$A18&W$1,'[1]Expenes- Delivery Details'!$E:$E) -> 444.88 | X18: =SUMIF('[1]Expenes- Delivery Details'!$A:$A,$A18&X$1,'[1]Expenes- Delivery Details'!$E:$E) -> 0 | Y18: =SUMIF('[1]Expenes- Delivery Details'!$A:$A,$A18&Y$1,'[1]Expenes- Delivery Details'!$E:$E) -> 0 | Z18: =SUMIF('[1]Expenes- Delivery Details'!$A:$A,$A18&Z$1,'[1]Expenes- Delivery Details'!$E:$E) -> 0 | AA18: =SUMIF('[1]Expenes- Delivery Details'!$A:$A,$A18&AA$1,'[1]Expenes- Delivery Details'!$E:$E) -> 0 | AC18: =SUM(V18:AB18)-AF18 -> 444.88 | AD18: =SUMIF('[1]Expenes- Delivery Details'!$B:$B,$A18&AD$1,'[1]Expenes- Delivery Details'!$E:$E) -> 0 | AE18: =SUMIF('[1]Expenes- Delivery Details'!$B:$B,$A18&AE$1,'[1]Expenes- Delivery Details'!$E:$E) -> 0 | AF18: =SUMIF('[1]Expenes- Delivery Details'!$B:$B,$A18&AF$1,'[1]Expenes- Delivery Details'!$E:$E) -> 0 | AG18: =SUMIF('[1]Expenes- Delivery Details'!$B:$B,$A18&AG$1,'[1]Expenes- Delivery Details'!$E:$E) -> 0 | AL18: =U18+AD18+AK18+AE18+AB18 -> 444.88 | AM18: =R18-AL18 -> 464.02
A19: 46221 | B19: =VLOOKUP($A:$A,'[1]July26- Sales'!$A:$AA,3,0) -> 20 | C19: =VLOOKUP($A:$A,'[1]July26- Sales'!$A:$AQ,30,0) -> 44.1 | D19: =VLOOKUP($A:$A,'[1]July26- Sales'!$A:$AA,15,0) -> 104.4 | E19: =VLOOKUP($A:$A,'[1]July26- Sales'!$A:$AA,12,0) -> 44.1 | F19: =VLOOKUP($A:$A,'[1]July26- Sales'!$A:$AA,11,0) -> 0 | G19: =VLOOKUP($A:$A,'[1]July26- Sales'!$A:$AQ,30,0) -> 44.1 | I19: =VLOOKUP($A:$A,'[1]July26- Sales'!$A:$AA,10,0) -> 0 | J19: =VLOOKUP($A:$A,'[1]July26- Sales'!$A:$AA,9,0) -> 0 | K19: =VLOOKUP($A:$A,'[1]July26- Sales'!$A:$AA,11,0) -> 0 | L19: =VLOOKUP($A:$A,'[1]July26- Sales'!$A:$AA,4,0) -> 0 | M19: =VLOOKUP($A:$A,'[1]July26- Sales'!$A:$AA,5,0) -> 0 | N19: =VLOOKUP($A:$A,'[1]July26- Sales'!$A:$AA,6,0) -> 0 | O19: =VLOOKUP($A:$A,'[1]July26- Sales'!$A:$AA,7,0) -> 0 | P19: =VLOOKUP($A:$A,'[1]July26- Sales'!$A:$AA,8,0) -> 0 | R19: =B19+F19+G19-P19 -> 64.1 | S19: =SUM(B19:D19) -> 168.5 | T19: =R19-S19 -> -104.4 | U19: =(SUMIF('[1]Expenes- Delivery Details'!$C:$C,A:A,'[1]Expenes- Delivery Details'!$E:$E))-AD19-AE19-AF19 -> 218 | V19: =SUMIF('[1]Expenes- Delivery Details'!$A:$A,$A19&V$1,'[1]Expenes- Delivery Details'!$E:$E) -> 0 | W19: =SUMIF('[1]Expenes- Delivery Details'!$A:$A,$A19&W$1,'[1]Expenes- Delivery Details'!$E:$E) -> 0 | X19: =SUMIF('[1]Expenes- Delivery Details'!$A:$A,$A19&X$1,'[1]Expenes- Delivery Details'!$E:$E) -> 0 | Y19: =SUMIF('[1]Expenes- Delivery Details'!$A:$A,$A19&Y$1,'[1]Expenes- Delivery Details'!$E:$E) -> 0 | Z19: =SUMIF('[1]Expenes- Delivery Details'!$A:$A,$A19&Z$1,'[1]Expenes- Delivery Details'!$E:$E) -> 218 | AA19: =SUMIF('[1]Expenes- Delivery Details'!$A:$A,$A19&AA$1,'[1]Expenes- Delivery Details'!$E:$E) -> 0 | AC19: =SUM(V19:AB19)-AF19 -> 218 | AD19: =SUMIF('[1]Expenes- Delivery Details'!$B:$B,$A19&AD$1,'[1]Expenes- Delivery Details'!$E:$E) -> 0 | AE19: =SUMIF('[1]Expenes- Delivery Details'!$B:$B,$A19&AE$1,'[1]Expenes- Delivery Details'!$E:$E) -> 0 | AF19: =SUMIF('[1]Expenes- Delivery Details'!$B:$B,$A19&AF$1,'[1]Expenes- Delivery Details'!$E:$E) -> 0 | AG19: =SUMIF('[1]Expenes- Delivery Details'!$B:$B,$A19&AG$1,'[1]Expenes- Delivery Details'!$E:$E) -> 0 | AL19: =U19+AD19+AK19+AE19+AB19 -> 218 | AM19: =R19-AL19 -> -153.9
... A32: 46234 | B32: =VLOOKUP($A:$A,'[1]July26- Sales'!$A:$AA,3,0) -> 176.8 | C32: =VLOOKUP($A:$A,'[1]July26- Sales'!$A:$AQ,30,0) -> 0 | D32: =VLOOKUP($A:$A,'[1]July26- Sales'!$A:$AA,15,0) -> 453.9 | E32: =VLOOKUP($A:$A,'[1]July26- Sales'!$A:$AA,12,0) -> 0 | F32: =VLOOKUP($A:$A,'[1]July26- Sales'!$A:$AA,11,0) -> 0 | G32: =VLOOKUP($A:$A,'[1]July26- Sales'!$A:$AQ,30,0) -> 0 | I32: =VLOOKUP($A:$A,'[1]July26- Sales'!$A:$AA,10,0) -> 51.2 | J32: =VLOOKUP($A:$A,'[1]July26- Sales'!$A:$AA,9,0) -> 0 | K32: =VLOOKUP($A:$A,'[1]July26- Sales'!$A:$AA,11,0) -> 0 | L32: =VLOOKUP($A:$A,'[1]July26- Sales'!$A:$AA,4,0) -> 65.7 | M32: =VLOOKUP($A:$A,'[1]July26- Sales'!$A:$AA,5,0) -> 0 | N32: =VLOOKUP($A:$A,'[1]July26- Sales'!$A:$AA,6,0) -> 0 | O32: =VLOOKUP($A:$A,'[1]July26- Sales'!$A:$AA,7,0) -> 1816.6 | P32: =VLOOKUP($A:$A,'[1]July26- Sales'!$A:$AA,8,0) -> 529.4 | R32: =B32+F32+G32-P32 -> -352.6 | S32: =SUM(B32:D32) -> 630.7 | T32: =R32-S32 -> -983.3 | U32: =(SUMIF('[1]Expenes- Delivery Details'!$C:$C,A:A,'[1]Expenes- Delivery Details'!$E:$E))-AD32-AE32-AF32 -> 2835.88 | V32: =SUMIF('[1]Expenes- Delivery Details'!$A:$A,$A32&V$1,'[1]Expenes- Delivery Details'!$E:$E) -> 0 | W32: =SUMIF('[1]Expenes- Delivery Details'!$A:$A,$A32&W$1,'[1]Expenes- Delivery Details'!$E:$E) -> 74.12 | X32: =SUMIF('[1]Expenes- Delivery Details'!$A:$A,$A32&X$1,'[1]Expenes- Delivery Details'!$E:$E) -> 0 | Y32: =SUMIF('[1]Expenes- Delivery Details'!$A:$A,$A32&Y$1,'[1]Expenes- Delivery Details'!$E:$E) -> 0 | Z32: =SUMIF('[1]Expenes- Delivery Details'!$A:$A,$A32&Z$1,'[1]Expenes- Delivery Details'!$E:$E) -> 1156.36 | AA32: =SUMIF('[1]Expenes- Delivery Details'!$A:$A,$A32&AA$1,'[1]Expenes- Delivery Details'!$E:$E) -> 0 | AC32: =SUM(V32:AB32)-AF32 -> 1230.48 | AD32: =SUMIF('[1]Expenes- Delivery Details'!$B:$B,$A32&AD$1,'[1]Expenes- Delivery Details'!$E:$E) -> 0 | AE32: =SUMIF('[1]Expenes- Delivery Details'!$B:$B,$A32&AE$1,'[1]Expenes- Delivery Details'!$E:$E) -> 0 | AF32: =SUMIF('[1]Expenes- Delivery Details'!$B:$B,$A32&AF$1,'[1]Expenes- Delivery Details'!$E:$E) -> 0 | AG32: =SUMIF('[1]Expenes- Delivery Details'!$B:$B,$A32&AG$1,'[1]Expenes- Delivery Details'!$E:$E) -> 0 | AL32: =U32+AD32+AK32+AE32+AB32 -> 2835.88 | AM32: =R32-AL32 -> -3188.48
A33: Total | B33: =SUM(B2:B32) -> 2808.2 | C33: =SUM(C2:C32) -> 5428.1 | D33: =SUM(D2:D32) -> 21763.78 | E33: =SUM(E2:E32) -> 3100 | F33: =SUM(F2:F32) -> 10.9 | G33: =SUM(G2:G32) -> 5428.1 | H33: =SUM(H2:H32) -> #N/A | I33: =SUM(I2:I32) -> 83.2 | ... AL33: =SUM(AL2:AL32) -> 30005.96 | AM33: =R33-AL33 -> -23149.86
A34: Service Fee | B34: =B33/100*0 -> 0 | C34: =C33/100*0 -> 0 | D34: =D33/100*0 -> 0 | E34: =E33/100*0 -> 0 | F34: =F33/100*0.7 -> 0.0763 | G34: =G33/100*0.2 -> 10.8562 | H34: =H33/100*37 -> #N/A | I34: =I33/100*37 -> 30.784 | J34: =J33/100*37 -> 5.92 | K34: =K33/100*37 -> 4.033 | L34: =L33/100*2.5 -> 9.7655 | M34: =M33/100*2.5 -> 3.9725 | N34: =N33/100*0 -> 0 | O34: =O33/100*0 -> 0 | P34: =P33/100*0 -> 0 | Q34: =Q33/100*0 -> 0 | R34: =B34+E34+F34+G34-P34 -> 10.9325
A35: Grand Total | B35: =SUM(B33-B34) -> 2808.2 | C35: =SUM(C33-C34) -> 5428.1 | D35: =SUM(D33-D34) -> 21763.78 | E35: =SUM(E33-E34) -> 3100 | F35: =SUM(F33-F34) -> 10.8237 | G35: =SUM(G33-G34) -> 5417.2438 | H35: =SUM(H33-H34) -> #N/A | I35: =SUM(I33-I34) -> 52.416 | ... Q35: =SUM(Q33-Q34) -> 0 | R35: =R33-R34 -> 6845.1675 | S35: =SUM(S33-S34) -> 30000.08 | T35: =SUM(T33-T34) -> -23143.98 | U35: =SUM(U33-U34) -> 19031.58 | V35: =SUM(V33-V34) -> 28830.45 | W35: =SUM(W33-W34) -> 3585.3 | X35: =SUM(X33-X34) -> 0 | Y35: =SUM(Y33-Y34) -> 0 | Z35: =SUM(Z33-Z34) -> 8621.34 | AA35: =SUM(AA33-AA34) -> 0 | AC35: =SUM(AC33-AC34) -> 27037.09 | AD35: =SUM(AD33-AD34) -> 5864 | AE35: =SUM(AE33-AE34) -> 5110.38 | AF35: =SUM(AF33-AF34) -> 14000 | AG35: =SUM(AG33-AG34) -> 786.2 | AH35: =SUM(AH33-AH34) -> 0 | AI35: =SUM(AI33-AI34) -> 0 | AJ35: =SUM(AJ33-AJ34) -> 0 | ... AL35: =SUM(AL33-AL34) -> 30005.96 | AM35: =R35-AL35 -> -23160.793
U36: =U33/R33 -> 2.7758609 | AD36: =AD33/R33 -> 0.85529674 | AE36: =AE33/R33 -> 0.74537711 | AM36: =AM35/R35 -> -3.3835246
U37: 15124 | V37: WITHOUT LOAN AND STAFF EXP | AL37: =GETPIVOTDATA("Amount",'[1]Expenes- Delivery Details'!$J$1) -> #REF! | AM37: =R35-AL37 -> #REF!
U38: =U37/R33 -> 2.2059188
U39: 13736 | V39: WITHOUT BANJARA
U40: =U39/R33 -> 2.0034714

Sheet June26
A1: DATE | B1: CASH | C1: Credit Cards | D1: PayNow-Qashier | E1: OCBC-PayNow | F1: Qashier | G1: Adyen | H1: AMEX | I1: FOOD PANDA | J1: GRAB FOOD | K1: PAYPAL | L1: NETS | M1: CHEQUE | N1: BANJARA SALES | O1: MICS | P1: SALES - Received | Q1: POS SALES | R1: Difference | S1: SUPPLIERS | T1: OCBC Account | U1: Petty Cash | V1: Sowji Cash | W1: Madhav DBS | X1: Un-Paid | Y1: Counter Cash | Z1: Banjara Samosa | AA1: Total Supplies Expenses | AB1: SALARIES | AC1: Rent | AD1: Loan | AE1: Assets | AF1: CPF / LOAN | AG1: SINGTEL / STAR HUB | AH1: MICS | AI1: MICS | AJ1: EXPENSES | AK1: PROFIT
A2: 46174 | B2: =VLOOKUP($A:$A,'[1]June26- Sales'!$A:$Z,3,0) -> 0 | C2: =VLOOKUP($A:$A,'[1]June26- Sales'!$A:$Z,18,0) -> 0 | D2: =VLOOKUP($A:$A,'[1]June26- Sales'!$A:$Z,8,0) -> 0 | E2: =VLOOKUP($A:$A,'[1]June26- Sales'!$A:$Z,12,0) -> 0 | F2: =VLOOKUP($A:$A,'[1]June26- Sales'!$A:$Z,11,0) -> 0 | G2: =VLOOKUP($A:$A,'[1]June26- Sales'!$A:$Z,18,0) -> 0 | H2: =VLOOKUP($A:$A,'[1]June26- Sales'!$A:$Z,18,0) -> 0 | P2: =B2+F2+G2-N2 -> 0 | Q2: =SUM(B2:D2) -> 0 | R2: =P2-Q2 -> 0 | S2: =(SUMIF('[1]Expenes- Delivery Details'!$C:$C,A:A,'[1]Expenes- Delivery Details'!$E:$E))-AB2-AC2-AD2 -> 0 | T2: =SUMIF('[1]Expenes- Delivery Details'!$A:$A,$A2&T$1,'[1]Expenes- Delivery Details'!$E:$E) -> 0 | U2: =SUMIF('[1]Expenes- Delivery Details'!$A:$A,$A2&U$1,'[1]Expenes- Delivery Details'!$E:$E) -> 0 | V2: =SUMIF('[1]Expenes- Delivery Details'!$A:$A,$A2&V$1,'[1]Expenes- Delivery Details'!$E:$E) -> 0 | W2: =SUMIF('[1]Expenes- Delivery Details'!$A:$A,$A2&W$1,'[1]Expenes- Delivery Details'!$E:$E) -> 0 | X2: =SUMIF('[1]Expenes- Delivery Details'!$A:$A,$A2&X$1,'[1]Expenes- Delivery Details'!$E:$E) -> 0 | Y2: =SUMIF('[1]Expenes- Delivery Details'!$A:$A,$A2&Y$1,'[1]Expenes- Delivery Details'!$E:$E) -> 0 | AA2: =SUM(T2:Z2)-AD2 -> 0 | AB2: =SUMIF('[1]Expenes- Delivery Details'!$B:$B,$A2&AB$1,'[1]Expenes- Delivery Details'!$E:$E) -> 0 | AC2: =SUMIF('[1]Expenes- Delivery Details'!$B:$B,$A2&AC$1,'[1]Expenes- Delivery Details'!$E:$E) -> 0 | AD2: =SUMIF('[1]Expenes- Delivery Details'!$B:$B,$A2&AD$1,'[1]Expenes- Delivery Details'!$E:$E) -> 0 | AE2: =SUMIF('[1]Expenes- Delivery Details'!$B:$B,$A2&AE$1,'[1]Expenes- Delivery Details'!$E:$E) -> 0 | AJ2: =S2+AB2+AI2+AC2+Z2 -> 0 | AK2: =P2-AJ2 -> 0
A3: 46175 | B3: =VLOOKUP($A:$A,'[1]June26- Sales'!$A:$Z,3,0) -> 154.5 | C3: =VLOOKUP($A:$A,'[1]June26- Sales'!$A:$Z,18,0) -> 53.1 | D3: =VLOOKUP($A:$A,'[1]June26- Sales'!$A:$Z,8,0) -> 977.1 | E3: =VLOOKUP($A:$A,'[1]June26- Sales'!$A:$Z,12,0) -> 0 | F3: =VLOOKUP($A:$A,'[1]June26- Sales'!$A:$Z,11,0) -> 1036.7 | G3: =VLOOKUP($A:$A,'[1]June26- Sales'!$A:$Z,18,0) -> 53.1 | P3: =B3+F3+G3-N3 -> 1244.3 | Q3: =SUM(B3:D3) -> 1184.7 | R3: =P3-Q3 -> 59.6 | S3: =(SUMIF('[1]Expenes- Delivery Details'!$C:$C,A:A,'[1]Expenes- Delivery Details'!$E:$E))-AB3-AC3-AD3 -> 424.16 | T3: =SUMIF('[1]Expenes- Delivery Details'!$A:$A,$A3&T$1,'[1]Expenes- Delivery Details'!$E:$E) -> 10726.98 | U3: =SUMIF('[1]Expenes- Delivery Details'!$A:$A,$A3&U$1,'[1]Expenes- Delivery Details'!$E:$E) -> 148.34 | V3: =SUMIF('[1]Expenes- Delivery Details'!$A:$A,$A3&V$1,'[1]Expenes- Delivery Details'!$E:$E) -> 0 | W3: =SUMIF('[1]Expenes- Delivery Details'!$A:$A,$A3&W$1,'[1]Expenes- Delivery Details'!$E:$E) -> 0 | X3: =SUMIF('[1]Expenes- Delivery Details'!$A:$A,$A3&X$1,'[1]Expenes- Delivery Details'!$E:$E) -> 0 | Y3: =SUMIF('[1]Expenes- Delivery Details'!$A:$A,$A3&Y$1,'[1]Expenes- Delivery Details'!$E:$E) -> 0 | AA3: =SUM(T3:Z3)-AD3 -> 10875.32 | AB3: =SUMIF('[1]Expenes- Delivery Details'!$B:$B,$A3&AB$1,'[1]Expenes- Delivery Details'!$E:$E) -> 5400 | AC3: =SUMIF('[1]Expenes- Delivery Details'!$B:$B,$A3&AC$1,'[1]Expenes- Delivery Details'!$E:$E) -> 5051.16 | AD3: =SUMIF('[1]Expenes- Delivery Details'!$B:$B,$A3&AD$1,'[1]Expenes- Delivery Details'!$E:$E) -> 0 | AE3: =SUMIF('[1]Expenes- Delivery Details'!$B:$B,$A3&AE$1,'[1]Expenes- Delivery Details'!$E:$E) -> 0 | AJ3: =S3+AB3+AI3+AC3+Z3 -> 10875.32 | AK3: =P3-AJ3 -> -9631.02 | AQ3: OCBC Account
A4: 46176 | B4: =VLOOKUP($A:$A,'[1]June26- Sales'!$A:$Z,3,0) -> 238.1 | C4: =VLOOKUP($A:$A,'[1]June26- Sales'!$A:$Z,18,0) -> 225.3 | D4: =VLOOKUP($A:$A,'[1]June26- Sales'!$A:$Z,8,0) -> 983.7 | E4: =VLOOKUP($A:$A,'[1]June26- Sales'!$A:$Z,12,0) -> 0 | F4: =VLOOKUP($A:$A,'[1]June26- Sales'!$A:$Z,11,0) -> 1065.75 | G4: =VLOOKUP($A:$A,'[1]June26- Sales'!$A:$Z,18,0) -> 225.3 | P4: =B4+F4+G4-N4 -> 1529.15 | Q4: =SUM(B4:D4) -> 1447.1 | R4: =P4-Q4 -> 82.05 | S4: =(SUMIF('[1]Expenes- Delivery Details'!$C:$C,A:A,'[1]Expenes- Delivery Details'!$E:$E))-AB4-AC4-AD4 -> 541.95 | T4: =SUMIF('[1]Expenes- Delivery Details'!$A:$A,$A4&T$1,'[1]Expenes- Delivery Details'!$E:$E) -> 3111.62 | U4: =SUMIF('[1]Expenes- Delivery Details'!$A:$A,$A4&U$1,'[1]Expenes- Delivery Details'!$E:$E) -> 330.33 | V4: =SUMIF('[1]Expenes- Delivery Details'!$A:$A,$A4&V$1,'[1]Expenes- Delivery Details'!$E:$E) -> 0 | W4: =SUMIF('[1]Expenes- Delivery Details'!$A:$A,$A4&W$1,'[1]Expenes- Delivery Details'!$E:$E) -> 0 | X4: =SUMIF('[1]Expenes- Delivery Details'!$A:$A,$A4&X$1,'[1]Expenes- Delivery Details'!$E:$E) -> 0 | Y4: =SUMIF('[1]Expenes- Delivery Details'!$A:$A,$A4&Y$1,'[1]Expenes- Delivery Details'!$E:$E) -> 0 | AA4: =SUM(T4:Z4)-AD4 -> 1441.95 | AB4: =SUMIF('[1]Expenes- Delivery Details'!$B:$B,$A4&AB$1,'[1]Expenes- Delivery Details'!$E:$E) -> 900 | AC4: =SUMIF('[1]Expenes- Delivery Details'!$B:$B,$A4&AC$1,'[1]Expenes- Delivery Details'!$E:$E) -> 0 | AD4: =SUMIF('[1]Expenes- Delivery Details'!$B:$B,$A4&AD$1,'[1]Expenes- Delivery Details'!$E:$E) -> 2000 | AE4: =SUMIF('[1]Expenes- Delivery Details'!$B:$B,$A4&AE$1,'[1]Expenes- Delivery Details'!$E:$E) -> 100 | AJ4: =S4+AB4+AI4+AC4+Z4 -> 1441.95 | AK4: =P4-AJ4 -> 87.2 | AQ4: Petty Cash
A5: 46177 | B5: =VLOOKUP($A:$A,'[1]June26- Sales'!$A:$Z,3,0) -> 174.8 | C5: =VLOOKUP($A:$A,'[1]June26- Sales'!$A:$Z,18,0) -> 208 | D5: =VLOOKUP($A:$A,'[1]June26- Sales'!$A:$Z,8,0) -> 844.6 | E5: =VLOOKUP($A:$A,'[1]June26- Sales'!$A:$Z,12,0) -> 0 | F5: =VLOOKUP($A:$A,'[1]June26- Sales'!$A:$Z,11,0) -> 899.49 | G5: =VLOOKUP($A:$A,'[1]June26- Sales'!$A:$Z,18,0) -> 208 | P5: =B5+F5+G5-N5 -> 1282.29 | Q5: =SUM(B5:D5) -> 1227.4 | R5: =P5-Q5 -> 54.89 | S5: =(SUMIF('[1]Expenes- Delivery Details'!$C:$C,A:A,'[1]Expenes- Delivery Details'!$E:$E))-AB5-AC5-AD5 -> 177.19 | T5: =SUMIF('[1]Expenes- Delivery Details'!$A:$A,$A5&T$1,'[1]Expenes- Delivery Details'!$E:$E) -> 10 | U5: =SUMIF('[1]Expenes- Delivery Details'!$A:$A,$A5&U$1,'[1]Expenes- Delivery Details'!$E:$E) -> 167.19 | V5: =SUMIF('[1]Expenes- Delivery Details'!$A:$A,$A5&V$1,'[1]Expenes- Delivery Details'!$E:$E) -> 0 | W5: =SUMIF('[1]Expenes- Delivery Details'!$A:$A,$A5&W$1,'[1]Expenes- Delivery Details'!$E:$E) -> 0 | X5: =SUMIF('[1]Expenes- Delivery Details'!$A:$A,$A5&X$1,'[1]Expenes- Delivery Details'!$E:$E) -> 0 | Y5: =SUMIF('[1]Expenes- Delivery Details'!$A:$A,$A5&Y$1,'[1]Expenes- Delivery Details'!$E:$E) -> 0 | AA5: =SUM(T5:Z5)-AD5 -> 177.19 | AB5: =SUMIF('[1]Expenes- Delivery Details'!$B:$B,$A5&AB$1,'[1]Expenes- Delivery Details'!$E:$E) -> 0 | AC5: =SUMIF('[1]Expenes- Delivery Details'!$B:$B,$A5&AC$1,'[1]Expenes- Delivery Details'!$E:$E) -> 0 | AD5: =SUMIF('[1]Expenes- Delivery Details'!$B:$B,$A5&AD$1,'[1]Expenes- Delivery Details'!$E:$E) -> 0 | AE5: =SUMIF('[1]Expenes- Delivery Details'!$B:$B,$A5&AE$1,'[1]Expenes- Delivery Details'!$E:$E) -> 0 | AJ5: =S5+AB5+AI5+AC5+Z5 -> 177.19 | AK5: =P5-AJ5 -> 1105.1 | AQ5: Sowji Cash
A6: 46178 | B6: =VLOOKUP($A:$A,'[1]June26- Sales'!$A:$Z,3,0) -> 176.2 | C6: =VLOOKUP($A:$A,'[1]June26- Sales'!$A:$Z,18,0) -> 623.9 | D6: =VLOOKUP($A:$A,'[1]June26- Sales'!$A:$Z,8,0) -> 1256.8 | E6: =VLOOKUP($A:$A,'[1]June26- Sales'!$A:$Z,12,0) -> 0 | F6: =VLOOKUP($A:$A,'[1]June26- Sales'!$A:$Z,11,0) -> 1407.25 | G6: =VLOOKUP($A:$A,'[1]June26- Sales'!$A:$Z,18,0) -> 623.9 | P6: =B6+F6+G6-N6 -> 2207.35 | Q6: =SUM(B6:D6) -> 2056.9 | R6: =P6-Q6 -> 150.45 | S6: =(SUMIF('[1]Expenes- Delivery Details'!$C:$C,A:A,'[1]Expenes- Delivery Details'!$E:$E))-AB6-AC6-AD6 -> 57.57 | T6: =SUMIF('[1]Expenes- Delivery Details'!$A:$A,$A6&T$1,'[1]Expenes- Delivery Details'!$E:$E) -> 24.35 | U6: =SUMIF('[1]Expenes- Delivery Details'!$A:$A,$A6&U$1,'[1]Expenes- Delivery Details'!$E:$E) -> 33.22 | V6: =SUMIF('[1]Expenes- Delivery Details'!$A:$A,$A6&V$1,'[1]Expenes- Delivery Details'!$E:$E) -> 0 | W6: =SUMIF('[1]Expenes- Delivery Details'!$A:$A,$A6&W$1,'[1]Expenes- Delivery Details'!$E:$E) -> 0 | X6: =SUMIF('[1]Expenes- Delivery Details'!$A:$A,$A6&X$1,'[1]Expenes- Delivery Details'!$E:$E) -> 0 | Y6: =SUMIF('[1]Expenes- Delivery Details'!$A:$A,$A6&Y$1,'[1]Expenes- Delivery Details'!$E:$E) -> 0 | AA6: =SUM(T6:Z6)-AD6 -> 57.57 | AB6: =SUMIF('[1]Expenes- Delivery Details'!$B:$B,$A6&AB$1,'[1]Expenes- Delivery Details'!$E:$E) -> 0 | AC6: =SUMIF('[1]Expenes- Delivery Details'!$B:$B,$A6&AC$1,'[1]Expenes- Delivery Details'!$E:$E) -> 0 | AD6: =SUMIF('[1]Expenes- Delivery Details'!$B:$B,$A6&AD$1,'[1]Expenes- Delivery Details'!$E:$E) -> 0 | AE6: =SUMIF('[1]Expenes- Delivery Details'!$B:$B,$A6&AE$1,'[1]Expenes- Delivery Details'!$E:$E) -> 24.35 | AJ6: =S6+AB6+AI6+AC6+Z6 -> 57.57 | AK6: =P6-AJ6 -> 2149.78 | AQ6: Un-Paid
A7: 46179 | B7: =VLOOKUP($A:$A,'[1]June26- Sales'!$A:$Z,3,0) -> 11.9 | C7: =VLOOKUP($A:$A,'[1]June26- Sales'!$A:$Z,18,0) -> 0 | D7: =VLOOKUP($A:$A,'[1]June26- Sales'!$A:$Z,8,0) -> 111.2 | E7: =VLOOKUP($A:$A,'[1]June26- Sales'!$A:$Z,12,0) -> 0 | F7: =VLOOKUP($A:$A,'[1]June26- Sales'!$A:$Z,11,0) -> 113.8 | G7: =VLOOKUP($A:$A,'[1]June26- Sales'!$A:$Z,18,0) -> 0 | P7: =B7+F7+G7-N7 -> 125.7 | Q7: =SUM(B7:D7) -> 123.1 | R7: =P7-Q7 -> 2.6 | S7: =(SUMIF('[1]Expenes- Delivery Details'!$C:$C,A:A,'[1]Expenes- Delivery Details'!$E:$E))-AB7-AC7-AD7 -> 125.6 | T7: =SUMIF('[1]Expenes- Delivery Details'!$A:$A,$A7&T$1,'[1]Expenes- Delivery Details'!$E:$E) -> 116 | U7: =SUMIF('[1]Expenes- Delivery Details'!$A:$A,$A7&U$1,'[1]Expenes- Delivery Details'!$E:$E) -> 9.6 | V7: =SUMIF('[1]Expenes- Delivery Details'!$A:$A,$A7&V$1,'[1]Expenes- Delivery Details'!$E:$E) -> 0 | W7: =SUMIF('[1]Expenes- Delivery Details'!$A:$A,$A7&W$1,'[1]Expenes- Delivery Details'!$E:$E) -> 0 | X7: =SUMIF('[1]Expenes- Delivery Details'!$A:$A,$A7&X$1,'[1]Expenes- Delivery Details'!$E:$E) -> 0 | Y7: =SUMIF('[1]Expenes- Delivery Details'!$A:$A,$A7&Y$1,'[1]Expenes- Delivery Details'!$E:$E) -> 0 | AA7: =SUM(T7:Z7)-AD7 -> 125.6 | AB7: =SUMIF('[1]Expenes- Delivery Details'!$B:$B,$A7&AB$1,'[1]Expenes- Delivery Details'!$E:$E) -> 0 | AC7: =SUMIF('[1]Expenes- Delivery Details'!$B:$B,$A7&AC$1,'[1]Expenes- Delivery Details'!$E:$E) -> 0 | AD7: =SUMIF('[1]Expenes- Delivery Details'!$B:$B,$A7&AD$1,'[1]Expenes- Delivery Details'!$E:$E) -> 0 | AE7: =SUMIF('[1]Expenes- Delivery Details'!$B:$B,$A7&AE$1,'[1]Expenes- Delivery Details'!$E:$E) -> 116 | AJ7: =S7+AB7+AI7+AC7+Z7 -> 125.6 | AK7: =P7-AJ7 -> 0.1 | AQ7: Counter Cash
A8: 46180 | B8: =VLOOKUP($A:$A,'[1]June26- Sales'!$A:$Z,3,0) -> 34.05 | C8: =VLOOKUP($A:$A,'[1]June26- Sales'!$A:$Z,18,0) -> 180.3 | D8: =VLOOKUP($A:$A,'[1]June26- Sales'!$A:$Z,8,0) -> 261.1 | E8: =VLOOKUP($A:$A,'[1]June26- Sales'!$A:$Z,12,0) -> 0 | F8: =VLOOKUP($A:$A,'[1]June26- Sales'!$A:$Z,11,0) -> 298 | G8: =VLOOKUP($A:$A,'[1]June26- Sales'!$A:$Z,18,0) -> 180.3 | P8: =B8+F8+G8-N8 -> 512.35 | Q8: =SUM(B8:D8) -> 475.45 | R8: =P8-Q8 -> 36.9 | S8: =(SUMIF('[1]Expenes- Delivery Details'!$C:$C,A:A,'[1]Expenes- Delivery Details'!$E:$E))-AB8-AC8-AD8 -> 43.27 | T8: =SUMIF('[1]Expenes- Delivery Details'!$A:$A,$A8&T$1,'[1]Expenes- Delivery Details'!$E:$E) -> 0 | U8: =SUMIF('[1]Expenes- Delivery Details'!$A:$A,$A8&U$1,'[1]Expenes- Delivery Details'!$E:$E) -> 43.27 | V8: =SUMIF('[1]Expenes- Delivery Details'!$A:$A,$A8&V$1,'[1]Expenes- Delivery Details'!$E:$E) -> 0 | W8: =SUMIF('[1]Expenes- Delivery Details'!$A:$A,$A8&W$1,'[1]Expenes- Delivery Details'!$E:$E) -> 0 | X8: =SUMIF('[1]Expenes- Delivery Details'!$A:$A,$A8&X$1,'[1]Expenes- Delivery Details'!$E:$E) -> 0 | Y8: =SUMIF('[1]Expenes- Delivery Details'!$A:$A,$A8&Y$1,'[1]Expenes- Delivery Details'!$E:$E) -> 0 | AA8: =SUM(T8:Z8)-AD8 -> 43.27 | AB8: =SUMIF('[1]Expenes- Delivery Details'!$B:$B,$A8&AB$1,'[1]Expenes- Delivery Details'!$E:$E) -> 0 | AC8: =SUMIF('[1]Expenes- Delivery Details'!$B:$B,$A8&AC$1,'[1]Expenes- Delivery Details'!$E:$E) -> 0 | AD8: =SUMIF('[1]Expenes- Delivery Details'!$B:$B,$A8&AD$1,'[1]Expenes- Delivery Details'!$E:$E) -> 0 | AE8: =SUMIF('[1]Expenes- Delivery Details'!$B:$B,$A8&AE$1,'[1]Expenes- Delivery Details'!$E:$E) -> 0 | AJ8: =S8+AB8+AI8+AC8+Z8 -> 43.27 | AK8: =P8-AJ8 -> 469.08
A9: 46181 | B9: =VLOOKUP($A:$A,'[1]June26- Sales'!$A:$Z,3,0) -> 154.6 | C9: =VLOOKUP($A:$A,'[1]June26- Sales'!$A:$Z,18,0) -> 268.35 | D9: =VLOOKUP($A:$A,'[1]June26- Sales'!$A:$Z,8,0) -> 930.55 | E9: =VLOOKUP($A:$A,'[1]June26- Sales'!$A:$Z,12,0) -> 0 | F9: =VLOOKUP($A:$A,'[1]June26- Sales'!$A:$Z,11,0) -> 941.95 | G9: =VLOOKUP($A:$A,'[1]June26- Sales'!$A:$Z,18,0) -> 268.35 | P9: =B9+F9+G9-N9 -> 1364.9 | Q9: =SUM(B9:D9) -> 1353.5 | R9: =P9-Q9 -> 11.4 | S9: =(SUMIF('[1]Expenes- Delivery Details'!$C:$C,A:A,'[1]Expenes- Delivery Details'!$E:$E))-AB9-AC9-AD9 -> 194.04 | T9: =SUMIF('[1]Expenes- Delivery Details'!$A:$A,$A9&T$1,'[1]Expenes- Delivery Details'!$E:$E) -> 0 | U9: =SUMIF('[1]Expenes- Delivery Details'!$A:$A,$A9&U$1,'[1]Expenes- Delivery Details'!$E:$E) -> 194.04 | V9: =SUMIF('[1]Expenes- Delivery Details'!$A:$A,$A9&V$1,'[1]Expenes- Delivery Details'!$E:$E) -> 0 | W9: =SUMIF('[1]Expenes- Delivery Details'!$A:$A,$A9&W$1,'[1]Expenes- Delivery Details'!$E:$E) -> 0 | X9: =SUMIF('[1]Expenes- Delivery Details'!$A:$A,$A9&X$1,'[1]Expenes- Delivery Details'!$E:$E) -> 0 | Y9: =SUMIF('[1]Expenes- Delivery Details'!$A:$A,$A9&Y$1,'[1]Expenes- Delivery Details'!$E:$E) -> 0 | AA9: =SUM(T9:Z9)-AD9 -> 194.04 | AB9: =SUMIF('[1]Expenes- Delivery Details'!$B:$B,$A9&AB$1,'[1]Expenes- Delivery Details'!$E:$E) -> 0 | AC9: =SUMIF('[1]Expenes- Delivery Details'!$B:$B,$A9&AC$1,'[1]Expenes- Delivery Details'!$E:$E) -> 0 | AD9: =SUMIF('[1]Expenes- Delivery Details'!$B:$B,$A9&AD$1,'[1]Expenes- Delivery Details'!$E:$E) -> 0 | AE9: =SUMIF('[1]Expenes- Delivery Details'!$B:$B,$A9&AE$1,'[1]Expenes- Delivery Details'!$E:$E) -> 0 | AJ9: =S9+AB9+AI9+AC9+Z9 -> 194.04 | AK9: =P9-AJ9 -> 1170.86
A10: 46182 | B10: =VLOOKUP($A:$A,'[1]June26- Sales'!$A:$Z,3,0) -> 175.5 | C10: =VLOOKUP($A:$A,'[1]June26- Sales'!$A:$Z,18,0) -> 207.85 | D10: =VLOOKUP($A:$A,'[1]June26- Sales'!$A:$Z,8,0) -> 1220.55 | E10: =VLOOKUP($A:$A,'[1]June26- Sales'!$A:$Z,12,0) -> 0 | F10: =VLOOKUP($A:$A,'[1]June26- Sales'!$A:$Z,11,0) -> 1329.25 | G10: =VLOOKUP($A:$A,'[1]June26- Sales'!$A:$Z,18,0) -> 207.85 | P10: =B10+F10+G10-N10 -> 1712.6 | Q10: =SUM(B10:D10) -> 1603.9 | R10: =P10-Q10 -> 108.7 | S10: =(SUMIF('[1]Expenes- Delivery Details'!$C:$C,A:A,'[1]Expenes- Delivery Details'!$E:$E))-AB10-AC10-AD10 -> 697.06 | T10: =SUMIF('[1]Expenes- Delivery Details'!$A:$A,$A10&T$1,'[1]Expenes- Delivery Details'!$E:$E) -> 659.37 | U10: =SUMIF('[1]Expenes- Delivery Details'!$A:$A,$A10&U$1,'[1]Expenes- Delivery Details'!$E:$E) -> 37.69 | V10: =SUMIF('[1]Expenes- Delivery Details'!$A:$A,$A10&V$1,'[1]Expenes- Delivery Details'!$E:$E) -> 0 | W10: =SUMIF('[1]Expenes- Delivery Details'!$A:$A,$A10&W$1,'[1]Expenes- Delivery Details'!$E:$E) -> 0 | X10: =SUMIF('[1]Expenes- Delivery Details'!$A:$A,$A10&X$1,'[1]Expenes- Delivery Details'!$E:$E) -> 0 | Y10: =SUMIF('[1]Expenes- Delivery Details'!$A:$A,$A10&Y$1,'[1]Expenes- Delivery Details'!$E:$E) -> 0 | AA10: =SUM(T10:Z10)-AD10 -> 697.06 | AB10: =SUMIF('[1]Expenes- Delivery Details'!$B:$B,$A10&AB$1,'[1]Expenes- Delivery Details'!$E:$E) -> 0 | AC10: =SUMIF('[1]Expenes- Delivery Details'!$B:$B,$A10&AC$1,'[1]Expenes- Delivery Details'!$E:$E) -> 0 | AD10: =SUMIF('[1]Expenes- Delivery Details'!$B:$B,$A10&AD$1,'[1]Expenes- Delivery Details'!$E:$E) -> 0 | AE10: =SUMIF('[1]Expenes- Delivery Details'!$B:$B,$A10&AE$1,'[1]Expenes- Delivery Details'!$E:$E) -> 0 | AJ10: =S10+AB10+AI10+AC10+Z10 -> 697.06 | AK10: =P10-AJ10 -> 1015.54
A11: 46183 | B11: =VLOOKUP($A:$A,'[1]June26- Sales'!$A:$Z,3,0) -> 198.8 | C11: =VLOOKUP($A:$A,'[1]June26- Sales'!$A:$Z,18,0) -> 538.1 | D11: =VLOOKUP($A:$A,'[1]June26- Sales'!$A:$Z,8,0) -> 954.9 | E11: =VLOOKUP($A:$A,'[1]June26- Sales'!$A:$Z,12,0) -> 0 | F11: =VLOOKUP($A:$A,'[1]June26- Sales'!$A:$Z,11,0) -> 1031.1 | G11: =VLOOKUP($A:$A,'[1]June26- Sales'!$A:$Z,18,0) -> 538.1 | P11: =B11+F11+G11-N11 -> 1768 | Q11: =SUM(B11:D11) -> 1691.8 | R11: =P11-Q11 -> 76.2 | S11: =(SUMIF('[1]Expenes- Delivery Details'!$C:$C,A:A,'[1]Expenes- Delivery Details'!$E:$E))-AB11-AC11-AD11 -> 1095.07 | T11: =SUMIF('[1]Expenes- Delivery Details'!$A:$A,$A11&T$1,'[1]Expenes- Delivery Details'!$E:$E) -> 1083.31 | U11: =SUMIF('[1]Expenes- Delivery Details'!$A:$A,$A11&U$1,'[1]Expenes- Delivery Details'!$E:$E) -> 11.76 | V11: =SUMIF('[1]Expenes- Delivery Details'!$A:$A,$A11&V$1,'[1]Expenes- Delivery Details'!$E:$E) -> 0 | W11: =SUMIF('[1]Expenes- Delivery Details'!$A:$A,$A11&W$1,'[1]Expenes- Delivery Details'!$E:$E) -> 0 | X11: =SUMIF('[1]Expenes- Delivery Details'!$A:$A,$A11&X$1,'[1]Expenes- Delivery Details'!$E:$E) -> 0 | Y11: =SUMIF('[1]Expenes- Delivery Details'!$A:$A,$A11&Y$1,'[1]Expenes- Delivery Details'!$E:$E) -> 0 | AA11: =SUM(T11:Z11)-AD11 -> 1095.07 | AB11: =SUMIF('[1]Expenes- Delivery Details'!$B:$B,$A11&AB$1,'[1]Expenes- Delivery Details'!$E:$E) -> 0 | AC11: =SUMIF('[1]Expenes- Delivery Details'!$B:$B,$A11&AC$1,'[1]Expenes- Delivery Details'!$E:$E) -> 0 | AD11: =SUMIF('[1]Expenes- Delivery Details'!$B:$B,$A11&AD$1,'[1]Expenes- Delivery Details'!$E:$E) -> 0 | AE11: =SUMIF('[1]Expenes- Delivery Details'!$B:$B,$A11&AE$1,'[1]Expenes- Delivery Details'!$E:$E) -> 0 | AJ11: =S11+AB11+AI11+AC11+Z11 -> 1095.07 | AK11: =P11-AJ11 -> 672.93
A12: 46184 | B12: =VLOOKUP($A:$A,'[1]June26- Sales'!$A:$Z,3,0) -> 119.1 | C12: =VLOOKUP($A:$A,'[1]June26- Sales'!$A:$Z,18,0) -> 303.1 | D12: =VLOOKUP($A:$A,'[1]June26- Sales'!$A:$Z,8,0) -> 1149.7 | E12: =VLOOKUP($A:$A,'[1]June26- Sales'!$A:$Z,12,0) -> 0 | F12: =VLOOKUP($A:$A,'[1]June26- Sales'!$A:$Z,11,0) -> 1246 | G12: =VLOOKUP($A:$A,'[1]June26- Sales'!$A:$Z,18,0) -> 303.1 | P12: =B12+F12+G12-N12 -> 1668.2 | Q12: =SUM(B12:D12) -> 1571.9 | R12: =P12-Q12 -> 96.3 | S12: =(SUMIF('[1]Expenes- Delivery Details'!$C:$C,A:A,'[1]Expenes- Delivery Details'!$E:$E))-AB12-AC12-AD12 -> 3337.84 | T12: =SUMIF('[1]Expenes- Delivery Details'!$A:$A,$A12&T$1,'[1]Expenes- Delivery Details'!$E:$E) -> 3222 | U12: =SUMIF('[1]Expenes- Delivery Details'!$A:$A,$A12&U$1,'[1]Expenes- Delivery Details'!$E:$E) -> 83.59 | V12: =SUMIF('[1]Expenes- Delivery Details'!$A:$A,$A12&V$1,'[1]Expenes- Delivery Details'!$E:$E) -> 0 | W12: =SUMIF('[1]Expenes- Delivery Details'!$A:$A,$A12&W$1,'[1]Expenes- Delivery Details'!$E:$E) -> 0 | X12: =SUMIF('[1]Expenes- Delivery Details'!$A:$A,$A12&X$1,'[1]Expenes- Delivery Details'!$E:$E) -> 0 | Y12: =SUMIF('[1]Expenes- Delivery Details'!$A:$A,$A12&Y$1,'[1]Expenes- Delivery Details'!$E:$E) -> 0 | AA12: =SUM(T12:Z12)-AD12 -> 3305.59 | AB12: =SUMIF('[1]Expenes- Delivery Details'!$B:$B,$A12&AB$1,'[1]Expenes- Delivery Details'!$E:$E) -> 0 | AC12: =SUMIF('[1]Expenes- Delivery Details'!$B:$B,$A12&AC$1,'[1]Expenes- Delivery Details'!$E:$E) -> 0 | AD12: =SUMIF('[1]Expenes- Delivery Details'!$B:$B,$A12&AD$1,'[1]Expenes- Delivery Details'!$E:$E) -> 0 | AE12: =SUMIF('[1]Expenes- Delivery Details'!$B:$B,$A12&AE$1,'[1]Expenes- Delivery Details'!$E:$E) -> 0 | AJ12: =S12+AB12+AI12+AC12+Z12 -> 3337.84 | AK12: =P12-AJ12 -> -1669.64
A13: 46185 | B13: =VLOOKUP($A:$A,'[1]June26- Sales'!$A:$Z,3,0) -> 136.7 | C13: =VLOOKUP($A:$A,'[1]June26- Sales'!$A:$Z,18,0) -> 293.6 | D13: =VLOOKUP($A:$A,'[1]June26- Sales'!$A:$Z,8,0) -> 1169.7 | E13: =VLOOKUP($A:$A,'[1]June26- Sales'!$A:$Z,12,0) -> 0 | F13: =VLOOKUP($A:$A,'[1]June26- Sales'!$A:$Z,11,0) -> 1418.75 | G13: =VLOOKUP($A:$A,'[1]June26- Sales'!$A:$Z,18,0) -> 293.6 | P13: =B13+F13+G13-N13 -> 1849.05 | Q13: =SUM(B13:D13) -> 1600 | R13: =P13-Q13 -> 249.05 | S13: =(SUMIF('[1]Expenes- Delivery Details'!$C:$C,A:A,'[1]Expenes- Delivery Details'!$E:$E))-AB13-AC13-AD13 -> 824.58 | T13: =SUMIF('[1]Expenes- Delivery Details'!$A:$A,$A13&T$1,'[1]Expenes- Delivery Details'!$E:$E) -> 392.97 | U13: =SUMIF('[1]Expenes- Delivery Details'!$A:$A,$A13&U$1,'[1]Expenes- Delivery Details'!$E:$E) -> 243.61 | V13: =SUMIF('[1]Expenes- Delivery Details'!$A:$A,$A13&V$1,'[1]Expenes- Delivery Details'!$E:$E) -> 0 | W13: =SUMIF('[1]Expenes- Delivery Details'!$A:$A,$A13&W$1,'[1]Expenes- Delivery Details'!$E:$E) -> 0 | X13: =SUMIF('[1]Expenes- Delivery Details'!$A:$A,$A13&X$1,'[1]Expenes- Delivery Details'!$E:$E) -> 218 | Y13: =SUMIF('[1]Expenes- Delivery Details'!$A:$A,$A13&Y$1,'[1]Expenes- Delivery Details'!$E:$E) -> 0 | AA13: =SUM(T13:Z13)-AD13 -> 854.58 | AB13: =SUMIF('[1]Expenes- Delivery Details'!$B:$B,$A13&AB$1,'[1]Expenes- Delivery Details'!$E:$E) -> 30 | AC13: =SUMIF('[1]Expenes- Delivery Details'!$B:$B,$A13&AC$1,'[1]Expenes- Delivery Details'!$E:$E) -> 0 | AD13: =SUMIF('[1]Expenes- Delivery Details'!$B:$B,$A13&AD$1,'[1]Expenes- Delivery Details'!$E:$E) -> 0 | AE13: =SUMIF('[1]Expenes- Delivery Details'!$B:$B,$A13&AE$1,'[1]Expenes- Delivery Details'!$E:$E) -> 0 | AJ13: =S13+AB13+AI13+AC13+Z13 -> 854.58 | AK13: =P13-AJ13 -> 994.47
A14: 46186 | B14: =VLOOKUP($A:$A,'[1]June26- Sales'!$A:$Z,3,0) -> 38.1 | C14: =VLOOKUP($A:$A,'[1]June26- Sales'!$A:$Z,18,0) -> 47 | D14: =VLOOKUP($A:$A,'[1]June26- Sales'!$A:$Z,8,0) -> 197.6 | E14: =VLOOKUP($A:$A,'[1]June26- Sales'!$A:$Z,12,0) -> 0 | F14: =VLOOKUP($A:$A,'[1]June26- Sales'!$A:$Z,11,0) -> 210.6 | G14: =VLOOKUP($A:$A,'[1]June26- Sales'!$A:$Z,18,0) -> 47 | P14: =B14+F14+G14-N14 -> 295.7 | Q14: =SUM(B14:D14) -> 282.7 | R14: =P14-Q14 -> 13 | S14: =(SUMIF('[1]Expenes- Delivery Details'!$C:$C,A:A,'[1]Expenes- Delivery Details'!$E:$E))-AB14-AC14-AD14 -> 17.62 | T14: =SUMIF('[1]Expenes- Delivery Details'!$A:$A,$A14&T$1,'[1]Expenes- Delivery Details'!$E:$E) -> 0 | U14: =SUMIF('[1]Expenes- Delivery Details'!$A:$A,$A14&U$1,'[1]Expenes- Delivery Details'!$E:$E) -> 17.62 | V14: =SUMIF('[1]Expenes- Delivery Details'!$A:$A,$A14&V$1,'[1]Expenes- Delivery Details'!$E:$E) -> 0 | W14: =SUMIF('[1]Expenes- Delivery Details'!$A:$A,$A14&W$1,'[1]Expenes- Delivery Details'!$E:$E) -> 0 | X14: =SUMIF('[1]Expenes- Delivery Details'!$A:$A,$A14&X$1,'[1]Expenes- Delivery Details'!$E:$E) -> 0 | Y14: =SUMIF('[1]Expenes- Delivery Details'!$A:$A,$A14&Y$1,'[1]Expenes- Delivery Details'!$E:$E) -> 0 | AA14: =SUM(T14:Z14)-AD14 -> 17.62 | AB14: =SUMIF('[1]Expenes- Delivery Details'!$B:$B,$A14&AB$1,'[1]Expenes- Delivery Details'!$E:$E) -> 0 | AC14: =SUMIF('[1]Expenes- Delivery Details'!$B:$B,$A14&AC$1,'[1]Expenes- Delivery Details'!$E:$E) -> 0 | AD14: =SUMIF('[1]Expenes- Delivery Details'!$B:$B,$A14&AD$1,'[1]Expenes- Delivery Details'!$E:$E) -> 0 | AE14: =SUMIF('[1]Expenes- Delivery Details'!$B:$B,$A14&AE$1,'[1]Expenes- Delivery Details'!$E:$E) -> 0 | AJ14: =S14+AB14+AI14+AC14+Z14 -> 17.62 | AK14: =P14-AJ14 -> 278.08
A15: 46187 | B15: =VLOOKUP($A:$A,'[1]June26- Sales'!$A:$Z,3,0) -> 15.2 | C15: =VLOOKUP($A:$A,'[1]June26- Sales'!$A:$Z,18,0) -> 185.2 | D15: =VLOOKUP($A:$A,'[1]June26- Sales'!$A:$Z,8,0) -> 90.9 | E15: =VLOOKUP($A:$A,'[1]June26- Sales'!$A:$Z,12,0) -> 0 | F15: =VLOOKUP($A:$A,'[1]June26- Sales'!$A:$Z,11,0) -> 90.9 | G15: =VLOOKUP($A:$A,'[1]June26- Sales'!$A:$Z,18,0) -> 185.2 | P15: =B15+F15+G15-N15 -> 291.3 | Q15: =SUM(B15:D15) -> 291.3 | R15: =P15-Q15 -> 0 | S15: =(SUMIF('[1]Expenes- Delivery Details'!$C:$C,A:A,'[1]Expenes- Delivery Details'!$E:$E))-AB15-AC15-AD15 -> 0 | T15: =SUMIF('[1]Expenes- Delivery Details'!$A:$A,$A15&T$1,'[1]Expenes- Delivery Details'!$E:$E) -> 0 | U15: =SUMIF('[1]Expenes- Delivery Details'!$A:$A,$A15&U$1,'[1]Expenes- Delivery Details'!$E:$E) -> 0 | V15: =SUMIF('[1]Expenes- Delivery Details'!$A:$A,$A15&V$1,'[1]Expenes- Delivery Details'!$E:$E) -> 0 | W15: =SUMIF('[1]Expenes- Delivery Details'!$A:$A,$A15&W$1,'[1]Expenes- Delivery Details'!$E:$E) -> 0 | X15: =SUMIF('[1]Expenes- Delivery Details'!$A:$A,$A15&X$1,'[1]Expenes- Delivery Details'!$E:$E) -> 0 | Y15: =SUMIF('[1]Expenes- Delivery Details'!$A:$A,$A15&Y$1,'[1]Expenes- Delivery Details'!$E:$E) -> 0 | AA15: =SUM(T15:Z15)-AD15 -> 0 | AB15: =SUMIF('[1]Expenes- Delivery Details'!$B:$B,$A15&AB$1,'[1]Expenes- Delivery Details'!$E:$E) -> 0 | AC15: =SUMIF('[1]Expenes- Delivery Details'!$B:$B,$A15&AC$1,'[1]Expenes- Delivery Details'!$E:$E) -> 0 | AD15: =SUMIF('[1]Expenes- Delivery Details'!$B:$B,$A15&AD$1,'[1]Expenes- Delivery Details'!$E:$E) -> 0 | AE15: =SUMIF('[1]Expenes- Delivery Details'!$B:$B,$A15&AE$1,'[1]Expenes- Delivery Details'!$E:$E) -> 0 | AJ15: =S15+AB15+AI15+AC15+Z15 -> 0 | AK15: =P15-AJ15 -> 291.3
A16: 46188 | B16: =VLOOKUP($A:$A,'[1]June26- Sales'!$A:$Z,3,0) -> 175.9 | C16: =VLOOKUP($A:$A,'[1]June26- Sales'!$A:$Z,18,0) -> 335.2 | D16: =VLOOKUP($A:$A,'[1]June26- Sales'!$A:$Z,8,0) -> 966 | E16: =VLOOKUP($A:$A,'[1]June26- Sales'!$A:$Z,12,0) -> 0 | F16: =VLOOKUP($A:$A,'[1]June26- Sales'!$A:$Z,11,0) -> 1016.5 | G16: =VLOOKUP($A:$A,'[1]June26- Sales'!$A:$Z,18,0) -> 335.2 | P16: =B16+F16+G16-N16 -> 1527.6 | Q16: =SUM(B16:D16) -> 1477.1 | R16: =P16-Q16 -> 50.5 | S16: =(SUMIF('[1]Expenes- Delivery Details'!$C:$C,A:A,'[1]Expenes- Delivery Details'!$E:$E))-AB16-AC16-AD16 -> 767.62 | T16: =SUMIF('[1]Expenes- Delivery Details'!$A:$A,$A16&T$1,'[1]Expenes- Delivery Details'!$E:$E) -> 4365.62 | U16: =SUMIF('[1]Expenes- Delivery Details'!$A:$A,$A16&U$1,'[1]Expenes- Delivery Details'!$E:$E) -> 2 | V16: =SUMIF('[1]Expenes- Delivery Details'!$A:$A,$A16&V$1,'[1]Expenes- Delivery Details'!$E:$E) -> 0 | W16: =SUMIF('[1]Expenes- Delivery Details'!$A:$A,$A16&W$1,'[1]Expenes- Delivery Details'!$E:$E) -> 0 | X16: =SUMIF('[1]Expenes- Delivery Details'!$A:$A,$A16&X$1,'[1]Expenes- Delivery Details'!$E:$E) -> 0 | Y16: =SUMIF('[1]Expenes- Delivery Details'!$A:$A,$A16&Y$1,'[1]Expenes- Delivery Details'!$E:$E) -> 0 | AA16: =SUM(T16:Z16)-AD16 -> 767.62 | AB16: =SUMIF('[1]Expenes- Delivery Details'!$B:$B,$A16&AB$1,'[1]Expenes- Delivery Details'!$E:$E) -> 0 | AC16: =SUMIF('[1]Expenes- Delivery Details'!$B:$B,$A16&AC$1,'[1]Expenes- Delivery Details'!$E:$E) -> 0 | AD16: =SUMIF('[1]Expenes- Delivery Details'!$B:$B,$A16&AD$1,'[1]Expenes- Delivery Details'!$E:$E) -> 3600 | AE16: =SUMIF('[1]Expenes- Delivery Details'!$B:$B,$A16&AE$1,'[1]Expenes- Delivery Details'!$E:$E) -> 0 | AJ16: =S16+AB16+AI16+AC16+Z16 -> 767.62 | AK16: =P16-AJ16 -> 759.98
A17: 46189 | B17: =VLOOKUP($A:$A,'[1]June26- Sales'!$A:$Z,3,0) -> 174 | C17: =VLOOKUP($A:$A,'[1]June26- Sales'!$A:$Z,18,0) -> 369.4 | D17: =VLOOKUP($A:$A,'[1]June26- Sales'!$A:$Z,8,0) -> 1328.1 | E17: =VLOOKUP($A:$A,'[1]June26- Sales'!$A:$Z,12,0) -> 0 | F17: =VLOOKUP($A:$A,'[1]June26- Sales'!$A:$Z,11,0) -> 1178.7 | G17: =VLOOKUP($A:$A,'[1]June26- Sales'!$A:$Z,18,0) -> 369.4 | P17: =B17+F17+G17-N17 -> 1722.1 | Q17: =SUM(B17:D17) -> 1871.5 | R17: =P17-Q17 -> -149.4 | S17: =(SUMIF('[1]Expenes- Delivery Details'!$C:$C,A:A,'[1]Expenes- Delivery Details'!$E:$E))-AB17-AC17-AD17 -> 695.91 | T17: =SUMIF('[1]Expenes- Delivery Details'!$A:$A,$A17&T$1,'[1]Expenes- Delivery Details'!$E:$E) -> 502.93 | U17: =SUMIF('[1]Expenes- Delivery Details'!$A:$A,$A17&U$1,'[1]Expenes- Delivery Details'!$E:$E) -> 192.98 | V17: =SUMIF('[1]Expenes- Delivery Details'!$A:$A,$A17&V$1,'[1]Expenes- Delivery Details'!$E:$E) -> 0 | W17: =SUMIF('[1]Expenes- Delivery Details'!$A:$A,$A17&W$1,'[1]Expenes- Delivery Details'!$E:$E) -> 0 | X17: =SUMIF('[1]Expenes- Delivery Details'!$A:$A,$A17&X$1,'[1]Expenes- Delivery Details'!$E:$E) -> 0 | Y17: =SUMIF('[1]Expenes- Delivery Details'!$A:$A,$A17&Y$1,'[1]Expenes- Delivery Details'!$E:$E) -> 0 | AA17: =SUM(T17:Z17)-AD17 -> 695.91 | AB17: =SUMIF('[1]Expenes- Delivery Details'!$B:$B,$A17&AB$1,'[1]Expenes- Delivery Details'!$E:$E) -> 0 | AC17: =SUMIF('[1]Expenes- Delivery Details'!$B:$B,$A17&AC$1,'[1]Expenes- Delivery Details'!$E:$E) -> 0 | AD17: =SUMIF('[1]Expenes- Delivery Details'!$B:$B,$A17&AD$1,'[1]Expenes- Delivery Details'!$E:$E) -> 0 | AE17: =SUMIF('[1]Expenes- Delivery Details'!$B:$B,$A17&AE$1,'[1]Expenes- Delivery Details'!$E:$E) -> 0 | AJ17: =S17+AB17+AI17+AC17+Z17 -> 695.91 | AK17: =P17-AJ17 -> 1026.19
A18: 46190 | B18: =VLOOKUP($A:$A,'[1]June26- Sales'!$A:$Z,3,0) -> 212.1 | C18: =VLOOKUP($A:$A,'[1]June26- Sales'!$A:$Z,18,0) -> 425 | D18: =VLOOKUP($A:$A,'[1]June26- Sales'!$A:$Z,8,0) -> 1049.85 | E18: =VLOOKUP($A:$A,'[1]June26- Sales'!$A:$Z,12,0) -> 0 | F18: =VLOOKUP($A:$A,'[1]June26- Sales'!$A:$Z,11,0) -> 1155.75 | G18: =VLOOKUP($A:$A,'[1]June26- Sales'!$A:$Z,18,0) -> 425 | P18: =B18+F18+G18-N18 -> 1792.85 | Q18: =SUM(B18:D18) -> 1686.95 | R18: =P18-Q18 -> 105.9 | S18: =(SUMIF('[1]Expenes- Delivery Details'!$C:$C,A:A,'[1]Expenes- Delivery Details'!$E:$E))-AB18-AC18-AD18 -> 286.06 | T18: =SUMIF('[1]Expenes- Delivery Details'!$A:$A,$A18&T$1,'[1]Expenes- Delivery Details'!$E:$E) -> 0 | U18: =SUMIF('[1]Expenes- Delivery Details'!$A:$A,$A18&U$1,'[1]Expenes- Delivery Details'!$E:$E) -> 286.06 | V18: =SUMIF('[1]Expenes- Delivery Details'!$A:$A,$A18&V$1,'[1]Expenes- Delivery Details'!$E:$E) -> 0 | W18: =SUMIF('[1]Expenes- Delivery Details'!$A:$A,$A18&W$1,'[1]Expenes- Delivery Details'!$E:$E) -> 0 | X18: =SUMIF('[1]Expenes- Delivery Details'!$A:$A,$A18&X$1,'[1]Expenes- Delivery Details'!$E:$E) -> 0 | Y18: =SUMIF('[1]Expenes- Delivery Details'!$A:$A,$A18&Y$1,'[1]Expenes- Delivery Details'!$E:$E) -> 0 | AA18: =SUM(T18:Z18)-AD18 -> 286.06 | AB18: =SUMIF('[1]Expenes- Delivery Details'!$B:$B,$A18&AB$1,'[1]Expenes- Delivery Details'!$E:$E) -> 0 | AC18: =SUMIF('[1]Expenes- Delivery Details'!$B:$B,$A18&AC$1,'[1]Expenes- Delivery Details'!$E:$E) -> 0 | AD18: =SUMIF('[1]Expenes- Delivery Details'!$B:$B,$A18&AD$1,'[1]Expenes- Delivery Details'!$E:$E) -> 0 | AE18: =SUMIF('[1]Expenes- Delivery Details'!$B:$B,$A18&AE$1,'[1]Expenes- Delivery Details'!$E:$E) -> 0 | AJ18: =S18+AB18+AI18+AC18+Z18 -> 286.06 | AK18: =P18-AJ18 -> 1506.79
A19: 46191 | B19: =VLOOKUP($A:$A,'[1]June26- Sales'!$A:$Z,3,0) -> 142.4 | C19: =VLOOKUP($A:$A,'[1]June26- Sales'!$A:$Z,18,0) -> 1178.1 | D19: =VLOOKUP($A:$A,'[1]June26- Sales'!$A:$Z,8,0) -> 986 | E19: =VLOOKUP($A:$A,'[1]June26- Sales'!$A:$Z,12,0) -> 0 | F19: =VLOOKUP($A:$A,'[1]June26- Sales'!$A:$Z,11,0) -> 1043.1 | G19: =VLOOKUP($A:$A,'[1]June26- Sales'!$A:$Z,18,0) -> 1178.1 | P19: =B19+F19+G19-N19 -> 2363.6 | Q19: =SUM(B19:D19) -> 2306.5 | R19: =P19-Q19 -> 57.1 | S19: =(SUMIF('[1]Expenes- Delivery Details'!$C:$C,A:A,'[1]Expenes- Delivery Details'!$E:$E))-AB19-AC19-AD19 -> 561.81 | T19: =SUMIF('[1]Expenes- Delivery Details'!$A:$A,$A19&T$1,'[1]Expenes- Delivery Details'!$E:$E) -> 536.83 | U19: =SUMIF('[1]Expenes- Delivery Details'!$A:$A,$A19&U$1,'[1]Expenes- Delivery Details'!$E:$E) -> 24.98 | V19: =SUMIF('[1]Expenes- Delivery Details'!$A:$A,$A19&V$1,'[1]Expenes- Delivery Details'!$E:$E) -> 0 | W19: =SUMIF('[1]Expenes- Delivery Details'!$A:$A,$A19&W$1,'[1]Expenes- Delivery Details'!$E:$E) -> 0 | X19: =SUMIF('[1]Expenes- Delivery Details'!$A:$A,$A19&X$1,'[1]Expenes- Delivery Details'!$E:$E) -> 0 | Y19: =SUMIF('[1]Expenes- Delivery Details'!$A:$A,$A19&Y$1,'[1]Expenes- Delivery Details'!$E:$E) -> 0 | AA19: =SUM(T19:Z19)-AD19 -> 561.81 | AB19: =SUMIF('[1]Expenes- Delivery Details'!$B:$B,$A19&AB$1,'[1]Expenes- Delivery Details'!$E:$E) -> 0 | AC19: =SUMIF('[1]Expenes- Delivery Details'!$B:$B,$A19&AC$1,'[1]Expenes- Delivery Details'!$E:$E) -> 0 | AD19: =SUMIF('[1]Expenes- Delivery Details'!$B:$B,$A19&AD$1,'[1]Expenes- Delivery Details'!$E:$E) -> 0 | AE19: =SUMIF('[1]Expenes- Delivery Details'!$B:$B,$A19&AE$1,'[1]Expenes- Delivery Details'!$E:$E) -> 0 | AJ19: =S19+AB19+AI19+AC19+Z19 -> 561.81 | AK19: =P19-AJ19 -> 1801.79
... A31: 46203 | B31: =VLOOKUP($A:$A,'[1]June26- Sales'!$A:$Z,3,0) -> 177.2 | C31: =VLOOKUP($A:$A,'[1]June26- Sales'!$A:$Z,18,0) -> 116.8 | D31: =VLOOKUP($A:$A,'[1]June26- Sales'!$A:$Z,8,0) -> 762.9 | E31: =VLOOKUP($A:$A,'[1]June26- Sales'!$A:$Z,12,0) -> 0 | F31: =VLOOKUP($A:$A,'[1]June26- Sales'!$A:$Z,11,0) -> 812.1 | G31: =VLOOKUP($A:$A,'[1]June26- Sales'!$A:$Z,18,0) -> 116.8 | P31: =B31+F31+G31-N31 -> 1106.1 | Q31: =SUM(B31:D31) -> 1056.9 | R31: =P31-Q31 -> 49.2 | S31: =(SUMIF('[1]Expenes- Delivery Details'!$C:$C,A:A,'[1]Expenes- Delivery Details'!$E:$E))-AB31-AC31-AD31 -> 3228.3 | T31: =SUMIF('[1]Expenes- Delivery Details'!$A:$A,$A31&T$1,'[1]Expenes- Delivery Details'!$E:$E) -> 2099.53 | U31: =SUMIF('[1]Expenes- Delivery Details'!$A:$A,$A31&U$1,'[1]Expenes- Delivery Details'!$E:$E) -> 264.77 | V31: =SUMIF('[1]Expenes- Delivery Details'!$A:$A,$A31&V$1,'[1]Expenes- Delivery Details'!$E:$E) -> 0 | W31: =SUMIF('[1]Expenes- Delivery Details'!$A:$A,$A31&W$1,'[1]Expenes- Delivery Details'!$E:$E) -> 0 | X31: =SUMIF('[1]Expenes- Delivery Details'!$A:$A,$A31&X$1,'[1]Expenes- Delivery Details'!$E:$E) -> 0 | Y31: =SUMIF('[1]Expenes- Delivery Details'!$A:$A,$A31&Y$1,'[1]Expenes- Delivery Details'!$E:$E) -> 0 | AA31: =SUM(T31:Z31)-AD31 -> 2364.3 | AB31: =SUMIF('[1]Expenes- Delivery Details'!$B:$B,$A31&AB$1,'[1]Expenes- Delivery Details'!$E:$E) -> 0 | AC31: =SUMIF('[1]Expenes- Delivery Details'!$B:$B,$A31&AC$1,'[1]Expenes- Delivery Details'!$E:$E) -> 0 | AD31: =SUMIF('[1]Expenes- Delivery Details'!$B:$B,$A31&AD$1,'[1]Expenes- Delivery Details'!$E:$E) -> 0 | AE31: =SUMIF('[1]Expenes- Delivery Details'!$B:$B,$A31&AE$1,'[1]Expenes- Delivery Details'!$E:$E) -> 629 | AJ31: =S31+AB31+AI31+AC31+Z31 -> 3228.3 | AK31: =P31-AJ31 -> -2122.2
A32: Total | B32: =SUM(B2:B31) -> 3758.85 | C32: =SUM(C2:C31) -> 8927.1 | D32: =SUM(D2:D31) -> 23134.96 | E32: =SUM(E2:E31) -> 0 | F32: =SUM(F2:F31) -> 24928.14 | G32: =SUM(G2:G31) -> 8927.1 | H32: =SUM(H2:H31) -> 0 | I32: =SUM(I2:I31) -> 0 | ... AJ32: =SUM(AJ2:AJ31) -> 33585.66 | AK32: =P32-AJ32 -> 4028.43
A33: Service Fee | B33: =B32/100*0 -> 0 | C33: =C32/100*0 -> 0 | D33: =D32/100*0 -> 0 | E33: =E32/100*0 -> 0 | F33: =F32/100*0.7 -> 174.49698 | G33: =G32/100*0.2 -> 17.8542 | H33: =H32/100*37 -> 0 | I33: =I32/100*37 -> 0 | J33: =J32/100*37 -> 0 | K33: =K32/100*2.5 -> 0 | L33: =L32/100*2.5 -> 0 | M33: =M32/100*0 -> 0 | N33: =N32/100*70 -> 0 | O33: =O32/100*0 -> 0 | P33: =B33+E33+F33+G33-N33 -> 192.35118
A34: Grand Total | B34: =SUM(B32-B33) -> 3758.85 | C34: =SUM(C32-C33) -> 8927.1 | D34: =SUM(D32-D33) -> 23134.96 | E34: =SUM(E32-E33) -> 0 | F34: =SUM(F32-F33) -> 24753.643 | G34: =SUM(G32-G33) -> 8909.2458 | H34: =SUM(H32-H33) -> 0 | I34: =SUM(I32-I33) -> 0 | ... O34: =SUM(O32-O33) -> 0 | P34: =P32-P33 -> 37421.739 | Q34: =SUM(Q32-Q33) -> 35820.91 | R34: =SUM(R32-R33) -> 1793.18 | S34: =SUM(S32-S33) -> 20690.5 | T34: =SUM(T32-T33) -> 40465.91 | U34: =SUM(U32-U33) -> 3038 | V34: =SUM(V32-V33) -> 4 | W34: =SUM(W32-W33) -> 0 | X34: =SUM(X32-X33) -> 218 | Y34: =SUM(Y32-Y33) -> 0 | AA34: =SUM(AA32-AA33) -> 32525.91 | AB34: =SUM(AB32-AB33) -> 7844 | AC34: =SUM(AC32-AC33) -> 5051.16 | AD34: =SUM(AD32-AD33) -> 11200 | AE34: =SUM(AE32-AE33) -> 869.35 | AF34: =SUM(AF32-AF33) -> 0 | AG34: =SUM(AG32-AG33) -> 0 | AH34: =SUM(AH32-AH33) -> 0 | ... AJ34: =SUM(AJ32-AJ33) -> 33585.66 | AK34: =P34-AJ34 -> 3836.0788
S35: =S32/P32 -> 0.55007312 | AB35: =AB32/P32 -> 0.20853887 | AC35: =AC32/P32 -> 0.13428904 | AK35: =AK34/P34 -> 0.10250937
S36: 15124 | T36: WITHOUT LOAN AND STAFF EXP | AJ36: =GETPIVOTDATA("Amount",'[1]Expenes- Delivery Details'!$J$1) -> #REF! | AK36: =P34-AJ36 -> #REF!
S37: =S36/P32 -> 0.40208337
S38: 13736 | T38: WITHOUT BANJARA
S39: =S38/P32 -> 0.3651823

Sheet May26
A1: DATE | B1: CASH | C1: Credit Cards | D1: PayNow-Qashier | E1: OCBC-PayNow | F1: Qashier | G1: Adyen | H1: AMEX | I1: FOOD PANDA | J1: GRAB FOOD | K1: PAYPAL | L1: NETS | M1: CHEQUE | N1: BANJARA SALES | O1: MICS | P1: SALES - Received | Q1: POS SALES | R1: Difference | S1: SUPPLIERS | T1: OCBC Account | U1: Petty Cash | V1: Sowji Cash | W1: Madhav DBS | X1: Un-Paid | Y1: Counter Cash | Z1: Banjara Samosa | AA1: Total Supplies Expenses | AB1: SALARIES | AC1: Rent | AD1: Loan | AE1: Assets | AF1: CPF / LOAN | AG1: SINGTEL / STAR HUB | AH1: MICS | AI1: MICS | AJ1: EXPENSES | AK1: PROFIT
A2: 46143 | B2: =VLOOKUP($A:$A,'[1]May26- Sales'!$A:$Z,3,0) -> 0 | C2: =VLOOKUP($A:$A,'[1]May26- Sales'!$A:$Z,18,0) -> 0 | D2: =VLOOKUP($A:$A,'[1]May26- Sales'!$A:$Z,8,0) -> 0 | E2: =VLOOKUP($A:$A,'[1]May26- Sales'!$A:$Z,12,0) -> 0 | F2: =VLOOKUP($A:$A,'[1]May26- Sales'!$A:$Z,11,0) -> 0 | G2: =VLOOKUP($A:$A,'[1]May26- Sales'!$A:$Z,18,0) -> 0 | H2: =VLOOKUP($A:$A,'[1]May26- Sales'!$A:$Z,18,0) -> 0 | P2: =B2+F2+G2-N2 -> 0 | Q2: =SUM(B2:D2) -> 0 | R2: =P2-Q2 -> 0 | S2: =(SUMIF('[1]Expenes- Delivery Details'!$C:$C,A:A,'[1]Expenes- Delivery Details'!$E:$E))-AB2-AC2-AD2 -> 0 | T2: =SUMIF('[1]Expenes- Delivery Details'!$A:$A,$A2&T$1,'[1]Expenes- Delivery Details'!$E:$E) -> 0 | U2: =SUMIF('[1]Expenes- Delivery Details'!$A:$A,$A2&U$1,'[1]Expenes- Delivery Details'!$E:$E) -> 0 | V2: =SUMIF('[1]Expenes- Delivery Details'!$A:$A,$A2&V$1,'[1]Expenes- Delivery Details'!$E:$E) -> 0 | W2: =SUMIF('[1]Expenes- Delivery Details'!$A:$A,$A2&W$1,'[1]Expenes- Delivery Details'!$E:$E) -> 0 | X2: =SUMIF('[1]Expenes- Delivery Details'!$A:$A,$A2&X$1,'[1]Expenes- Delivery Details'!$E:$E) -> 0 | Y2: =SUMIF('[1]Expenes- Delivery Details'!$A:$A,$A2&Y$1,'[1]Expenes- Delivery Details'!$E:$E) -> 0 | AA2: =SUM(T2:Z2)-AD2 -> 0 | AB2: =SUMIF('[1]Expenes- Delivery Details'!$B:$B,$A2&AB$1,'[1]Expenes- Delivery Details'!$E:$E) -> 0 | AC2: =SUMIF('[1]Expenes- Delivery Details'!$B:$B,$A2&AC$1,'[1]Expenes- Delivery Details'!$E:$E) -> 0 | AD2: =SUMIF('[1]Expenes- Delivery Details'!$B:$B,$A2&AD$1,'[1]Expenes- Delivery Details'!$E:$E) -> 0 | AE2: =SUMIF('[1]Expenes- Delivery Details'!$B:$B,$A2&AE$1,'[1]Expenes- Delivery Details'!$E:$E) -> 0 | AJ2: =S2+AB2+AI2+AC2+Z2 -> 0 | AK2: =P2-AJ2 -> 0
A3: 46144 | B3: =VLOOKUP($A:$A,'[1]May26- Sales'!$A:$Z,3,0) -> 0 | C3: =VLOOKUP($A:$A,'[1]May26- Sales'!$A:$Z,18,0) -> 0 | D3: =VLOOKUP($A:$A,'[1]May26- Sales'!$A:$Z,8,0) -> 281 | E3: =VLOOKUP($A:$A,'[1]May26- Sales'!$A:$Z,12,0) -> 0 | F3: =VLOOKUP($A:$A,'[1]May26- Sales'!$A:$Z,11,0) -> 281.7 | G3: =VLOOKUP($A:$A,'[1]May26- Sales'!$A:$Z,18,0) -> 0 | P3: =B3+F3+G3-N3 -> 281.7 | Q3: =SUM(B3:D3) -> 281 | R3: =P3-Q3 -> 0.7 | S3: =(SUMIF('[1]Expenes- Delivery Details'!$C:$C,A:A,'[1]Expenes- Delivery Details'!$E:$E))-AB3-AC3-AD3 -> 94.57 | T3: =SUMIF('[1]Expenes- Delivery Details'!$A:$A,$A3&T$1,'[1]Expenes- Delivery Details'!$E:$E) -> 1084.57 | U3: =SUMIF('[1]Expenes- Delivery Details'!$A:$A,$A3&U$1,'[1]Expenes- Delivery Details'!$E:$E) -> 0 | V3: =SUMIF('[1]Expenes- Delivery Details'!$A:$A,$A3&V$1,'[1]Expenes- Delivery Details'!$E:$E) -> 0 | W3: =SUMIF('[1]Expenes- Delivery Details'!$A:$A,$A3&W$1,'[1]Expenes- Delivery Details'!$E:$E) -> 0 | X3: =SUMIF('[1]Expenes- Delivery Details'!$A:$A,$A3&X$1,'[1]Expenes- Delivery Details'!$E:$E) -> 0 | Y3: =SUMIF('[1]Expenes- Delivery Details'!$A:$A,$A3&Y$1,'[1]Expenes- Delivery Details'!$E:$E) -> 10 | AA3: =SUM(T3:Z3)-AD3 -> 94.57 | AB3: =SUMIF('[1]Expenes- Delivery Details'!$B:$B,$A3&AB$1,'[1]Expenes- Delivery Details'!$E:$E) -> 0 | AC3: =SUMIF('[1]Expenes- Delivery Details'!$B:$B,$A3&AC$1,'[1]Expenes- Delivery Details'!$E:$E) -> 0 | AD3: =SUMIF('[1]Expenes- Delivery Details'!$B:$B,$A3&AD$1,'[1]Expenes- Delivery Details'!$E:$E) -> 1000 | AE3: =SUMIF('[1]Expenes- Delivery Details'!$B:$B,$A3&AE$1,'[1]Expenes- Delivery Details'!$E:$E) -> 0 | AJ3: =S3+AB3+AI3+AC3+Z3 -> 94.57 | AK3: =P3-AJ3 -> 187.13 | AQ3: OCBC Account
A4: 46145 | B4: =VLOOKUP($A:$A,'[1]May26- Sales'!$A:$Z,3,0) -> 83.05 | C4: =VLOOKUP($A:$A,'[1]May26- Sales'!$A:$Z,18,0) -> 189.3 | D4: =VLOOKUP($A:$A,'[1]May26- Sales'!$A:$Z,8,0) -> 332.4 | E4: =VLOOKUP($A:$A,'[1]May26- Sales'!$A:$Z,12,0) -> 0 | F4: =VLOOKUP($A:$A,'[1]May26- Sales'!$A:$Z,11,0) -> 332.4 | G4: =VLOOKUP($A:$A,'[1]May26- Sales'!$A:$Z,18,0) -> 189.3 | P4: =B4+F4+G4-N4 -> 604.75 | Q4: =SUM(B4:D4) -> 604.75 | R4: =P4-Q4 -> 0 | S4: =(SUMIF('[1]Expenes- Delivery Details'!$C:$C,A:A,'[1]Expenes- Delivery Details'!$E:$E))-AB4-AC4-AD4 -> 116.72 | T4: =SUMIF('[1]Expenes- Delivery Details'!$A:$A,$A4&T$1,'[1]Expenes- Delivery Details'!$E:$E) -> 0 | U4: =SUMIF('[1]Expenes- Delivery Details'!$A:$A,$A4&U$1,'[1]Expenes- Delivery Details'!$E:$E) -> 0 | V4: =SUMIF('[1]Expenes- Delivery Details'!$A:$A,$A4&V$1,'[1]Expenes- Delivery Details'!$E:$E) -> 116.72 | W4: =SUMIF('[1]Expenes- Delivery Details'!$A:$A,$A4&W$1,'[1]Expenes- Delivery Details'!$E:$E) -> 0 | X4: =SUMIF('[1]Expenes- Delivery Details'!$A:$A,$A4&X$1,'[1]Expenes- Delivery Details'!$E:$E) -> 0 | Y4: =SUMIF('[1]Expenes- Delivery Details'!$A:$A,$A4&Y$1,'[1]Expenes- Delivery Details'!$E:$E) -> 0 | AA4: =SUM(T4:Z4)-AD4 -> 116.72 | AB4: =SUMIF('[1]Expenes- Delivery Details'!$B:$B,$A4&AB$1,'[1]Expenes- Delivery Details'!$E:$E) -> 0 | AC4: =SUMIF('[1]Expenes- Delivery Details'!$B:$B,$A4&AC$1,'[1]Expenes- Delivery Details'!$E:$E) -> 0 | AD4: =SUMIF('[1]Expenes- Delivery Details'!$B:$B,$A4&AD$1,'[1]Expenes- Delivery Details'!$E:$E) -> 0 | AE4: =SUMIF('[1]Expenes- Delivery Details'!$B:$B,$A4&AE$1,'[1]Expenes- Delivery Details'!$E:$E) -> 0 | AJ4: =S4+AB4+AI4+AC4+Z4 -> 116.72 | AK4: =P4-AJ4 -> 488.03 | AQ4: Petty Cash
A5: 46146 | B5: =VLOOKUP($A:$A,'[1]May26- Sales'!$A:$Z,3,0) -> 175 | C5: =VLOOKUP($A:$A,'[1]May26- Sales'!$A:$Z,18,0) -> 0 | D5: =VLOOKUP($A:$A,'[1]May26- Sales'!$A:$Z,8,0) -> 820.55 | E5: =VLOOKUP($A:$A,'[1]May26- Sales'!$A:$Z,12,0) -> 0 | F5: =VLOOKUP($A:$A,'[1]May26- Sales'!$A:$Z,11,0) -> 826.7 | G5: =VLOOKUP($A:$A,'[1]May26- Sales'!$A:$Z,18,0) -> 0 | P5: =B5+F5+G5-N5 -> 1001.7 | Q5: =SUM(B5:D5) -> 995.55 | R5: =P5-Q5 -> 6.15 | S5: =(SUMIF('[1]Expenes- Delivery Details'!$C:$C,A:A,'[1]Expenes- Delivery Details'!$E:$E))-AB5-AC5-AD5 -> 127.89 | T5: =SUMIF('[1]Expenes- Delivery Details'!$A:$A,$A5&T$1,'[1]Expenes- Delivery Details'!$E:$E) -> 6754.6 | U5: =SUMIF('[1]Expenes- Delivery Details'!$A:$A,$A5&U$1,'[1]Expenes- Delivery Details'!$E:$E) -> 0 | V5: =SUMIF('[1]Expenes- Delivery Details'!$A:$A,$A5&V$1,'[1]Expenes- Delivery Details'!$E:$E) -> 0 | W5: =SUMIF('[1]Expenes- Delivery Details'!$A:$A,$A5&W$1,'[1]Expenes- Delivery Details'!$E:$E) -> 0 | X5: =SUMIF('[1]Expenes- Delivery Details'!$A:$A,$A5&X$1,'[1]Expenes- Delivery Details'!$E:$E) -> 0 | Y5: =SUMIF('[1]Expenes- Delivery Details'!$A:$A,$A5&Y$1,'[1]Expenes- Delivery Details'!$E:$E) -> 107.89 | AA5: =SUM(T5:Z5)-AD5 -> 6862.49 | AB5: =SUMIF('[1]Expenes- Delivery Details'!$B:$B,$A5&AB$1,'[1]Expenes- Delivery Details'!$E:$E) -> 1800 | AC5: =SUMIF('[1]Expenes- Delivery Details'!$B:$B,$A5&AC$1,'[1]Expenes- Delivery Details'!$E:$E) -> 4934.6 | AD5: =SUMIF('[1]Expenes- Delivery Details'!$B:$B,$A5&AD$1,'[1]Expenes- Delivery Details'!$E:$E) -> 0 | AE5: =SUMIF('[1]Expenes- Delivery Details'!$B:$B,$A5&AE$1,'[1]Expenes- Delivery Details'!$E:$E) -> 0 | AJ5: =S5+AB5+AI5+AC5+Z5 -> 6862.49 | AK5: =P5-AJ5 -> -5860.79 | AQ5: Sowji Cash
A6: 46147 | B6: =VLOOKUP($A:$A,'[1]May26- Sales'!$A:$Z,3,0) -> 207.7 | C6: =VLOOKUP($A:$A,'[1]May26- Sales'!$A:$Z,18,0) -> 18.3 | D6: =VLOOKUP($A:$A,'[1]May26- Sales'!$A:$Z,8,0) -> 1042.95 | E6: =VLOOKUP($A:$A,'[1]May26- Sales'!$A:$Z,12,0) -> 0 | F6: =VLOOKUP($A:$A,'[1]May26- Sales'!$A:$Z,11,0) -> 1122.85 | G6: =VLOOKUP($A:$A,'[1]May26- Sales'!$A:$Z,18,0) -> 18.3 | P6: =B6+F6+G6-N6 -> 1348.85 | Q6: =SUM(B6:D6) -> 1268.95 | R6: =P6-Q6 -> 79.9 | S6: =(SUMIF('[1]Expenes- Delivery Details'!$C:$C,A:A,'[1]Expenes- Delivery Details'!$E:$E))-AB6-AC6-AD6 -> 807.347 | T6: =SUMIF('[1]Expenes- Delivery Details'!$A:$A,$A6&T$1,'[1]Expenes- Delivery Details'!$E:$E) -> 2284.447 | U6: =SUMIF('[1]Expenes- Delivery Details'!$A:$A,$A6&U$1,'[1]Expenes- Delivery Details'!$E:$E) -> 22.9 | V6: =SUMIF('[1]Expenes- Delivery Details'!$A:$A,$A6&V$1,'[1]Expenes- Delivery Details'!$E:$E) -> 0 | W6: =SUMIF('[1]Expenes- Delivery Details'!$A:$A,$A6&W$1,'[1]Expenes- Delivery Details'!$E:$E) -> 0 | X6: =SUMIF('[1]Expenes- Delivery Details'!$A:$A,$A6&X$1,'[1]Expenes- Delivery Details'!$E:$E) -> 0 | Y6: =SUMIF('[1]Expenes- Delivery Details'!$A:$A,$A6&Y$1,'[1]Expenes- Delivery Details'!$E:$E) -> 0 | AA6: =SUM(T6:Z6)-AD6 -> 2307.347 | AB6: =SUMIF('[1]Expenes- Delivery Details'!$B:$B,$A6&AB$1,'[1]Expenes- Delivery Details'!$E:$E) -> 1500 | AC6: =SUMIF('[1]Expenes- Delivery Details'!$B:$B,$A6&AC$1,'[1]Expenes- Delivery Details'!$E:$E) -> 0 | AD6: =SUMIF('[1]Expenes- Delivery Details'!$B:$B,$A6&AD$1,'[1]Expenes- Delivery Details'!$E:$E) -> 0 | AE6: =SUMIF('[1]Expenes- Delivery Details'!$B:$B,$A6&AE$1,'[1]Expenes- Delivery Details'!$E:$E) -> 0 | AJ6: =S6+AB6+AI6+AC6+Z6 -> 2307.347 | AK6: =P6-AJ6 -> -958.497 | AQ6: Un-Paid
A7: 46148 | B7: =VLOOKUP($A:$A,'[1]May26- Sales'!$A:$Z,3,0) -> 183.9 | C7: =VLOOKUP($A:$A,'[1]May26- Sales'!$A:$Z,18,0) -> 0 | D7: =VLOOKUP($A:$A,'[1]May26- Sales'!$A:$Z,8,0) -> 1289.8 | E7: =VLOOKUP($A:$A,'[1]May26- Sales'!$A:$Z,12,0) -> 0 | F7: =VLOOKUP($A:$A,'[1]May26- Sales'!$A:$Z,11,0) -> 1363.4 | G7: =VLOOKUP($A:$A,'[1]May26- Sales'!$A:$Z,18,0) -> 0 | P7: =B7+F7+G7-N7 -> 1547.3 | Q7: =SUM(B7:D7) -> 1473.7 | R7: =P7-Q7 -> 73.6 | S7: =(SUMIF('[1]Expenes- Delivery Details'!$C:$C,A:A,'[1]Expenes- Delivery Details'!$E:$E))-AB7-AC7-AD7 -> 102.4 | T7: =SUMIF('[1]Expenes- Delivery Details'!$A:$A,$A7&T$1,'[1]Expenes- Delivery Details'!$E:$E) -> 5800 | U7: =SUMIF('[1]Expenes- Delivery Details'!$A:$A,$A7&U$1,'[1]Expenes- Delivery Details'!$E:$E) -> 102.4 | V7: =SUMIF('[1]Expenes- Delivery Details'!$A:$A,$A7&V$1,'[1]Expenes- Delivery Details'!$E:$E) -> 0 | W7: =SUMIF('[1]Expenes- Delivery Details'!$A:$A,$A7&W$1,'[1]Expenes- Delivery Details'!$E:$E) -> 0 | X7: =SUMIF('[1]Expenes- Delivery Details'!$A:$A,$A7&X$1,'[1]Expenes- Delivery Details'!$E:$E) -> 0 | Y7: =SUMIF('[1]Expenes- Delivery Details'!$A:$A,$A7&Y$1,'[1]Expenes- Delivery Details'!$E:$E) -> 0 | AA7: =SUM(T7:Z7)-AD7 -> 2402.4 | AB7: =SUMIF('[1]Expenes- Delivery Details'!$B:$B,$A7&AB$1,'[1]Expenes- Delivery Details'!$E:$E) -> 2300 | AC7: =SUMIF('[1]Expenes- Delivery Details'!$B:$B,$A7&AC$1,'[1]Expenes- Delivery Details'!$E:$E) -> 0 | AD7: =SUMIF('[1]Expenes- Delivery Details'!$B:$B,$A7&AD$1,'[1]Expenes- Delivery Details'!$E:$E) -> 3500 | AE7: =SUMIF('[1]Expenes- Delivery Details'!$B:$B,$A7&AE$1,'[1]Expenes- Delivery Details'!$E:$E) -> 0 | AJ7: =S7+AB7+AI7+AC7+Z7 -> 2402.4 | AK7: =P7-AJ7 -> -855.1 | AQ7: Counter Cash
A8: 46149 | B8: =VLOOKUP($A:$A,'[1]May26- Sales'!$A:$Z,3,0) -> 157 | C8: =VLOOKUP($A:$A,'[1]May26- Sales'!$A:$Z,18,0) -> 0 | D8: =VLOOKUP($A:$A,'[1]May26- Sales'!$A:$Z,8,0) -> 1023.9 | E8: =VLOOKUP($A:$A,'[1]May26- Sales'!$A:$Z,12,0) -> 0 | F8: =VLOOKUP($A:$A,'[1]May26- Sales'!$A:$Z,11,0) -> 1075 | G8: =VLOOKUP($A:$A,'[1]May26- Sales'!$A:$Z,18,0) -> 0 | P8: =B8+F8+G8-N8 -> 1232 | Q8: =SUM(B8:D8) -> 1180.9 | R8: =P8-Q8 -> 51.1 | S8: =(SUMIF('[1]Expenes- Delivery Details'!$C:$C,A:A,'[1]Expenes- Delivery Details'!$E:$E))-AB8-AC8-AD8 -> 0 | T8: =SUMIF('[1]Expenes- Delivery Details'!$A:$A,$A8&T$1,'[1]Expenes- Delivery Details'!$E:$E) -> 3100 | U8: =SUMIF('[1]Expenes- Delivery Details'!$A:$A,$A8&U$1,'[1]Expenes- Delivery Details'!$E:$E) -> 0 | V8: =SUMIF('[1]Expenes- Delivery Details'!$A:$A,$A8&V$1,'[1]Expenes- Delivery Details'!$E:$E) -> 0 | W8: =SUMIF('[1]Expenes- Delivery Details'!$A:$A,$A8&W$1,'[1]Expenes- Delivery Details'!$E:$E) -> 0 | X8: =SUMIF('[1]Expenes- Delivery Details'!$A:$A,$A8&X$1,'[1]Expenes- Delivery Details'!$E:$E) -> 0 | Y8: =SUMIF('[1]Expenes- Delivery Details'!$A:$A,$A8&Y$1,'[1]Expenes- Delivery Details'!$E:$E) -> 0 | AA8: =SUM(T8:Z8)-AD8 -> 0 | AB8: =SUMIF('[1]Expenes- Delivery Details'!$B:$B,$A8&AB$1,'[1]Expenes- Delivery Details'!$E:$E) -> 0 | AC8: =SUMIF('[1]Expenes- Delivery Details'!$B:$B,$A8&AC$1,'[1]Expenes- Delivery Details'!$E:$E) -> 0 | AD8: =SUMIF('[1]Expenes- Delivery Details'!$B:$B,$A8&AD$1,'[1]Expenes- Delivery Details'!$E:$E) -> 3100 | AE8: =SUMIF('[1]Expenes- Delivery Details'!$B:$B,$A8&AE$1,'[1]Expenes- Delivery Details'!$E:$E) -> 0 | AJ8: =S8+AB8+AI8+AC8+Z8 -> 0 | AK8: =P8-AJ8 -> 1232
A9: 46150 | B9: =VLOOKUP($A:$A,'[1]May26- Sales'!$A:$Z,3,0) -> 163.5 | C9: =VLOOKUP($A:$A,'[1]May26- Sales'!$A:$Z,18,0) -> 386.8 | D9: =VLOOKUP($A:$A,'[1]May26- Sales'!$A:$Z,8,0) -> 1397.4 | E9: =VLOOKUP($A:$A,'[1]May26- Sales'!$A:$Z,12,0) -> 0 | F9: =VLOOKUP($A:$A,'[1]May26- Sales'!$A:$Z,11,0) -> 1478.4 | G9: =VLOOKUP($A:$A,'[1]May26- Sales'!$A:$Z,18,0) -> 386.8 | P9: =B9+F9+G9-N9 -> 2028.7 | Q9: =SUM(B9:D9) -> 1947.7 | R9: =P9-Q9 -> 81 | S9: =(SUMIF('[1]Expenes- Delivery Details'!$C:$C,A:A,'[1]Expenes- Delivery Details'!$E:$E))-AB9-AC9-AD9 -> 307.09 | T9: =SUMIF('[1]Expenes- Delivery Details'!$A:$A,$A9&T$1,'[1]Expenes- Delivery Details'!$E:$E) -> 235.99 | U9: =SUMIF('[1]Expenes- Delivery Details'!$A:$A,$A9&U$1,'[1]Expenes- Delivery Details'!$E:$E) -> 371.1 | V9: =SUMIF('[1]Expenes- Delivery Details'!$A:$A,$A9&V$1,'[1]Expenes- Delivery Details'!$E:$E) -> 0 | W9: =SUMIF('[1]Expenes- Delivery Details'!$A:$A,$A9&W$1,'[1]Expenes- Delivery Details'!$E:$E) -> 0 | X9: =SUMIF('[1]Expenes- Delivery Details'!$A:$A,$A9&X$1,'[1]Expenes- Delivery Details'!$E:$E) -> 0 | Y9: =SUMIF('[1]Expenes- Delivery Details'!$A:$A,$A9&Y$1,'[1]Expenes- Delivery Details'!$E:$E) -> 0 | AA9: =SUM(T9:Z9)-AD9 -> 607.09 | AB9: =SUMIF('[1]Expenes- Delivery Details'!$B:$B,$A9&AB$1,'[1]Expenes- Delivery Details'!$E:$E) -> 300 | AC9: =SUMIF('[1]Expenes- Delivery Details'!$B:$B,$A9&AC$1,'[1]Expenes- Delivery Details'!$E:$E) -> 0 | AD9: =SUMIF('[1]Expenes- Delivery Details'!$B:$B,$A9&AD$1,'[1]Expenes- Delivery Details'!$E:$E) -> 0 | AE9: =SUMIF('[1]Expenes- Delivery Details'!$B:$B,$A9&AE$1,'[1]Expenes- Delivery Details'!$E:$E) -> 0 | AJ9: =S9+AB9+AI9+AC9+Z9 -> 607.09 | AK9: =P9-AJ9 -> 1421.61
A10: 46151 | B10: =VLOOKUP($A:$A,'[1]May26- Sales'!$A:$Z,3,0) -> 45 | C10: =VLOOKUP($A:$A,'[1]May26- Sales'!$A:$Z,18,0) -> 474 | D10: =VLOOKUP($A:$A,'[1]May26- Sales'!$A:$Z,8,0) -> 203 | E10: =VLOOKUP($A:$A,'[1]May26- Sales'!$A:$Z,12,0) -> 0 | F10: =VLOOKUP($A:$A,'[1]May26- Sales'!$A:$Z,11,0) -> 253.1 | G10: =VLOOKUP($A:$A,'[1]May26- Sales'!$A:$Z,18,0) -> 474 | P10: =B10+F10+G10-N10 -> 772.1 | Q10: =SUM(B10:D10) -> 722 | R10: =P10-Q10 -> 50.1 | S10: =(SUMIF('[1]Expenes- Delivery Details'!$C:$C,A:A,'[1]Expenes- Delivery Details'!$E:$E))-AB10-AC10-AD10 -> 576.04 | T10: =SUMIF('[1]Expenes- Delivery Details'!$A:$A,$A10&T$1,'[1]Expenes- Delivery Details'!$E:$E) -> 491.5 | U10: =SUMIF('[1]Expenes- Delivery Details'!$A:$A,$A10&U$1,'[1]Expenes- Delivery Details'!$E:$E) -> 84.54 | V10: =SUMIF('[1]Expenes- Delivery Details'!$A:$A,$A10&V$1,'[1]Expenes- Delivery Details'!$E:$E) -> 0 | W10: =SUMIF('[1]Expenes- Delivery Details'!$A:$A,$A10&W$1,'[1]Expenes- Delivery Details'!$E:$E) -> 0 | X10: =SUMIF('[1]Expenes- Delivery Details'!$A:$A,$A10&X$1,'[1]Expenes- Delivery Details'!$E:$E) -> 0 | Y10: =SUMIF('[1]Expenes- Delivery Details'!$A:$A,$A10&Y$1,'[1]Expenes- Delivery Details'!$E:$E) -> 0 | AA10: =SUM(T10:Z10)-AD10 -> 576.04 | AB10: =SUMIF('[1]Expenes- Delivery Details'!$B:$B,$A10&AB$1,'[1]Expenes- Delivery Details'!$E:$E) -> 0 | AC10: =SUMIF('[1]Expenes- Delivery Details'!$B:$B,$A10&AC$1,'[1]Expenes- Delivery Details'!$E:$E) -> 0 | AD10: =SUMIF('[1]Expenes- Delivery Details'!$B:$B,$A10&AD$1,'[1]Expenes- Delivery Details'!$E:$E) -> 0 | AE10: =SUMIF('[1]Expenes- Delivery Details'!$B:$B,$A10&AE$1,'[1]Expenes- Delivery Details'!$E:$E) -> 0 | AJ10: =S10+AB10+AI10+AC10+Z10 -> 576.04 | AK10: =P10-AJ10 -> 196.06
A11: 46152 | B11: =VLOOKUP($A:$A,'[1]May26- Sales'!$A:$Z,3,0) -> 19.2 | C11: =VLOOKUP($A:$A,'[1]May26- Sales'!$A:$Z,18,0) -> 0 | D11: =VLOOKUP($A:$A,'[1]May26- Sales'!$A:$Z,8,0) -> 206 | E11: =VLOOKUP($A:$A,'[1]May26- Sales'!$A:$Z,12,0) -> 0 | F11: =VLOOKUP($A:$A,'[1]May26- Sales'!$A:$Z,11,0) -> 205 | G11: =VLOOKUP($A:$A,'[1]May26- Sales'!$A:$Z,18,0) -> 0 | P11: =B11+F11+G11-N11 -> 224.2 | Q11: =SUM(B11:D11) -> 225.2 | R11: =P11-Q11 -> -1 | S11: =(SUMIF('[1]Expenes- Delivery Details'!$C:$C,A:A,'[1]Expenes- Delivery Details'!$E:$E))-AB11-AC11-AD11 -> 0 | T11: =SUMIF('[1]Expenes- Delivery Details'!$A:$A,$A11&T$1,'[1]Expenes- Delivery Details'!$E:$E) -> 0 | U11: =SUMIF('[1]Expenes- Delivery Details'!$A:$A,$A11&U$1,'[1]Expenes- Delivery Details'!$E:$E) -> 0 | V11: =SUMIF('[1]Expenes- Delivery Details'!$A:$A,$A11&V$1,'[1]Expenes- Delivery Details'!$E:$E) -> 0 | W11: =SUMIF('[1]Expenes- Delivery Details'!$A:$A,$A11&W$1,'[1]Expenes- Delivery Details'!$E:$E) -> 0 | X11: =SUMIF('[1]Expenes- Delivery Details'!$A:$A,$A11&X$1,'[1]Expenes- Delivery Details'!$E:$E) -> 0 | Y11: =SUMIF('[1]Expenes- Delivery Details'!$A:$A,$A11&Y$1,'[1]Expenes- Delivery Details'!$E:$E) -> 0 | AA11: =SUM(T11:Z11)-AD11 -> 0 | AB11: =SUMIF('[1]Expenes- Delivery Details'!$B:$B,$A11&AB$1,'[1]Expenes- Delivery Details'!$E:$E) -> 0 | AC11: =SUMIF('[1]Expenes- Delivery Details'!$B:$B,$A11&AC$1,'[1]Expenes- Delivery Details'!$E:$E) -> 0 | AD11: =SUMIF('[1]Expenes- Delivery Details'!$B:$B,$A11&AD$1,'[1]Expenes- Delivery Details'!$E:$E) -> 0 | AE11: =SUMIF('[1]Expenes- Delivery Details'!$B:$B,$A11&AE$1,'[1]Expenes- Delivery Details'!$E:$E) -> 0 | AJ11: =S11+AB11+AI11+AC11+Z11 -> 0 | AK11: =P11-AJ11 -> 224.2
A12: 46153 | B12: =VLOOKUP($A:$A,'[1]May26- Sales'!$A:$Z,3,0) -> 171 | C12: =VLOOKUP($A:$A,'[1]May26- Sales'!$A:$Z,18,0) -> 112 | D12: =VLOOKUP($A:$A,'[1]May26- Sales'!$A:$Z,8,0) -> 944 | E12: =VLOOKUP($A:$A,'[1]May26- Sales'!$A:$Z,12,0) -> 0 | F12: =VLOOKUP($A:$A,'[1]May26- Sales'!$A:$Z,11,0) -> 1008 | G12: =VLOOKUP($A:$A,'[1]May26- Sales'!$A:$Z,18,0) -> 112 | P12: =B12+F12+G12-N12 -> 1291 | Q12: =SUM(B12:D12) -> 1227 | R12: =P12-Q12 -> 64 | S12: =(SUMIF('[1]Expenes- Delivery Details'!$C:$C,A:A,'[1]Expenes- Delivery Details'!$E:$E))-AB12-AC12-AD12 -> 309.64 | T12: =SUMIF('[1]Expenes- Delivery Details'!$A:$A,$A12&T$1,'[1]Expenes- Delivery Details'!$E:$E) -> 0 | U12: =SUMIF('[1]Expenes- Delivery Details'!$A:$A,$A12&U$1,'[1]Expenes- Delivery Details'!$E:$E) -> 309.64 | V12: =SUMIF('[1]Expenes- Delivery Details'!$A:$A,$A12&V$1,'[1]Expenes- Delivery Details'!$E:$E) -> 0 | W12: =SUMIF('[1]Expenes- Delivery Details'!$A:$A,$A12&W$1,'[1]Expenes- Delivery Details'!$E:$E) -> 0 | X12: =SUMIF('[1]Expenes- Delivery Details'!$A:$A,$A12&X$1,'[1]Expenes- Delivery Details'!$E:$E) -> 0 | Y12: =SUMIF('[1]Expenes- Delivery Details'!$A:$A,$A12&Y$1,'[1]Expenes- Delivery Details'!$E:$E) -> 0 | AA12: =SUM(T12:Z12)-AD12 -> 309.64 | AB12: =SUMIF('[1]Expenes- Delivery Details'!$B:$B,$A12&AB$1,'[1]Expenes- Delivery Details'!$E:$E) -> 0 | AC12: =SUMIF('[1]Expenes- Delivery Details'!$B:$B,$A12&AC$1,'[1]Expenes- Delivery Details'!$E:$E) -> 0 | AD12: =SUMIF('[1]Expenes- Delivery Details'!$B:$B,$A12&AD$1,'[1]Expenes- Delivery Details'!$E:$E) -> 0 | AE12: =SUMIF('[1]Expenes- Delivery Details'!$B:$B,$A12&AE$1,'[1]Expenes- Delivery Details'!$E:$E) -> 0 | AJ12: =S12+AB12+AI12+AC12+Z12 -> 309.64 | AK12: =P12-AJ12 -> 981.36
A13: 46154 | B13: =VLOOKUP($A:$A,'[1]May26- Sales'!$A:$Z,3,0) -> 146.9 | C13: =VLOOKUP($A:$A,'[1]May26- Sales'!$A:$Z,18,0) -> 0 | D13: =VLOOKUP($A:$A,'[1]May26- Sales'!$A:$Z,8,0) -> 856.7 | E13: =VLOOKUP($A:$A,'[1]May26- Sales'!$A:$Z,12,0) -> 0 | F13: =VLOOKUP($A:$A,'[1]May26- Sales'!$A:$Z,11,0) -> 972.7 | G13: =VLOOKUP($A:$A,'[1]May26- Sales'!$A:$Z,18,0) -> 0 | P13: =B13+F13+G13-N13 -> 1119.6 | Q13: =SUM(B13:D13) -> 1003.6 | R13: =P13-Q13 -> 116 | S13: =(SUMIF('[1]Expenes- Delivery Details'!$C:$C,A:A,'[1]Expenes- Delivery Details'!$E:$E))-AB13-AC13-AD13 -> 145.46 | T13: =SUMIF('[1]Expenes- Delivery Details'!$A:$A,$A13&T$1,'[1]Expenes- Delivery Details'!$E:$E) -> 0 | U13: =SUMIF('[1]Expenes- Delivery Details'!$A:$A,$A13&U$1,'[1]Expenes- Delivery Details'!$E:$E) -> 145.46 | V13: =SUMIF('[1]Expenes- Delivery Details'!$A:$A,$A13&V$1,'[1]Expenes- Delivery Details'!$E:$E) -> 0 | W13: =SUMIF('[1]Expenes- Delivery Details'!$A:$A,$A13&W$1,'[1]Expenes- Delivery Details'!$E:$E) -> 0 | X13: =SUMIF('[1]Expenes- Delivery Details'!$A:$A,$A13&X$1,'[1]Expenes- Delivery Details'!$E:$E) -> 0 | Y13: =SUMIF('[1]Expenes- Delivery Details'!$A:$A,$A13&Y$1,'[1]Expenes- Delivery Details'!$E:$E) -> 0 | AA13: =SUM(T13:Z13)-AD13 -> 145.46 | AB13: =SUMIF('[1]Expenes- Delivery Details'!$B:$B,$A13&AB$1,'[1]Expenes- Delivery Details'!$E:$E) -> 0 | AC13: =SUMIF('[1]Expenes- Delivery Details'!$B:$B,$A13&AC$1,'[1]Expenes- Delivery Details'!$E:$E) -> 0 | AD13: =SUMIF('[1]Expenes- Delivery Details'!$B:$B,$A13&AD$1,'[1]Expenes- Delivery Details'!$E:$E) -> 0 | AE13: =SUMIF('[1]Expenes- Delivery Details'!$B:$B,$A13&AE$1,'[1]Expenes- Delivery Details'!$E:$E) -> 0 | AJ13: =S13+AB13+AI13+AC13+Z13 -> 145.46 | AK13: =P13-AJ13 -> 974.14
A14: 46155 | B14: =VLOOKUP($A:$A,'[1]May26- Sales'!$A:$Z,3,0) -> 274 | C14: =VLOOKUP($A:$A,'[1]May26- Sales'!$A:$Z,18,0) -> 0 | D14: =VLOOKUP($A:$A,'[1]May26- Sales'!$A:$Z,8,0) -> 1832.15 | E14: =VLOOKUP($A:$A,'[1]May26- Sales'!$A:$Z,12,0) -> 0 | F14: =VLOOKUP($A:$A,'[1]May26- Sales'!$A:$Z,11,0) -> 1966.65 | G14: =VLOOKUP($A:$A,'[1]May26- Sales'!$A:$Z,18,0) -> 0 | P14: =B14+F14+G14-N14 -> 2240.65 | Q14: =SUM(B14:D14) -> 2106.15 | R14: =P14-Q14 -> 134.5 | S14: =(SUMIF('[1]Expenes- Delivery Details'!$C:$C,A:A,'[1]Expenes- Delivery Details'!$E:$E))-AB14-AC14-AD14 -> 1329.93 | T14: =SUMIF('[1]Expenes- Delivery Details'!$A:$A,$A14&T$1,'[1]Expenes- Delivery Details'!$E:$E) -> 1000 | U14: =SUMIF('[1]Expenes- Delivery Details'!$A:$A,$A14&U$1,'[1]Expenes- Delivery Details'!$E:$E) -> 329.93 | V14: =SUMIF('[1]Expenes- Delivery Details'!$A:$A,$A14&V$1,'[1]Expenes- Delivery Details'!$E:$E) -> 0 | W14: =SUMIF('[1]Expenes- Delivery Details'!$A:$A,$A14&W$1,'[1]Expenes- Delivery Details'!$E:$E) -> 0 | X14: =SUMIF('[1]Expenes- Delivery Details'!$A:$A,$A14&X$1,'[1]Expenes- Delivery Details'!$E:$E) -> 0 | Y14: =SUMIF('[1]Expenes- Delivery Details'!$A:$A,$A14&Y$1,'[1]Expenes- Delivery Details'!$E:$E) -> 0 | AA14: =SUM(T14:Z14)-AD14 -> 1329.93 | AB14: =SUMIF('[1]Expenes- Delivery Details'!$B:$B,$A14&AB$1,'[1]Expenes- Delivery Details'!$E:$E) -> 0 | AC14: =SUMIF('[1]Expenes- Delivery Details'!$B:$B,$A14&AC$1,'[1]Expenes- Delivery Details'!$E:$E) -> 0 | AD14: =SUMIF('[1]Expenes- Delivery Details'!$B:$B,$A14&AD$1,'[1]Expenes- Delivery Details'!$E:$E) -> 0 | AE14: =SUMIF('[1]Expenes- Delivery Details'!$B:$B,$A14&AE$1,'[1]Expenes- Delivery Details'!$E:$E) -> 0 | AJ14: =S14+AB14+AI14+AC14+Z14 -> 1329.93 | AK14: =P14-AJ14 -> 910.72
A15: 46156 | B15: =VLOOKUP($A:$A,'[1]May26- Sales'!$A:$Z,3,0) -> 179 | C15: =VLOOKUP($A:$A,'[1]May26- Sales'!$A:$Z,18,0) -> 0 | D15: =VLOOKUP($A:$A,'[1]May26- Sales'!$A:$Z,8,0) -> 962.9 | E15: =VLOOKUP($A:$A,'[1]May26- Sales'!$A:$Z,12,0) -> 0 | F15: =VLOOKUP($A:$A,'[1]May26- Sales'!$A:$Z,11,0) -> 1020.91 | G15: =VLOOKUP($A:$A,'[1]May26- Sales'!$A:$Z,18,0) -> 0 | P15: =B15+F15+G15-N15 -> 1199.91 | Q15: =SUM(B15:D15) -> 1141.9 | R15: =P15-Q15 -> 58.01 | S15: =(SUMIF('[1]Expenes- Delivery Details'!$C:$C,A:A,'[1]Expenes- Delivery Details'!$E:$E))-AB15-AC15-AD15 -> 1.9 | T15: =SUMIF('[1]Expenes- Delivery Details'!$A:$A,$A15&T$1,'[1]Expenes- Delivery Details'!$E:$E) -> 0 | U15: =SUMIF('[1]Expenes- Delivery Details'!$A:$A,$A15&U$1,'[1]Expenes- Delivery Details'!$E:$E) -> 1.9 | V15: =SUMIF('[1]Expenes- Delivery Details'!$A:$A,$A15&V$1,'[1]Expenes- Delivery Details'!$E:$E) -> 0 | W15: =SUMIF('[1]Expenes- Delivery Details'!$A:$A,$A15&W$1,'[1]Expenes- Delivery Details'!$E:$E) -> 0 | X15: =SUMIF('[1]Expenes- Delivery Details'!$A:$A,$A15&X$1,'[1]Expenes- Delivery Details'!$E:$E) -> 0 | Y15: =SUMIF('[1]Expenes- Delivery Details'!$A:$A,$A15&Y$1,'[1]Expenes- Delivery Details'!$E:$E) -> 0 | AA15: =SUM(T15:Z15)-AD15 -> 1.9 | AB15: =SUMIF('[1]Expenes- Delivery Details'!$B:$B,$A15&AB$1,'[1]Expenes- Delivery Details'!$E:$E) -> 0 | AC15: =SUMIF('[1]Expenes- Delivery Details'!$B:$B,$A15&AC$1,'[1]Expenes- Delivery Details'!$E:$E) -> 0 | AD15: =SUMIF('[1]Expenes- Delivery Details'!$B:$B,$A15&AD$1,'[1]Expenes- Delivery Details'!$E:$E) -> 0 | AE15: =SUMIF('[1]Expenes- Delivery Details'!$B:$B,$A15&AE$1,'[1]Expenes- Delivery Details'!$E:$E) -> 0 | AJ15: =S15+AB15+AI15+AC15+Z15 -> 1.9 | AK15: =P15-AJ15 -> 1198.01
A16: 46157 | B16: =VLOOKUP($A:$A,'[1]May26- Sales'!$A:$Z,3,0) -> 163.4 | C16: =VLOOKUP($A:$A,'[1]May26- Sales'!$A:$Z,18,0) -> 383 | D16: =VLOOKUP($A:$A,'[1]May26- Sales'!$A:$Z,8,0) -> 1145.4 | E16: =VLOOKUP($A:$A,'[1]May26- Sales'!$A:$Z,12,0) -> 0 | F16: =VLOOKUP($A:$A,'[1]May26- Sales'!$A:$Z,11,0) -> 1257.5 | G16: =VLOOKUP($A:$A,'[1]May26- Sales'!$A:$Z,18,0) -> 383 | P16: =B16+F16+G16-N16 -> 1803.9 | Q16: =SUM(B16:D16) -> 1691.8 | R16: =P16-Q16 -> 112.1 | S16: =(SUMIF('[1]Expenes- Delivery Details'!$C:$C,A:A,'[1]Expenes- Delivery Details'!$E:$E))-AB16-AC16-AD16 -> 926.29 | T16: =SUMIF('[1]Expenes- Delivery Details'!$A:$A,$A16&T$1,'[1]Expenes- Delivery Details'!$E:$E) -> 4429.49 | U16: =SUMIF('[1]Expenes- Delivery Details'!$A:$A,$A16&U$1,'[1]Expenes- Delivery Details'!$E:$E) -> 96.8 | V16: =SUMIF('[1]Expenes- Delivery Details'!$A:$A,$A16&V$1,'[1]Expenes- Delivery Details'!$E:$E) -> 0 | W16: =SUMIF('[1]Expenes- Delivery Details'!$A:$A,$A16&W$1,'[1]Expenes- Delivery Details'!$E:$E) -> 0 | X16: =SUMIF('[1]Expenes- Delivery Details'!$A:$A,$A16&X$1,'[1]Expenes- Delivery Details'!$E:$E) -> 0 | Y16: =SUMIF('[1]Expenes- Delivery Details'!$A:$A,$A16&Y$1,'[1]Expenes- Delivery Details'!$E:$E) -> 0 | AA16: =SUM(T16:Z16)-AD16 -> 926.29 | AB16: =SUMIF('[1]Expenes- Delivery Details'!$B:$B,$A16&AB$1,'[1]Expenes- Delivery Details'!$E:$E) -> 0 | AC16: =SUMIF('[1]Expenes- Delivery Details'!$B:$B,$A16&AC$1,'[1]Expenes- Delivery Details'!$E:$E) -> 0 | AD16: =SUMIF('[1]Expenes- Delivery Details'!$B:$B,$A16&AD$1,'[1]Expenes- Delivery Details'!$E:$E) -> 3600 | AE16: =SUMIF('[1]Expenes- Delivery Details'!$B:$B,$A16&AE$1,'[1]Expenes- Delivery Details'!$E:$E) -> 0 | AJ16: =S16+AB16+AI16+AC16+Z16 -> 926.29 | AK16: =P16-AJ16 -> 877.61
A17: 46158 | B17: =VLOOKUP($A:$A,'[1]May26- Sales'!$A:$Z,3,0) -> 27.9 | C17: =VLOOKUP($A:$A,'[1]May26- Sales'!$A:$Z,18,0) -> 0 | D17: =VLOOKUP($A:$A,'[1]May26- Sales'!$A:$Z,8,0) -> 229.75 | E17: =VLOOKUP($A:$A,'[1]May26- Sales'!$A:$Z,12,0) -> 0 | F17: =VLOOKUP($A:$A,'[1]May26- Sales'!$A:$Z,11,0) -> 232.35 | G17: =VLOOKUP($A:$A,'[1]May26- Sales'!$A:$Z,18,0) -> 0 | P17: =B17+F17+G17-N17 -> 260.25 | Q17: =SUM(B17:D17) -> 257.65 | R17: =P17-Q17 -> 2.6 | S17: =(SUMIF('[1]Expenes- Delivery Details'!$C:$C,A:A,'[1]Expenes- Delivery Details'!$E:$E))-AB17-AC17-AD17 -> 2545.48 | T17: =SUMIF('[1]Expenes- Delivery Details'!$A:$A,$A17&T$1,'[1]Expenes- Delivery Details'!$E:$E) -> 2339.63 | U17: =SUMIF('[1]Expenes- Delivery Details'!$A:$A,$A17&U$1,'[1]Expenes- Delivery Details'!$E:$E) -> 205.85 | V17: =SUMIF('[1]Expenes- Delivery Details'!$A:$A,$A17&V$1,'[1]Expenes- Delivery Details'!$E:$E) -> 0 | W17: =SUMIF('[1]Expenes- Delivery Details'!$A:$A,$A17&W$1,'[1]Expenes- Delivery Details'!$E:$E) -> 0 | X17: =SUMIF('[1]Expenes- Delivery Details'!$A:$A,$A17&X$1,'[1]Expenes- Delivery Details'!$E:$E) -> 0 | Y17: =SUMIF('[1]Expenes- Delivery Details'!$A:$A,$A17&Y$1,'[1]Expenes- Delivery Details'!$E:$E) -> 0 | AA17: =SUM(T17:Z17)-AD17 -> 2545.48 | AB17: =SUMIF('[1]Expenes- Delivery Details'!$B:$B,$A17&AB$1,'[1]Expenes- Delivery Details'!$E:$E) -> 0 | AC17: =SUMIF('[1]Expenes- Delivery Details'!$B:$B,$A17&AC$1,'[1]Expenes- Delivery Details'!$E:$E) -> 0 | AD17: =SUMIF('[1]Expenes- Delivery Details'!$B:$B,$A17&AD$1,'[1]Expenes- Delivery Details'!$E:$E) -> 0 | AE17: =SUMIF('[1]Expenes- Delivery Details'!$B:$B,$A17&AE$1,'[1]Expenes- Delivery Details'!$E:$E) -> 0 | AJ17: =S17+AB17+AI17+AC17+Z17 -> 2545.48 | AK17: =P17-AJ17 -> -2285.23
A18: 46159 | B18: =VLOOKUP($A:$A,'[1]May26- Sales'!$A:$Z,3,0) -> 43.8 | C18: =VLOOKUP($A:$A,'[1]May26- Sales'!$A:$Z,18,0) -> 187.95 | D18: =VLOOKUP($A:$A,'[1]May26- Sales'!$A:$Z,8,0) -> 125.5 | E18: =VLOOKUP($A:$A,'[1]May26- Sales'!$A:$Z,12,0) -> 0 | F18: =VLOOKUP($A:$A,'[1]May26- Sales'!$A:$Z,11,0) -> 128 | G18: =VLOOKUP($A:$A,'[1]May26- Sales'!$A:$Z,18,0) -> 187.95 | P18: =B18+F18+G18-N18 -> 359.75 | Q18: =SUM(B18:D18) -> 357.25 | R18: =P18-Q18 -> 2.5 | S18: =(SUMIF('[1]Expenes- Delivery Details'!$C:$C,A:A,'[1]Expenes- Delivery Details'!$E:$E))-AB18-AC18-AD18 -> 28.3 | T18: =SUMIF('[1]Expenes- Delivery Details'!$A:$A,$A18&T$1,'[1]Expenes- Delivery Details'!$E:$E) -> 0 | U18: =SUMIF('[1]Expenes- Delivery Details'!$A:$A,$A18&U$1,'[1]Expenes- Delivery Details'!$E:$E) -> 28.3 | V18: =SUMIF('[1]Expenes- Delivery Details'!$A:$A,$A18&V$1,'[1]Expenes- Delivery Details'!$E:$E) -> 0 | W18: =SUMIF('[1]Expenes- Delivery Details'!$A:$A,$A18&W$1,'[1]Expenes- Delivery Details'!$E:$E) -> 0 | X18: =SUMIF('[1]Expenes- Delivery Details'!$A:$A,$A18&X$1,'[1]Expenes- Delivery Details'!$E:$E) -> 0 | Y18: =SUMIF('[1]Expenes- Delivery Details'!$A:$A,$A18&Y$1,'[1]Expenes- Delivery Details'!$E:$E) -> 0 | AA18: =SUM(T18:Z18)-AD18 -> 28.3 | AB18: =SUMIF('[1]Expenes- Delivery Details'!$B:$B,$A18&AB$1,'[1]Expenes- Delivery Details'!$E:$E) -> 0 | AC18: =SUMIF('[1]Expenes- Delivery Details'!$B:$B,$A18&AC$1,'[1]Expenes- Delivery Details'!$E:$E) -> 0 | AD18: =SUMIF('[1]Expenes- Delivery Details'!$B:$B,$A18&AD$1,'[1]Expenes- Delivery Details'!$E:$E) -> 0 | AE18: =SUMIF('[1]Expenes- Delivery Details'!$B:$B,$A18&AE$1,'[1]Expenes- Delivery Details'!$E:$E) -> 0 | AJ18: =S18+AB18+AI18+AC18+Z18 -> 28.3 | AK18: =P18-AJ18 -> 331.45
A19: 46160 | B19: =VLOOKUP($A:$A,'[1]May26- Sales'!$A:$Z,3,0) -> 149 | C19: =VLOOKUP($A:$A,'[1]May26- Sales'!$A:$Z,18,0) -> 18.7 | D19: =VLOOKUP($A:$A,'[1]May26- Sales'!$A:$Z,8,0) -> 1055.65 | E19: =VLOOKUP($A:$A,'[1]May26- Sales'!$A:$Z,12,0) -> 0 | F19: =VLOOKUP($A:$A,'[1]May26- Sales'!$A:$Z,11,0) -> 1163.62 | G19: =VLOOKUP($A:$A,'[1]May26- Sales'!$A:$Z,18,0) -> 18.7 | P19: =B19+F19+G19-N19 -> 1331.32 | Q19: =SUM(B19:D19) -> 1223.35 | R19: =P19-Q19 -> 107.97 | S19: =(SUMIF('[1]Expenes- Delivery Details'!$C:$C,A:A,'[1]Expenes- Delivery Details'!$E:$E))-AB19-AC19-AD19 -> 318.25 | T19: =SUMIF('[1]Expenes- Delivery Details'!$A:$A,$A19&T$1,'[1]Expenes- Delivery Details'!$E:$E) -> 311.35 | U19: =SUMIF('[1]Expenes- Delivery Details'!$A:$A,$A19&U$1,'[1]Expenes- Delivery Details'!$E:$E) -> 6.9 | V19: =SUMIF('[1]Expenes- Delivery Details'!$A:$A,$A19&V$1,'[1]Expenes- Delivery Details'!$E:$E) -> 0 | W19: =SUMIF('[1]Expenes- Delivery Details'!$A:$A,$A19&W$1,'[1]Expenes- Delivery Details'!$E:$E) -> 0 | X19: =SUMIF('[1]Expenes- Delivery Details'!$A:$A,$A19&X$1,'[1]Expenes- Delivery Details'!$E:$E) -> 0 | Y19: =SUMIF('[1]Expenes- Delivery Details'!$A:$A,$A19&Y$1,'[1]Expenes- Delivery Details'!$E:$E) -> 0 | AA19: =SUM(T19:Z19)-AD19 -> 318.25 | AB19: =SUMIF('[1]Expenes- Delivery Details'!$B:$B,$A19&AB$1,'[1]Expenes- Delivery Details'!$E:$E) -> 0 | AC19: =SUMIF('[1]Expenes- Delivery Details'!$B:$B,$A19&AC$1,'[1]Expenes- Delivery Details'!$E:$E) -> 0 | AD19: =SUMIF('[1]Expenes- Delivery Details'!$B:$B,$A19&AD$1,'[1]Expenes- Delivery Details'!$E:$E) -> 0 | AE19: =SUMIF('[1]Expenes- Delivery Details'!$B:$B,$A19&AE$1,'[1]Expenes- Delivery Details'!$E:$E) -> 0 | AJ19: =S19+AB19+AI19+AC19+Z19 -> 318.25 | AK19: =P19-AJ19 -> 1013.07
... A32: 46173 | B32: =VLOOKUP($A:$A,'[1]May26- Sales'!$A:$Z,3,0) -> 33.1 | C32: =VLOOKUP($A:$A,'[1]May26- Sales'!$A:$Z,18,0) -> 0 | D32: =VLOOKUP($A:$A,'[1]May26- Sales'!$A:$Z,8,0) -> 543.8 | E32: =VLOOKUP($A:$A,'[1]May26- Sales'!$A:$Z,12,0) -> 0 | F32: =VLOOKUP($A:$A,'[1]May26- Sales'!$A:$Z,11,0) -> 0 | G32: =VLOOKUP($A:$A,'[1]May26- Sales'!$A:$Z,18,0) -> 0 | P32: =B32+F32+G32-N32 -> 33.1 | Q32: =SUM(B32:D32) -> 576.9 | R32: =P32-Q32 -> -543.8 | S32: =(SUMIF('[1]Expenes- Delivery Details'!$C:$C,A:A,'[1]Expenes- Delivery Details'!$E:$E))-AB32-AC32-AD32 -> 74.5 | T32: =SUMIF('[1]Expenes- Delivery Details'!$A:$A,$A32&T$1,'[1]Expenes- Delivery Details'!$E:$E) -> 0 | U32: =SUMIF('[1]Expenes- Delivery Details'!$A:$A,$A32&U$1,'[1]Expenes- Delivery Details'!$E:$E) -> 74.5 | V32: =SUMIF('[1]Expenes- Delivery Details'!$A:$A,$A32&V$1,'[1]Expenes- Delivery Details'!$E:$E) -> 0 | W32: =SUMIF('[1]Expenes- Delivery Details'!$A:$A,$A32&W$1,'[1]Expenes- Delivery Details'!$E:$E) -> 0 | X32: =SUMIF('[1]Expenes- Delivery Details'!$A:$A,$A32&X$1,'[1]Expenes- Delivery Details'!$E:$E) -> 0 | Y32: =SUMIF('[1]Expenes- Delivery Details'!$A:$A,$A32&Y$1,'[1]Expenes- Delivery Details'!$E:$E) -> 0 | AA32: =SUM(T32:Z32)-AD32 -> 74.5 | AB32: =SUMIF('[1]Expenes- Delivery Details'!$B:$B,$A32&AB$1,'[1]Expenes- Delivery Details'!$E:$E) -> 0 | AC32: =SUMIF('[1]Expenes- Delivery Details'!$B:$B,$A32&AC$1,'[1]Expenes- Delivery Details'!$E:$E) -> 0 | AD32: =SUMIF('[1]Expenes- Delivery Details'!$B:$B,$A32&AD$1,'[1]Expenes- Delivery Details'!$E:$E) -> 0 | AE32: =SUMIF('[1]Expenes- Delivery Details'!$B:$B,$A32&AE$1,'[1]Expenes- Delivery Details'!$E:$E) -> 0 | AJ32: =S32+AB32+AI32+AC32+Z32 -> 74.5 | AK32: =P32-AJ32 -> -41.4
A33: Total | B33: =SUM(B2:B32) -> 3586.25 | C33: =SUM(C2:C32) -> 4036.05 | D33: =SUM(D2:D32) -> 24263.8 | E33: =SUM(E2:E32) -> 0 | F33: =SUM(F2:F32) -> 25249.71 | G33: =SUM(G2:G32) -> 4036.05 | H33: =SUM(H2:H32) -> 0 | I33: =SUM(I2:I32) -> 0 | ... AJ33: =SUM(AJ2:AJ32) -> 24985.877 | AK33: =P33-AJ33 -> 7886.133
A34: Service Fee | B34: =B33/100*0 -> 0 | C34: =C33/100*0 -> 0 | D34: =D33/100*0 -> 0 | E34: =E33/100*0 -> 0 | F34: =F33/100*0.7 -> 176.74797 | G34: =G33/100*0.2 -> 8.0721 | H34: =H33/100*37 -> 0 | I34: =I33/100*37 -> 0 | J34: =J33/100*37 -> 0 | K34: =K33/100*2.5 -> 0 | L34: =L33/100*2.5 -> 0 | M34: =M33/100*0 -> 0 | N34: =N33/100*70 -> 0 | O34: =O33/100*0 -> 0 | P34: =B34+E34+F34+G34-N34 -> 184.82007
A35: Grand Total | B35: =SUM(B33-B34) -> 3586.25 | C35: =SUM(C33-C34) -> 4036.05 | D35: =SUM(D33-D34) -> 24263.8 | E35: =SUM(E33-E34) -> 0 | F35: =SUM(F33-F34) -> 25072.962 | G35: =SUM(G33-G34) -> 4027.9779 | H35: =SUM(H33-H34) -> 0 | I35: =SUM(I33-I34) -> 0 | ... O35: =SUM(O33-O34) -> 0 | P35: =P33-P34 -> 32687.19 | Q35: =SUM(Q33-Q34) -> 31886.1 | R35: =SUM(R33-R34) -> 985.91 | S35: =SUM(S33-S34) -> 13651.277 | T35: =SUM(T33-T34) -> 31467.377 | U35: =SUM(U33-U34) -> 4483.89 | V35: =SUM(V33-V34) -> 116.72 | W35: =SUM(W33-W34) -> 0 | X35: =SUM(X33-X34) -> 0 | Y35: =SUM(Y33-Y34) -> 117.89 | AA35: =SUM(AA33-AA34) -> 24985.877 | AB35: =SUM(AB33-AB34) -> 6400 | AC35: =SUM(AC33-AC34) -> 4934.6 | AD35: =SUM(AD33-AD34) -> 11200 | AE35: =SUM(AE33-AE34) -> 280 | AF35: =SUM(AF33-AF34) -> 0 | AG35: =SUM(AG33-AG34) -> 0 | AH35: =SUM(AH33-AH34) -> 0 | ... AJ35: =SUM(AJ33-AJ34) -> 24985.877 | AK35: =P35-AJ35 -> 7701.3129
S36: =S33/P33 -> 0.41528574 | AB36: =AB33/P33 -> 0.19469451 | AC36: =AC33/P33 -> 0.15011555 | AK36: =AK35/P35 -> 0.23560645
S37: 15124 | T37: WITHOUT LOAN AND STAFF EXP | AJ37: =GETPIVOTDATA("Amount",'[1]Expenes- Delivery Details'!$J$1) -> #REF! | AK37: =P35-AJ37 -> #REF!
S38: =S37/P33 -> 0.46008747
S39: 13736 | T39: WITHOUT BANJARA
S40: =S39/P33 -> 0.4178631

Sheet Apr26
A1: DATE | B1: CASH | C1: Credit Cards | D1: PayNow-Qashier | E1: OCBC-PayNow | F1: Qashier | G1: Adyen | H1: FOOD PANDA | I1: GRAB FOOD | J1: PAYPAL | K1: NETS | L1: CHEQUE | M1: BANJARA SALES | N1: MICS | O1: SALES - Received | P1: POS SALES | Q1: Difference | R1: SUPPLIERS | S1: OCBC Account | T1: Petty Cash | U1: Sowji Cash | V1: Madhav DBS | W1: Un-Paid | X1: Counter Cash | Y1: Banjara Samosa | Z1: Total Supplies Expenses | AA1: SALARIES | AB1: Rent | AC1: Loan | AD1: Assets | AE1: CPF / LOAN | AF1: SINGTEL / STAR HUB | AG1: MICS | AH1: MICS | AI1: EXPENSES | AJ1: PROFIT
A2: 46113 | B2: =VLOOKUP($A:$A,'[1]APR26- Sales'!$A:$Z,3,0) -> 198.95 | C2: =VLOOKUP($A:$A,'[1]APR26- Sales'!$A:$Z,17,0) -> 364.4 | D2: =VLOOKUP($A:$A,'[1]APR26- Sales'!$A:$Z,8,0) -> 837.9 | E2: =VLOOKUP($A:$A,'[1]APR26- Sales'!$A:$Z,12,0) -> 193.1 | F2: =VLOOKUP($A:$A,'[1]APR26- Sales'!$A:$Z,11,0) -> 697.2 | G2: =VLOOKUP($A:$A,'[1]APR26- Sales'!$A:$Z,18,0) -> 367.7 | O2: =B2+F2+G2-M2 -> 1263.85 | P2: =SUM(B2:D2) -> 1401.25 | Q2: =O2-P2 -> -137.4 | R2: =(SUMIF('[1]Expenes- Delivery Details'!$C:$C,A:A,'[1]Expenes- Delivery Details'!$E:$E))-AA2-AB2-AC2 -> 585.65 | S2: =SUMIF('[1]Expenes- Delivery Details'!$A:$A,$A2&S$1,'[1]Expenes- Delivery Details'!$E:$E) -> 585.65 | T2: =SUMIF('[1]Expenes- Delivery Details'!$A:$A,$A2&T$1,'[1]Expenes- Delivery Details'!$E:$E) -> 0 | U2: =SUMIF('[1]Expenes- Delivery Details'!$A:$A,$A2&U$1,'[1]Expenes- Delivery Details'!$E:$E) -> 0 | V2: =SUMIF('[1]Expenes- Delivery Details'!$A:$A,$A2&V$1,'[1]Expenes- Delivery Details'!$E:$E) -> 0 | W2: =SUMIF('[1]Expenes- Delivery Details'!$A:$A,$A2&W$1,'[1]Expenes- Delivery Details'!$E:$E) -> 0 | X2: =SUMIF('[1]Expenes- Delivery Details'!$A:$A,$A2&X$1,'[1]Expenes- Delivery Details'!$E:$E) -> 0 | Z2: =SUM(S2:Y2)-AC2 -> 585.65 | AA2: =SUMIF('[1]Expenes- Delivery Details'!$B:$B,$A2&AA$1,'[1]Expenes- Delivery Details'!$E:$E) -> 0 | AB2: =SUMIF('[1]Expenes- Delivery Details'!$B:$B,$A2&AB$1,'[1]Expenes- Delivery Details'!$E:$E) -> 0 | AC2: =SUMIF('[1]Expenes- Delivery Details'!$B:$B,$A2&AC$1,'[1]Expenes- Delivery Details'!$E:$E) -> 0 | AD2: =SUMIF('[1]Expenes- Delivery Details'!$B:$B,$A2&AD$1,'[1]Expenes- Delivery Details'!$E:$E) -> 0 | AI2: =R2+AA2+AH2+AB2+Y2 -> 585.65 | AJ2: =O2-AI2 -> 678.2
A3: 46114 | B3: =VLOOKUP($A:$A,'[1]APR26- Sales'!$A:$Z,3,0) -> 157.2 | C3: =VLOOKUP($A:$A,'[1]APR26- Sales'!$A:$Z,17,0) -> 98.4 | D3: =VLOOKUP($A:$A,'[1]APR26- Sales'!$A:$Z,8,0) -> 934.6 | E3: =VLOOKUP($A:$A,'[1]APR26- Sales'!$A:$Z,12,0) -> 92.4 | F3: =VLOOKUP($A:$A,'[1]APR26- Sales'!$A:$Z,11,0) -> 887.7 | G3: =VLOOKUP($A:$A,'[1]APR26- Sales'!$A:$Z,18,0) -> 98.4 | O3: =B3+F3+G3-M3 -> 1143.3 | P3: =SUM(B3:D3) -> 1190.2 | Q3: =O3-P3 -> -46.9 | R3: =(SUMIF('[1]Expenes- Delivery Details'!$C:$C,A:A,'[1]Expenes- Delivery Details'!$E:$E))-AA3-AB3-AC3 -> 668.83 | S3: =SUMIF('[1]Expenes- Delivery Details'!$A:$A,$A3&S$1,'[1]Expenes- Delivery Details'!$E:$E) -> 668.83 | T3: =SUMIF('[1]Expenes- Delivery Details'!$A:$A,$A3&T$1,'[1]Expenes- Delivery Details'!$E:$E) -> 0 | U3: =SUMIF('[1]Expenes- Delivery Details'!$A:$A,$A3&U$1,'[1]Expenes- Delivery Details'!$E:$E) -> 0 | V3: =SUMIF('[1]Expenes- Delivery Details'!$A:$A,$A3&V$1,'[1]Expenes- Delivery Details'!$E:$E) -> 0 | W3: =SUMIF('[1]Expenes- Delivery Details'!$A:$A,$A3&W$1,'[1]Expenes- Delivery Details'!$E:$E) -> 0 | X3: =SUMIF('[1]Expenes- Delivery Details'!$A:$A,$A3&X$1,'[1]Expenes- Delivery Details'!$E:$E) -> 0 | Z3: =SUM(S3:Y3)-AC3 -> 668.83 | AA3: =SUMIF('[1]Expenes- Delivery Details'!$B:$B,$A3&AA$1,'[1]Expenes- Delivery Details'!$E:$E) -> 0 | AB3: =SUMIF('[1]Expenes- Delivery Details'!$B:$B,$A3&AB$1,'[1]Expenes- Delivery Details'!$E:$E) -> 0 | AC3: =SUMIF('[1]Expenes- Delivery Details'!$B:$B,$A3&AC$1,'[1]Expenes- Delivery Details'!$E:$E) -> 0 | AD3: =SUMIF('[1]Expenes- Delivery Details'!$B:$B,$A3&AD$1,'[1]Expenes- Delivery Details'!$E:$E) -> 0 | AI3: =R3+AA3+AH3+AB3+Y3 -> 668.83 | AJ3: =O3-AI3 -> 474.47 | AP3: OCBC Account
A4: 46115 | B4: =VLOOKUP($A:$A,'[1]APR26- Sales'!$A:$Z,3,0) -> 0 | C4: =VLOOKUP($A:$A,'[1]APR26- Sales'!$A:$Z,17,0) -> 0 | D4: =VLOOKUP($A:$A,'[1]APR26- Sales'!$A:$Z,8,0) -> 0 | E4: =VLOOKUP($A:$A,'[1]APR26- Sales'!$A:$Z,12,0) -> 0 | F4: =VLOOKUP($A:$A,'[1]APR26- Sales'!$A:$Z,11,0) -> 0 | G4: =VLOOKUP($A:$A,'[1]APR26- Sales'!$A:$Z,18,0) -> 0 | O4: =B4+F4+G4-M4 -> 0 | P4: =SUM(B4:D4) -> 0 | Q4: =O4-P4 -> 0 | R4: =(SUMIF('[1]Expenes- Delivery Details'!$C:$C,A:A,'[1]Expenes- Delivery Details'!$E:$E))-AA4-AB4-AC4 -> 217.69 | S4: =SUMIF('[1]Expenes- Delivery Details'!$A:$A,$A4&S$1,'[1]Expenes- Delivery Details'!$E:$E) -> 0 | T4: =SUMIF('[1]Expenes- Delivery Details'!$A:$A,$A4&T$1,'[1]Expenes- Delivery Details'!$E:$E) -> 217.69 | U4: =SUMIF('[1]Expenes- Delivery Details'!$A:$A,$A4&U$1,'[1]Expenes- Delivery Details'!$E:$E) -> 0 | V4: =SUMIF('[1]Expenes- Delivery Details'!$A:$A,$A4&V$1,'[1]Expenes- Delivery Details'!$E:$E) -> 0 | W4: =SUMIF('[1]Expenes- Delivery Details'!$A:$A,$A4&W$1,'[1]Expenes- Delivery Details'!$E:$E) -> 0 | X4: =SUMIF('[1]Expenes- Delivery Details'!$A:$A,$A4&X$1,'[1]Expenes- Delivery Details'!$E:$E) -> 0 | Z4: =SUM(S4:Y4)-AC4 -> 217.69 | AA4: =SUMIF('[1]Expenes- Delivery Details'!$B:$B,$A4&AA$1,'[1]Expenes- Delivery Details'!$E:$E) -> 0 | AB4: =SUMIF('[1]Expenes- Delivery Details'!$B:$B,$A4&AB$1,'[1]Expenes- Delivery Details'!$E:$E) -> 0 | AC4: =SUMIF('[1]Expenes- Delivery Details'!$B:$B,$A4&AC$1,'[1]Expenes- Delivery Details'!$E:$E) -> 0 | AD4: =SUMIF('[1]Expenes- Delivery Details'!$B:$B,$A4&AD$1,'[1]Expenes- Delivery Details'!$E:$E) -> 79 | AI4: =R4+AA4+AH4+AB4+Y4 -> 217.69 | AJ4: =O4-AI4 -> -217.69 | AP4: Petty Cash
A5: 46116 | B5: =VLOOKUP($A:$A,'[1]APR26- Sales'!$A:$Z,3,0) -> 0 | C5: =VLOOKUP($A:$A,'[1]APR26- Sales'!$A:$Z,17,0) -> 0 | D5: =VLOOKUP($A:$A,'[1]APR26- Sales'!$A:$Z,8,0) -> 0 | E5: =VLOOKUP($A:$A,'[1]APR26- Sales'!$A:$Z,12,0) -> 1 | F5: =VLOOKUP($A:$A,'[1]APR26- Sales'!$A:$Z,11,0) -> 0 | G5: =VLOOKUP($A:$A,'[1]APR26- Sales'!$A:$Z,18,0) -> 0 | O5: =B5+F5+G5-M5 -> 0 | P5: =SUM(B5:D5) -> 0 | Q5: =O5-P5 -> 0 | R5: =(SUMIF('[1]Expenes- Delivery Details'!$C:$C,A:A,'[1]Expenes- Delivery Details'!$E:$E))-AA5-AB5-AC5 -> 0 | S5: =SUMIF('[1]Expenes- Delivery Details'!$A:$A,$A5&S$1,'[1]Expenes- Delivery Details'!$E:$E) -> 0 | T5: =SUMIF('[1]Expenes- Delivery Details'!$A:$A,$A5&T$1,'[1]Expenes- Delivery Details'!$E:$E) -> 0 | U5: =SUMIF('[1]Expenes- Delivery Details'!$A:$A,$A5&U$1,'[1]Expenes- Delivery Details'!$E:$E) -> 0 | V5: =SUMIF('[1]Expenes- Delivery Details'!$A:$A,$A5&V$1,'[1]Expenes- Delivery Details'!$E:$E) -> 0 | W5: =SUMIF('[1]Expenes- Delivery Details'!$A:$A,$A5&W$1,'[1]Expenes- Delivery Details'!$E:$E) -> 0 | X5: =SUMIF('[1]Expenes- Delivery Details'!$A:$A,$A5&X$1,'[1]Expenes- Delivery Details'!$E:$E) -> 0 | Z5: =SUM(S5:Y5)-AC5 -> 0 | AA5: =SUMIF('[1]Expenes- Delivery Details'!$B:$B,$A5&AA$1,'[1]Expenes- Delivery Details'!$E:$E) -> 0 | AB5: =SUMIF('[1]Expenes- Delivery Details'!$B:$B,$A5&AB$1,'[1]Expenes- Delivery Details'!$E:$E) -> 0 | AC5: =SUMIF('[1]Expenes- Delivery Details'!$B:$B,$A5&AC$1,'[1]Expenes- Delivery Details'!$E:$E) -> 0 | AD5: =SUMIF('[1]Expenes- Delivery Details'!$B:$B,$A5&AD$1,'[1]Expenes- Delivery Details'!$E:$E) -> 0 | AI5: =R5+AA5+AH5+AB5+Y5 -> 0 | AJ5: =O5-AI5 -> 0 | AP5: Sowji Cash
A6: 46117 | B6: =VLOOKUP($A:$A,'[1]APR26- Sales'!$A:$Z,3,0) -> 0 | C6: =VLOOKUP($A:$A,'[1]APR26- Sales'!$A:$Z,17,0) -> 0 | D6: =VLOOKUP($A:$A,'[1]APR26- Sales'!$A:$Z,8,0) -> 0 | E6: =VLOOKUP($A:$A,'[1]APR26- Sales'!$A:$Z,12,0) -> 0 | F6: =VLOOKUP($A:$A,'[1]APR26- Sales'!$A:$Z,11,0) -> 0 | G6: =VLOOKUP($A:$A,'[1]APR26- Sales'!$A:$Z,18,0) -> 0 | O6: =B6+F6+G6-M6 -> 0 | P6: =SUM(B6:D6) -> 0 | Q6: =O6-P6 -> 0 | R6: =(SUMIF('[1]Expenes- Delivery Details'!$C:$C,A:A,'[1]Expenes- Delivery Details'!$E:$E))-AA6-AB6-AC6 -> 68.9 | S6: =SUMIF('[1]Expenes- Delivery Details'!$A:$A,$A6&S$1,'[1]Expenes- Delivery Details'!$E:$E) -> 0 | T6: =SUMIF('[1]Expenes- Delivery Details'!$A:$A,$A6&T$1,'[1]Expenes- Delivery Details'!$E:$E) -> 68.9 | U6: =SUMIF('[1]Expenes- Delivery Details'!$A:$A,$A6&U$1,'[1]Expenes- Delivery Details'!$E:$E) -> 0 | V6: =SUMIF('[1]Expenes- Delivery Details'!$A:$A,$A6&V$1,'[1]Expenes- Delivery Details'!$E:$E) -> 0 | W6: =SUMIF('[1]Expenes- Delivery Details'!$A:$A,$A6&W$1,'[1]Expenes- Delivery Details'!$E:$E) -> 0 | X6: =SUMIF('[1]Expenes- Delivery Details'!$A:$A,$A6&X$1,'[1]Expenes- Delivery Details'!$E:$E) -> 0 | Z6: =SUM(S6:Y6)-AC6 -> 68.9 | AA6: =SUMIF('[1]Expenes- Delivery Details'!$B:$B,$A6&AA$1,'[1]Expenes- Delivery Details'!$E:$E) -> 0 | AB6: =SUMIF('[1]Expenes- Delivery Details'!$B:$B,$A6&AB$1,'[1]Expenes- Delivery Details'!$E:$E) -> 0 | AC6: =SUMIF('[1]Expenes- Delivery Details'!$B:$B,$A6&AC$1,'[1]Expenes- Delivery Details'!$E:$E) -> 0 | AD6: =SUMIF('[1]Expenes- Delivery Details'!$B:$B,$A6&AD$1,'[1]Expenes- Delivery Details'!$E:$E) -> 15 | AI6: =R6+AA6+AH6+AB6+Y6 -> 68.9 | AJ6: =O6-AI6 -> -68.9 | AP6: Un-Paid
A7: 46118 | B7: =VLOOKUP($A:$A,'[1]APR26- Sales'!$A:$Z,3,0) -> 256.1 | C7: =VLOOKUP($A:$A,'[1]APR26- Sales'!$A:$Z,17,0) -> 86.7 | D7: =VLOOKUP($A:$A,'[1]APR26- Sales'!$A:$Z,8,0) -> 795.9 | E7: =VLOOKUP($A:$A,'[1]APR26- Sales'!$A:$Z,12,0) -> 0 | F7: =VLOOKUP($A:$A,'[1]APR26- Sales'!$A:$Z,11,0) -> 815 | G7: =VLOOKUP($A:$A,'[1]APR26- Sales'!$A:$Z,18,0) -> 86.7 | O7: =B7+F7+G7-M7 -> 1157.8 | P7: =SUM(B7:D7) -> 1138.7 | Q7: =O7-P7 -> 19.1 | R7: =(SUMIF('[1]Expenes- Delivery Details'!$C:$C,A:A,'[1]Expenes- Delivery Details'!$E:$E))-AA7-AB7-AC7 -> 1470.3 | S7: =SUMIF('[1]Expenes- Delivery Details'!$A:$A,$A7&S$1,'[1]Expenes- Delivery Details'!$E:$E) -> 8188 | T7: =SUMIF('[1]Expenes- Delivery Details'!$A:$A,$A7&T$1,'[1]Expenes- Delivery Details'!$E:$E) -> 82.3 | U7: =SUMIF('[1]Expenes- Delivery Details'!$A:$A,$A7&U$1,'[1]Expenes- Delivery Details'!$E:$E) -> 0 | V7: =SUMIF('[1]Expenes- Delivery Details'!$A:$A,$A7&V$1,'[1]Expenes- Delivery Details'!$E:$E) -> 0 | W7: =SUMIF('[1]Expenes- Delivery Details'!$A:$A,$A7&W$1,'[1]Expenes- Delivery Details'!$E:$E) -> 0 | X7: =SUMIF('[1]Expenes- Delivery Details'!$A:$A,$A7&X$1,'[1]Expenes- Delivery Details'!$E:$E) -> 100 | Z7: =SUM(S7:Y7)-AC7 -> 3370.3 | AA7: =SUMIF('[1]Expenes- Delivery Details'!$B:$B,$A7&AA$1,'[1]Expenes- Delivery Details'!$E:$E) -> 1900 | AB7: =SUMIF('[1]Expenes- Delivery Details'!$B:$B,$A7&AB$1,'[1]Expenes- Delivery Details'!$E:$E) -> 0 | AC7: =SUMIF('[1]Expenes- Delivery Details'!$B:$B,$A7&AC$1,'[1]Expenes- Delivery Details'!$E:$E) -> 5000 | AD7: =SUMIF('[1]Expenes- Delivery Details'!$B:$B,$A7&AD$1,'[1]Expenes- Delivery Details'!$E:$E) -> 0 | AI7: =R7+AA7+AH7+AB7+Y7 -> 3370.3 | AJ7: =O7-AI7 -> -2212.5 | AP7: Counter Cash
A8: 46119 | B8: =VLOOKUP($A:$A,'[1]APR26- Sales'!$A:$Z,3,0) -> 171.3 | C8: =VLOOKUP($A:$A,'[1]APR26- Sales'!$A:$Z,17,0) -> 40.8 | D8: =VLOOKUP($A:$A,'[1]APR26- Sales'!$A:$Z,8,0) -> 957.3 | E8: =VLOOKUP($A:$A,'[1]APR26- Sales'!$A:$Z,12,0) -> 0 | F8: =VLOOKUP($A:$A,'[1]APR26- Sales'!$A:$Z,11,0) -> 1007 | G8: =VLOOKUP($A:$A,'[1]APR26- Sales'!$A:$Z,18,0) -> 40.8 | O8: =B8+F8+G8-M8 -> 1219.1 | P8: =SUM(B8:D8) -> 1169.4 | Q8: =O8-P8 -> 49.7 | R8: =(SUMIF('[1]Expenes- Delivery Details'!$C:$C,A:A,'[1]Expenes- Delivery Details'!$E:$E))-AA8-AB8-AC8 -> 142.59 | S8: =SUMIF('[1]Expenes- Delivery Details'!$A:$A,$A8&S$1,'[1]Expenes- Delivery Details'!$E:$E) -> 1600 | T8: =SUMIF('[1]Expenes- Delivery Details'!$A:$A,$A8&T$1,'[1]Expenes- Delivery Details'!$E:$E) -> 42.59 | U8: =SUMIF('[1]Expenes- Delivery Details'!$A:$A,$A8&U$1,'[1]Expenes- Delivery Details'!$E:$E) -> 0 | V8: =SUMIF('[1]Expenes- Delivery Details'!$A:$A,$A8&V$1,'[1]Expenes- Delivery Details'!$E:$E) -> 0 | W8: =SUMIF('[1]Expenes- Delivery Details'!$A:$A,$A8&W$1,'[1]Expenes- Delivery Details'!$E:$E) -> 0 | X8: =SUMIF('[1]Expenes- Delivery Details'!$A:$A,$A8&X$1,'[1]Expenes- Delivery Details'!$E:$E) -> 0 | Z8: =SUM(S8:Y8)-AC8 -> 1642.59 | AA8: =SUMIF('[1]Expenes- Delivery Details'!$B:$B,$A8&AA$1,'[1]Expenes- Delivery Details'!$E:$E) -> 1500 | AB8: =SUMIF('[1]Expenes- Delivery Details'!$B:$B,$A8&AB$1,'[1]Expenes- Delivery Details'!$E:$E) -> 0 | AC8: =SUMIF('[1]Expenes- Delivery Details'!$B:$B,$A8&AC$1,'[1]Expenes- Delivery Details'!$E:$E) -> 0 | AD8: =SUMIF('[1]Expenes- Delivery Details'!$B:$B,$A8&AD$1,'[1]Expenes- Delivery Details'!$E:$E) -> 0 | AI8: =R8+AA8+AH8+AB8+Y8 -> 1642.59 | AJ8: =O8-AI8 -> -423.49
A9: 46120 | B9: =VLOOKUP($A:$A,'[1]APR26- Sales'!$A:$Z,3,0) -> 162.9 | C9: =VLOOKUP($A:$A,'[1]APR26- Sales'!$A:$Z,17,0) -> 204.15 | D9: =VLOOKUP($A:$A,'[1]APR26- Sales'!$A:$Z,8,0) -> 939.8 | E9: =VLOOKUP($A:$A,'[1]APR26- Sales'!$A:$Z,12,0) -> 0 | F9: =VLOOKUP($A:$A,'[1]APR26- Sales'!$A:$Z,11,0) -> 979.85 | G9: =VLOOKUP($A:$A,'[1]APR26- Sales'!$A:$Z,18,0) -> 203.15 | O9: =B9+F9+G9-M9 -> 1345.9 | P9: =SUM(B9:D9) -> 1306.85 | Q9: =O9-P9 -> 39.05 | R9: =(SUMIF('[1]Expenes- Delivery Details'!$C:$C,A:A,'[1]Expenes- Delivery Details'!$E:$E))-AA9-AB9-AC9 -> 143.66 | S9: =SUMIF('[1]Expenes- Delivery Details'!$A:$A,$A9&S$1,'[1]Expenes- Delivery Details'!$E:$E) -> 121.31 | T9: =SUMIF('[1]Expenes- Delivery Details'!$A:$A,$A9&T$1,'[1]Expenes- Delivery Details'!$E:$E) -> 22.35 | U9: =SUMIF('[1]Expenes- Delivery Details'!$A:$A,$A9&U$1,'[1]Expenes- Delivery Details'!$E:$E) -> 0 | V9: =SUMIF('[1]Expenes- Delivery Details'!$A:$A,$A9&V$1,'[1]Expenes- Delivery Details'!$E:$E) -> 0 | W9: =SUMIF('[1]Expenes- Delivery Details'!$A:$A,$A9&W$1,'[1]Expenes- Delivery Details'!$E:$E) -> 0 | X9: =SUMIF('[1]Expenes- Delivery Details'!$A:$A,$A9&X$1,'[1]Expenes- Delivery Details'!$E:$E) -> 0 | Z9: =SUM(S9:Y9)-AC9 -> 143.66 | AA9: =SUMIF('[1]Expenes- Delivery Details'!$B:$B,$A9&AA$1,'[1]Expenes- Delivery Details'!$E:$E) -> 0 | AB9: =SUMIF('[1]Expenes- Delivery Details'!$B:$B,$A9&AB$1,'[1]Expenes- Delivery Details'!$E:$E) -> 0 | AC9: =SUMIF('[1]Expenes- Delivery Details'!$B:$B,$A9&AC$1,'[1]Expenes- Delivery Details'!$E:$E) -> 0 | AD9: =SUMIF('[1]Expenes- Delivery Details'!$B:$B,$A9&AD$1,'[1]Expenes- Delivery Details'!$E:$E) -> 121.31 | AI9: =R9+AA9+AH9+AB9+Y9 -> 143.66 | AJ9: =O9-AI9 -> 1202.24
A10: 46121 | B10: =VLOOKUP($A:$A,'[1]APR26- Sales'!$A:$Z,3,0) -> 187.5 | C10: =VLOOKUP($A:$A,'[1]APR26- Sales'!$A:$Z,17,0) -> 353.65 | D10: =VLOOKUP($A:$A,'[1]APR26- Sales'!$A:$Z,8,0) -> 887.95 | E10: =VLOOKUP($A:$A,'[1]APR26- Sales'!$A:$Z,12,0) -> 0 | F10: =VLOOKUP($A:$A,'[1]APR26- Sales'!$A:$Z,11,0) -> 902.05 | G10: =VLOOKUP($A:$A,'[1]APR26- Sales'!$A:$Z,18,0) -> 366.15 | O10: =B10+F10+G10-M10 -> 1455.7 | P10: =SUM(B10:D10) -> 1429.1 | Q10: =O10-P10 -> 26.6 | R10: =(SUMIF('[1]Expenes- Delivery Details'!$C:$C,A:A,'[1]Expenes- Delivery Details'!$E:$E))-AA10-AB10-AC10 -> 22.09 | S10: =SUMIF('[1]Expenes- Delivery Details'!$A:$A,$A10&S$1,'[1]Expenes- Delivery Details'!$E:$E) -> 0 | T10: =SUMIF('[1]Expenes- Delivery Details'!$A:$A,$A10&T$1,'[1]Expenes- Delivery Details'!$E:$E) -> 22.09 | U10: =SUMIF('[1]Expenes- Delivery Details'!$A:$A,$A10&U$1,'[1]Expenes- Delivery Details'!$E:$E) -> 0 | V10: =SUMIF('[1]Expenes- Delivery Details'!$A:$A,$A10&V$1,'[1]Expenes- Delivery Details'!$E:$E) -> 0 | W10: =SUMIF('[1]Expenes- Delivery Details'!$A:$A,$A10&W$1,'[1]Expenes- Delivery Details'!$E:$E) -> 0 | X10: =SUMIF('[1]Expenes- Delivery Details'!$A:$A,$A10&X$1,'[1]Expenes- Delivery Details'!$E:$E) -> 0 | Z10: =SUM(S10:Y10)-AC10 -> 22.09 | AA10: =SUMIF('[1]Expenes- Delivery Details'!$B:$B,$A10&AA$1,'[1]Expenes- Delivery Details'!$E:$E) -> 0 | AB10: =SUMIF('[1]Expenes- Delivery Details'!$B:$B,$A10&AB$1,'[1]Expenes- Delivery Details'!$E:$E) -> 0 | AC10: =SUMIF('[1]Expenes- Delivery Details'!$B:$B,$A10&AC$1,'[1]Expenes- Delivery Details'!$E:$E) -> 0 | AD10: =SUMIF('[1]Expenes- Delivery Details'!$B:$B,$A10&AD$1,'[1]Expenes- Delivery Details'!$E:$E) -> 0 | AI10: =R10+AA10+AH10+AB10+Y10 -> 22.09 | AJ10: =O10-AI10 -> 1433.61
A11: 46122 | B11: =VLOOKUP($A:$A,'[1]APR26- Sales'!$A:$Z,3,0) -> 276.9 | C11: =VLOOKUP($A:$A,'[1]APR26- Sales'!$A:$Z,17,0) -> 228.6 | D11: =VLOOKUP($A:$A,'[1]APR26- Sales'!$A:$Z,8,0) -> 833.9 | E11: =VLOOKUP($A:$A,'[1]APR26- Sales'!$A:$Z,12,0) -> 0 | F11: =VLOOKUP($A:$A,'[1]APR26- Sales'!$A:$Z,11,0) -> 877 | G11: =VLOOKUP($A:$A,'[1]APR26- Sales'!$A:$Z,18,0) -> 228.6 | O11: =B11+F11+G11-M11 -> 1382.5 | P11: =SUM(B11:D11) -> 1339.4 | Q11: =O11-P11 -> 43.1 | R11: =(SUMIF('[1]Expenes- Delivery Details'!$C:$C,A:A,'[1]Expenes- Delivery Details'!$E:$E))-AA11-AB11-AC11 -> 1156.73 | S11: =SUMIF('[1]Expenes- Delivery Details'!$A:$A,$A11&S$1,'[1]Expenes- Delivery Details'!$E:$E) -> 883.39 | T11: =SUMIF('[1]Expenes- Delivery Details'!$A:$A,$A11&T$1,'[1]Expenes- Delivery Details'!$E:$E) -> 105.91 | U11: =SUMIF('[1]Expenes- Delivery Details'!$A:$A,$A11&U$1,'[1]Expenes- Delivery Details'!$E:$E) -> 0 | V11: =SUMIF('[1]Expenes- Delivery Details'!$A:$A,$A11&V$1,'[1]Expenes- Delivery Details'!$E:$E) -> 167.43 | W11: =SUMIF('[1]Expenes- Delivery Details'!$A:$A,$A11&W$1,'[1]Expenes- Delivery Details'!$E:$E) -> 0 | X11: =SUMIF('[1]Expenes- Delivery Details'!$A:$A,$A11&X$1,'[1]Expenes- Delivery Details'!$E:$E) -> 0 | Z11: =SUM(S11:Y11)-AC11 -> 1156.73 | AA11: =SUMIF('[1]Expenes- Delivery Details'!$B:$B,$A11&AA$1,'[1]Expenes- Delivery Details'!$E:$E) -> 0 | AB11: =SUMIF('[1]Expenes- Delivery Details'!$B:$B,$A11&AB$1,'[1]Expenes- Delivery Details'!$E:$E) -> 0 | AC11: =SUMIF('[1]Expenes- Delivery Details'!$B:$B,$A11&AC$1,'[1]Expenes- Delivery Details'!$E:$E) -> 0 | AD11: =SUMIF('[1]Expenes- Delivery Details'!$B:$B,$A11&AD$1,'[1]Expenes- Delivery Details'!$E:$E) -> 0 | AI11: =R11+AA11+AH11+AB11+Y11 -> 1156.73 | AJ11: =O11-AI11 -> 225.77
A12: 46123 | B12: =VLOOKUP($A:$A,'[1]APR26- Sales'!$A:$Z,3,0) -> 0 | C12: =VLOOKUP($A:$A,'[1]APR26- Sales'!$A:$Z,17,0) -> 0 | D12: =VLOOKUP($A:$A,'[1]APR26- Sales'!$A:$Z,8,0) -> 0 | E12: =VLOOKUP($A:$A,'[1]APR26- Sales'!$A:$Z,12,0) -> 0 | F12: =VLOOKUP($A:$A,'[1]APR26- Sales'!$A:$Z,11,0) -> 0 | G12: =VLOOKUP($A:$A,'[1]APR26- Sales'!$A:$Z,18,0) -> 0 | O12: =B12+F12+G12-M12 -> 0 | P12: =SUM(B12:D12) -> 0 | Q12: =O12-P12 -> 0 | R12: =(SUMIF('[1]Expenes- Delivery Details'!$C:$C,A:A,'[1]Expenes- Delivery Details'!$E:$E))-AA12-AB12-AC12 -> 442.5 | S12: =SUMIF('[1]Expenes- Delivery Details'!$A:$A,$A12&S$1,'[1]Expenes- Delivery Details'!$E:$E) -> 0 | T12: =SUMIF('[1]Expenes- Delivery Details'!$A:$A,$A12&T$1,'[1]Expenes- Delivery Details'!$E:$E) -> 313.2 | U12: =SUMIF('[1]Expenes- Delivery Details'!$A:$A,$A12&U$1,'[1]Expenes- Delivery Details'!$E:$E) -> 0 | V12: =SUMIF('[1]Expenes- Delivery Details'!$A:$A,$A12&V$1,'[1]Expenes- Delivery Details'!$E:$E) -> 129.3 | W12: =SUMIF('[1]Expenes- Delivery Details'!$A:$A,$A12&W$1,'[1]Expenes- Delivery Details'!$E:$E) -> 0 | X12: =SUMIF('[1]Expenes- Delivery Details'!$A:$A,$A12&X$1,'[1]Expenes- Delivery Details'!$E:$E) -> 0 | Z12: =SUM(S12:Y12)-AC12 -> 442.5 | AA12: =SUMIF('[1]Expenes- Delivery Details'!$B:$B,$A12&AA$1,'[1]Expenes- Delivery Details'!$E:$E) -> 0 | AB12: =SUMIF('[1]Expenes- Delivery Details'!$B:$B,$A12&AB$1,'[1]Expenes- Delivery Details'!$E:$E) -> 0 | AC12: =SUMIF('[1]Expenes- Delivery Details'!$B:$B,$A12&AC$1,'[1]Expenes- Delivery Details'!$E:$E) -> 0 | AD12: =SUMIF('[1]Expenes- Delivery Details'!$B:$B,$A12&AD$1,'[1]Expenes- Delivery Details'!$E:$E) -> 442.5 | AI12: =R12+AA12+AH12+AB12+Y12 -> 442.5 | AJ12: =O12-AI12 -> -442.5
A13: 46124 | B13: =VLOOKUP($A:$A,'[1]APR26- Sales'!$A:$Z,3,0) -> 0 | C13: =VLOOKUP($A:$A,'[1]APR26- Sales'!$A:$Z,17,0) -> 0 | D13: =VLOOKUP($A:$A,'[1]APR26- Sales'!$A:$Z,8,0) -> 0 | E13: =VLOOKUP($A:$A,'[1]APR26- Sales'!$A:$Z,12,0) -> 0 | F13: =VLOOKUP($A:$A,'[1]APR26- Sales'!$A:$Z,11,0) -> 0 | G13: =VLOOKUP($A:$A,'[1]APR26- Sales'!$A:$Z,18,0) -> 0 | O13: =B13+F13+G13-M13 -> 0 | P13: =SUM(B13:D13) -> 0 | Q13: =O13-P13 -> 0 | R13: =(SUMIF('[1]Expenes- Delivery Details'!$C:$C,A:A,'[1]Expenes- Delivery Details'!$E:$E))-AA13-AB13-AC13 -> 0 | S13: =SUMIF('[1]Expenes- Delivery Details'!$A:$A,$A13&S$1,'[1]Expenes- Delivery Details'!$E:$E) -> 0 | T13: =SUMIF('[1]Expenes- Delivery Details'!$A:$A,$A13&T$1,'[1]Expenes- Delivery Details'!$E:$E) -> 0 | U13: =SUMIF('[1]Expenes- Delivery Details'!$A:$A,$A13&U$1,'[1]Expenes- Delivery Details'!$E:$E) -> 0 | V13: =SUMIF('[1]Expenes- Delivery Details'!$A:$A,$A13&V$1,'[1]Expenes- Delivery Details'!$E:$E) -> 0 | W13: =SUMIF('[1]Expenes- Delivery Details'!$A:$A,$A13&W$1,'[1]Expenes- Delivery Details'!$E:$E) -> 0 | X13: =SUMIF('[1]Expenes- Delivery Details'!$A:$A,$A13&X$1,'[1]Expenes- Delivery Details'!$E:$E) -> 0 | Z13: =SUM(S13:Y13)-AC13 -> 0 | AA13: =SUMIF('[1]Expenes- Delivery Details'!$B:$B,$A13&AA$1,'[1]Expenes- Delivery Details'!$E:$E) -> 0 | AB13: =SUMIF('[1]Expenes- Delivery Details'!$B:$B,$A13&AB$1,'[1]Expenes- Delivery Details'!$E:$E) -> 0 | AC13: =SUMIF('[1]Expenes- Delivery Details'!$B:$B,$A13&AC$1,'[1]Expenes- Delivery Details'!$E:$E) -> 0 | AD13: =SUMIF('[1]Expenes- Delivery Details'!$B:$B,$A13&AD$1,'[1]Expenes- Delivery Details'!$E:$E) -> 0 | AI13: =R13+AA13+AH13+AB13+Y13 -> 0 | AJ13: =O13-AI13 -> 0
A14: 46125 | B14: =VLOOKUP($A:$A,'[1]APR26- Sales'!$A:$Z,3,0) -> 193.6 | C14: =VLOOKUP($A:$A,'[1]APR26- Sales'!$A:$Z,17,0) -> 0 | D14: =VLOOKUP($A:$A,'[1]APR26- Sales'!$A:$Z,8,0) -> 1342.2 | E14: =VLOOKUP($A:$A,'[1]APR26- Sales'!$A:$Z,12,0) -> 0 | F14: =VLOOKUP($A:$A,'[1]APR26- Sales'!$A:$Z,11,0) -> 1381.6 | G14: =VLOOKUP($A:$A,'[1]APR26- Sales'!$A:$Z,18,0) -> 0 | O14: =B14+F14+G14-M14 -> 1575.2 | P14: =SUM(B14:D14) -> 1535.8 | Q14: =O14-P14 -> 39.4 | R14: =(SUMIF('[1]Expenes- Delivery Details'!$C:$C,A:A,'[1]Expenes- Delivery Details'!$E:$E))-AA14-AB14-AC14 -> 137.79 | S14: =SUMIF('[1]Expenes- Delivery Details'!$A:$A,$A14&S$1,'[1]Expenes- Delivery Details'!$E:$E) -> 4557.61 | T14: =SUMIF('[1]Expenes- Delivery Details'!$A:$A,$A14&T$1,'[1]Expenes- Delivery Details'!$E:$E) -> 25.15 | U14: =SUMIF('[1]Expenes- Delivery Details'!$A:$A,$A14&U$1,'[1]Expenes- Delivery Details'!$E:$E) -> 0 | V14: =SUMIF('[1]Expenes- Delivery Details'!$A:$A,$A14&V$1,'[1]Expenes- Delivery Details'!$E:$E) -> 112.64 | W14: =SUMIF('[1]Expenes- Delivery Details'!$A:$A,$A14&W$1,'[1]Expenes- Delivery Details'!$E:$E) -> 0 | X14: =SUMIF('[1]Expenes- Delivery Details'!$A:$A,$A14&X$1,'[1]Expenes- Delivery Details'!$E:$E) -> 0 | Z14: =SUM(S14:Y14)-AC14 -> 4695.4 | AA14: =SUMIF('[1]Expenes- Delivery Details'!$B:$B,$A14&AA$1,'[1]Expenes- Delivery Details'!$E:$E) -> 0 | AB14: =SUMIF('[1]Expenes- Delivery Details'!$B:$B,$A14&AB$1,'[1]Expenes- Delivery Details'!$E:$E) -> 4557.61 | AC14: =SUMIF('[1]Expenes- Delivery Details'!$B:$B,$A14&AC$1,'[1]Expenes- Delivery Details'!$E:$E) -> 0 | AD14: =SUMIF('[1]Expenes- Delivery Details'!$B:$B,$A14&AD$1,'[1]Expenes- Delivery Details'!$E:$E) -> 0 | AI14: =R14+AA14+AH14+AB14+Y14 -> 4695.4 | AJ14: =O14-AI14 -> -3120.2
A15: 46126 | B15: =VLOOKUP($A:$A,'[1]APR26- Sales'!$A:$Z,3,0) -> 183.5 | C15: =VLOOKUP($A:$A,'[1]APR26- Sales'!$A:$Z,17,0) -> 70.85 | D15: =VLOOKUP($A:$A,'[1]APR26- Sales'!$A:$Z,8,0) -> 1096.75 | E15: =VLOOKUP($A:$A,'[1]APR26- Sales'!$A:$Z,12,0) -> 0 | F15: =VLOOKUP($A:$A,'[1]APR26- Sales'!$A:$Z,11,0) -> 1132.45 | G15: =VLOOKUP($A:$A,'[1]APR26- Sales'!$A:$Z,18,0) -> 70.85 | O15: =B15+F15+G15-M15 -> 1386.8 | P15: =SUM(B15:D15) -> 1351.1 | Q15: =O15-P15 -> 35.7 | R15: =(SUMIF('[1]Expenes- Delivery Details'!$C:$C,A:A,'[1]Expenes- Delivery Details'!$E:$E))-AA15-AB15-AC15 -> 59.79 | S15: =SUMIF('[1]Expenes- Delivery Details'!$A:$A,$A15&S$1,'[1]Expenes- Delivery Details'!$E:$E) -> 0 | T15: =SUMIF('[1]Expenes- Delivery Details'!$A:$A,$A15&T$1,'[1]Expenes- Delivery Details'!$E:$E) -> 59.79 | U15: =SUMIF('[1]Expenes- Delivery Details'!$A:$A,$A15&U$1,'[1]Expenes- Delivery Details'!$E:$E) -> 0 | V15: =SUMIF('[1]Expenes- Delivery Details'!$A:$A,$A15&V$1,'[1]Expenes- Delivery Details'!$E:$E) -> 0 | W15: =SUMIF('[1]Expenes- Delivery Details'!$A:$A,$A15&W$1,'[1]Expenes- Delivery Details'!$E:$E) -> 0 | X15: =SUMIF('[1]Expenes- Delivery Details'!$A:$A,$A15&X$1,'[1]Expenes- Delivery Details'!$E:$E) -> 0 | Z15: =SUM(S15:Y15)-AC15 -> 59.79 | AA15: =SUMIF('[1]Expenes- Delivery Details'!$B:$B,$A15&AA$1,'[1]Expenes- Delivery Details'!$E:$E) -> 0 | AB15: =SUMIF('[1]Expenes- Delivery Details'!$B:$B,$A15&AB$1,'[1]Expenes- Delivery Details'!$E:$E) -> 0 | AC15: =SUMIF('[1]Expenes- Delivery Details'!$B:$B,$A15&AC$1,'[1]Expenes- Delivery Details'!$E:$E) -> 0 | AD15: =SUMIF('[1]Expenes- Delivery Details'!$B:$B,$A15&AD$1,'[1]Expenes- Delivery Details'!$E:$E) -> 0 | AI15: =R15+AA15+AH15+AB15+Y15 -> 59.79 | AJ15: =O15-AI15 -> 1327.01
A16: 46127 | B16: =VLOOKUP($A:$A,'[1]APR26- Sales'!$A:$Z,3,0) -> 282.35 | C16: =VLOOKUP($A:$A,'[1]APR26- Sales'!$A:$Z,17,0) -> 0 | D16: =VLOOKUP($A:$A,'[1]APR26- Sales'!$A:$Z,8,0) -> 1636.6 | E16: =VLOOKUP($A:$A,'[1]APR26- Sales'!$A:$Z,12,0) -> 0 | F16: =VLOOKUP($A:$A,'[1]APR26- Sales'!$A:$Z,11,0) -> 1647 | G16: =VLOOKUP($A:$A,'[1]APR26- Sales'!$A:$Z,18,0) -> 0 | O16: =B16+F16+G16-M16 -> 1929.35 | P16: =SUM(B16:D16) -> 1918.95 | Q16: =O16-P16 -> 10.4 | R16: =(SUMIF('[1]Expenes- Delivery Details'!$C:$C,A:A,'[1]Expenes- Delivery Details'!$E:$E))-AA16-AB16-AC16 -> 161.19 | S16: =SUMIF('[1]Expenes- Delivery Details'!$A:$A,$A16&S$1,'[1]Expenes- Delivery Details'!$E:$E) -> 107.91 | T16: =SUMIF('[1]Expenes- Delivery Details'!$A:$A,$A16&T$1,'[1]Expenes- Delivery Details'!$E:$E) -> 53.28 | U16: =SUMIF('[1]Expenes- Delivery Details'!$A:$A,$A16&U$1,'[1]Expenes- Delivery Details'!$E:$E) -> 0 | V16: =SUMIF('[1]Expenes- Delivery Details'!$A:$A,$A16&V$1,'[1]Expenes- Delivery Details'!$E:$E) -> 0 | W16: =SUMIF('[1]Expenes- Delivery Details'!$A:$A,$A16&W$1,'[1]Expenes- Delivery Details'!$E:$E) -> 0 | X16: =SUMIF('[1]Expenes- Delivery Details'!$A:$A,$A16&X$1,'[1]Expenes- Delivery Details'!$E:$E) -> 0 | Z16: =SUM(S16:Y16)-AC16 -> 161.19 | AA16: =SUMIF('[1]Expenes- Delivery Details'!$B:$B,$A16&AA$1,'[1]Expenes- Delivery Details'!$E:$E) -> 0 | AB16: =SUMIF('[1]Expenes- Delivery Details'!$B:$B,$A16&AB$1,'[1]Expenes- Delivery Details'!$E:$E) -> 0 | AC16: =SUMIF('[1]Expenes- Delivery Details'!$B:$B,$A16&AC$1,'[1]Expenes- Delivery Details'!$E:$E) -> 0 | AD16: =SUMIF('[1]Expenes- Delivery Details'!$B:$B,$A16&AD$1,'[1]Expenes- Delivery Details'!$E:$E) -> 107.91 | AI16: =R16+AA16+AH16+AB16+Y16 -> 161.19 | AJ16: =O16-AI16 -> 1768.16
A17: 46128 | B17: =VLOOKUP($A:$A,'[1]APR26- Sales'!$A:$Z,3,0) -> 172.6 | C17: =VLOOKUP($A:$A,'[1]APR26- Sales'!$A:$Z,17,0) -> 0 | D17: =VLOOKUP($A:$A,'[1]APR26- Sales'!$A:$Z,8,0) -> 1213.3 | E17: =VLOOKUP($A:$A,'[1]APR26- Sales'!$A:$Z,12,0) -> 0 | F17: =VLOOKUP($A:$A,'[1]APR26- Sales'!$A:$Z,11,0) -> 1266.3 | G17: =VLOOKUP($A:$A,'[1]APR26- Sales'!$A:$Z,18,0) -> 0 | O17: =B17+F17+G17-M17 -> 1438.9 | P17: =SUM(B17:D17) -> 1385.9 | Q17: =O17-P17 -> 53 | R17: =(SUMIF('[1]Expenes- Delivery Details'!$C:$C,A:A,'[1]Expenes- Delivery Details'!$E:$E))-AA17-AB17-AC17 -> 2870.99 | S17: =SUMIF('[1]Expenes- Delivery Details'!$A:$A,$A17&S$1,'[1]Expenes- Delivery Details'!$E:$E) -> 2820.92 | T17: =SUMIF('[1]Expenes- Delivery Details'!$A:$A,$A17&T$1,'[1]Expenes- Delivery Details'!$E:$E) -> 150.07 | U17: =SUMIF('[1]Expenes- Delivery Details'!$A:$A,$A17&U$1,'[1]Expenes- Delivery Details'!$E:$E) -> 0 | V17: =SUMIF('[1]Expenes- Delivery Details'!$A:$A,$A17&V$1,'[1]Expenes- Delivery Details'!$E:$E) -> 0 | W17: =SUMIF('[1]Expenes- Delivery Details'!$A:$A,$A17&W$1,'[1]Expenes- Delivery Details'!$E:$E) -> 0 | X17: =SUMIF('[1]Expenes- Delivery Details'!$A:$A,$A17&X$1,'[1]Expenes- Delivery Details'!$E:$E) -> 0 | Z17: =SUM(S17:Y17)-AC17 -> 2970.99 | AA17: =SUMIF('[1]Expenes- Delivery Details'!$B:$B,$A17&AA$1,'[1]Expenes- Delivery Details'!$E:$E) -> 100 | AB17: =SUMIF('[1]Expenes- Delivery Details'!$B:$B,$A17&AB$1,'[1]Expenes- Delivery Details'!$E:$E) -> 0 | AC17: =SUMIF('[1]Expenes- Delivery Details'!$B:$B,$A17&AC$1,'[1]Expenes- Delivery Details'!$E:$E) -> 0 | AD17: =SUMIF('[1]Expenes- Delivery Details'!$B:$B,$A17&AD$1,'[1]Expenes- Delivery Details'!$E:$E) -> 0 | AI17: =R17+AA17+AH17+AB17+Y17 -> 2970.99 | AJ17: =O17-AI17 -> -1532.09
A18: 46129 | B18: =VLOOKUP($A:$A,'[1]APR26- Sales'!$A:$Z,3,0) -> 178.85 | C18: =VLOOKUP($A:$A,'[1]APR26- Sales'!$A:$Z,17,0) -> 0 | D18: =VLOOKUP($A:$A,'[1]APR26- Sales'!$A:$Z,8,0) -> 1557.05 | E18: =VLOOKUP($A:$A,'[1]APR26- Sales'!$A:$Z,12,0) -> 0 | F18: =VLOOKUP($A:$A,'[1]APR26- Sales'!$A:$Z,11,0) -> 1615.55 | G18: =VLOOKUP($A:$A,'[1]APR26- Sales'!$A:$Z,18,0) -> 0 | O18: =B18+F18+G18-M18 -> 1794.4 | P18: =SUM(B18:D18) -> 1735.9 | Q18: =O18-P18 -> 58.5 | R18: =(SUMIF('[1]Expenes- Delivery Details'!$C:$C,A:A,'[1]Expenes- Delivery Details'!$E:$E))-AA18-AB18-AC18 -> 1002.75 | S18: =SUMIF('[1]Expenes- Delivery Details'!$A:$A,$A18&S$1,'[1]Expenes- Delivery Details'!$E:$E) -> 468.45 | T18: =SUMIF('[1]Expenes- Delivery Details'!$A:$A,$A18&T$1,'[1]Expenes- Delivery Details'!$E:$E) -> 534.3 | U18: =SUMIF('[1]Expenes- Delivery Details'!$A:$A,$A18&U$1,'[1]Expenes- Delivery Details'!$E:$E) -> 0 | V18: =SUMIF('[1]Expenes- Delivery Details'!$A:$A,$A18&V$1,'[1]Expenes- Delivery Details'!$E:$E) -> 0 | W18: =SUMIF('[1]Expenes- Delivery Details'!$A:$A,$A18&W$1,'[1]Expenes- Delivery Details'!$E:$E) -> 0 | X18: =SUMIF('[1]Expenes- Delivery Details'!$A:$A,$A18&X$1,'[1]Expenes- Delivery Details'!$E:$E) -> 0 | Z18: =SUM(S18:Y18)-AC18 -> 1002.75 | AA18: =SUMIF('[1]Expenes- Delivery Details'!$B:$B,$A18&AA$1,'[1]Expenes- Delivery Details'!$E:$E) -> 0 | AB18: =SUMIF('[1]Expenes- Delivery Details'!$B:$B,$A18&AB$1,'[1]Expenes- Delivery Details'!$E:$E) -> 0 | AC18: =SUMIF('[1]Expenes- Delivery Details'!$B:$B,$A18&AC$1,'[1]Expenes- Delivery Details'!$E:$E) -> 0 | AD18: =SUMIF('[1]Expenes- Delivery Details'!$B:$B,$A18&AD$1,'[1]Expenes- Delivery Details'!$E:$E) -> 0 | AI18: =R18+AA18+AH18+AB18+Y18 -> 1002.75 | AJ18: =O18-AI18 -> 791.65
A19: 46130 | B19: =VLOOKUP($A:$A,'[1]APR26- Sales'!$A:$Z,3,0) -> 0 | C19: =VLOOKUP($A:$A,'[1]APR26- Sales'!$A:$Z,17,0) -> 0 | D19: =VLOOKUP($A:$A,'[1]APR26- Sales'!$A:$Z,8,0) -> 0 | E19: =VLOOKUP($A:$A,'[1]APR26- Sales'!$A:$Z,12,0) -> 0 | F19: =VLOOKUP($A:$A,'[1]APR26- Sales'!$A:$Z,11,0) -> 0 | G19: =VLOOKUP($A:$A,'[1]APR26- Sales'!$A:$Z,18,0) -> 0 | O19: =B19+F19+G19-M19 -> 0 | P19: =SUM(B19:D19) -> 0 | Q19: =O19-P19 -> 0 | R19: =(SUMIF('[1]Expenes- Delivery Details'!$C:$C,A:A,'[1]Expenes- Delivery Details'!$E:$E))-AA19-AB19-AC19 -> 646.74 | S19: =SUMIF('[1]Expenes- Delivery Details'!$A:$A,$A19&S$1,'[1]Expenes- Delivery Details'!$E:$E) -> 407.77 | T19: =SUMIF('[1]Expenes- Delivery Details'!$A:$A,$A19&T$1,'[1]Expenes- Delivery Details'!$E:$E) -> 0 | U19: =SUMIF('[1]Expenes- Delivery Details'!$A:$A,$A19&U$1,'[1]Expenes- Delivery Details'!$E:$E) -> 0 | V19: =SUMIF('[1]Expenes- Delivery Details'!$A:$A,$A19&V$1,'[1]Expenes- Delivery Details'!$E:$E) -> 238.97 | W19: =SUMIF('[1]Expenes- Delivery Details'!$A:$A,$A19&W$1,'[1]Expenes- Delivery Details'!$E:$E) -> 0 | X19: =SUMIF('[1]Expenes- Delivery Details'!$A:$A,$A19&X$1,'[1]Expenes- Delivery Details'!$E:$E) -> 0 | Z19: =SUM(S19:Y19)-AC19 -> 646.74 | AA19: =SUMIF('[1]Expenes- Delivery Details'!$B:$B,$A19&AA$1,'[1]Expenes- Delivery Details'!$E:$E) -> 0 | AB19: =SUMIF('[1]Expenes- Delivery Details'!$B:$B,$A19&AB$1,'[1]Expenes- Delivery Details'!$E:$E) -> 0 | AC19: =SUMIF('[1]Expenes- Delivery Details'!$B:$B,$A19&AC$1,'[1]Expenes- Delivery Details'!$E:$E) -> 0 | AD19: =SUMIF('[1]Expenes- Delivery Details'!$B:$B,$A19&AD$1,'[1]Expenes- Delivery Details'!$E:$E) -> 232.07 | AI19: =R19+AA19+AH19+AB19+Y19 -> 646.74 | AJ19: =O19-AI19 -> -646.74
... A31: 46142 | B31: =VLOOKUP($A:$A,'[1]APR26- Sales'!$A:$Z,3,0) -> 247.55 | C31: =VLOOKUP($A:$A,'[1]APR26- Sales'!$A:$Z,17,0) -> 0 | D31: =VLOOKUP($A:$A,'[1]APR26- Sales'!$A:$Z,8,0) -> 1745.5 | E31: =VLOOKUP($A:$A,'[1]APR26- Sales'!$A:$Z,12,0) -> 0 | F31: =VLOOKUP($A:$A,'[1]APR26- Sales'!$A:$Z,11,0) -> 1834.1 | G31: =VLOOKUP($A:$A,'[1]APR26- Sales'!$A:$Z,18,0) -> 0 | O31: =B31+F31+G31-M31 -> 2081.65 | P31: =SUM(B31:D31) -> 1993.05 | Q31: =O31-P31 -> 88.6 | R31: =(SUMIF('[1]Expenes- Delivery Details'!$C:$C,A:A,'[1]Expenes- Delivery Details'!$E:$E))-AA31-AB31-AC31 -> 1042.92 | S31: =SUMIF('[1]Expenes- Delivery Details'!$A:$A,$A31&S$1,'[1]Expenes- Delivery Details'!$E:$E) -> 990.92 | T31: =SUMIF('[1]Expenes- Delivery Details'!$A:$A,$A31&T$1,'[1]Expenes- Delivery Details'!$E:$E) -> 0 | U31: =SUMIF('[1]Expenes- Delivery Details'!$A:$A,$A31&U$1,'[1]Expenes- Delivery Details'!$E:$E) -> 0 | V31: =SUMIF('[1]Expenes- Delivery Details'!$A:$A,$A31&V$1,'[1]Expenes- Delivery Details'!$E:$E) -> 0 | W31: =SUMIF('[1]Expenes- Delivery Details'!$A:$A,$A31&W$1,'[1]Expenes- Delivery Details'!$E:$E) -> 0 | X31: =SUMIF('[1]Expenes- Delivery Details'!$A:$A,$A31&X$1,'[1]Expenes- Delivery Details'!$E:$E) -> 52 | Z31: =SUM(S31:Y31)-AC31 -> 1042.92 | AA31: =SUMIF('[1]Expenes- Delivery Details'!$B:$B,$A31&AA$1,'[1]Expenes- Delivery Details'!$E:$E) -> 0 | AB31: =SUMIF('[1]Expenes- Delivery Details'!$B:$B,$A31&AB$1,'[1]Expenes- Delivery Details'!$E:$E) -> 0 | AC31: =SUMIF('[1]Expenes- Delivery Details'!$B:$B,$A31&AC$1,'[1]Expenes- Delivery Details'!$E:$E) -> 0 | AD31: =SUMIF('[1]Expenes- Delivery Details'!$B:$B,$A31&AD$1,'[1]Expenes- Delivery Details'!$E:$E) -> 0 | AI31: =R31+AA31+AH31+AB31+Y31 -> 1042.92 | AJ31: =O31-AI31 -> 1038.73
A32: Total | B32: =SUM(B2:B31) -> 4145.3 | C32: =SUM(C2:C31) -> 1450.85 | D32: =SUM(D2:D31) -> 25702.2 | E32: =SUM(E2:E31) -> 286.5 | F32: =SUM(F2:F31) -> 26548.44 | G32: =SUM(G2:G31) -> 1462.35 | H32: =SUM(H2:H31) -> 0 | I32: =SUM(I2:I31) -> 0 | ... AI32: =SUM(AI2:AI31) -> 24373.92 | AJ32: =O32-AI32 -> 7782.17
A33: Service Fee | B33: =B32/100*0 -> 0 | C33: =C32/100*0 -> 0 | D33: =D32/100*0 -> 0 | E33: =E32/100*0 -> 0 | F33: =F32/100*0.7 -> 185.83908 | G33: =G32/100*0.2 -> 2.9247 | H33: =H32/100*37 -> 0 | I33: =I32/100*37 -> 0 | J33: =J32/100*2.5 -> 0 | K33: =K32/100*2.5 -> 0 | L33: =L32/100*0 -> 0 | M33: =M32/100*70 -> 0 | N33: =N32/100*0 -> 0 | O33: =B33+E33+F33+G33-M33 -> 188.76378
A34: Grand Total | B34: =SUM(B32-B33) -> 4145.3 | C34: =SUM(C32-C33) -> 1450.85 | D34: =SUM(D32-D33) -> 25702.2 | E34: =SUM(E32-E33) -> 286.5 | F34: =SUM(F32-F33) -> 26362.601 | G34: =SUM(G32-G33) -> 1459.4253 | H34: =SUM(H32-H33) -> 0 | I34: =SUM(I32-I33) -> 0 | ... N34: =SUM(N32-N33) -> 0 | O34: =O32-O33 -> 31967.326 | P34: =SUM(P32-P33) -> 31298.35 | Q34: =SUM(Q32-Q33) -> 857.74 | R34: =SUM(R32-R33) -> 16278.85 | X34: =SUM(X32-X33) -> 210 | AA34: =SUM(AA32-AA33) -> 3500 | AE34: =SUM(AE32-AE33) -> 0 | AF34: =SUM(AF32-AF33) -> 0 | AG34: =SUM(AG32-AG33) -> 0 | AH34: =SUM(AH32-AH33) -> 0 | AI34: =SUM(AI32-AI33) -> 24373.92 | AJ34: =O34-AI34 -> 7593.4062
R35: =R32/O32 -> 0.5062447
R36: 15124 | S36: WITHOUT LOAN AND STAFF EXP | AI36: =GETPIVOTDATA("Amount",'[1]Expenes- Delivery Details'!$J$1) -> #REF! | AJ36: =O34-AI36 -> #REF!
R37: =R36/O32 -> 0.47033081
R38: 13736 | S38: WITHOUT BANJARA
R39: =R38/O32 -> 0.42716636

Sheet Mar26
A1: DATE | B1: CASH | C1: Credit Cards | D1: PayNow-Qashier | E1: OCBC-PayNow | F1: Qashier | G1: Adyen | H1: FOOD PANDA | I1: GRAB FOOD | J1: PAYPAL | K1: NETS | L1: CHEQUE | M1: BANJARA SALES | N1: MICS | O1: SALES - Received | P1: POS SALES | Q1: Difference | R1: SUPPLIERS | S1: OCBC Account | T1: Petty Cash | U1: Sowji Cash | V1: Un-Paid | W1: Counter Cash | X1: Banjara Samosa | Y1: Total Supplies Expenses | Z1: SALARIE | AA1: CPF / LOAN | AB1: SINGTEL / STAR HUB | AC1: MICS | AD1: MICS | AE1: EXPENSES | AF1: PROFIT
A2: 46082 | B2: =VLOOKUP($A:$A,'[1]March26- Sales'!$A:$U,3,0) -> 0 | C2: =VLOOKUP($A:$A,'[1]March26- Sales'!$A:$U,13,0) -> 0 | D2: =VLOOKUP($A:$A,'[1]March26- Sales'!$A:$U,8,0) -> 0 | E2: =VLOOKUP($A:$A,'[1]March26- Sales'!$A:$U,11,0) -> 0 | F2: =VLOOKUP($A:$A,'[1]March26- Sales'!$A:$U,10,0) -> 0 | G2: =VLOOKUP($A:$A,'[1]March26- Sales'!$A:$U,14,0) -> 0 | O2: =B2+E2+F2+G2-M2 -> 0 | P2: =SUM(B2:D2) -> 0 | Q2: =O2-P2 -> 0 | R2: =SUMIF('[1]Expenes- Delivery Details'!$C:$C,A:A,'[1]Expenes- Delivery Details'!$E:$E) -> 0 | S2: =SUMIF('[1]Expenes- Delivery Details'!$A:$A,$A2&S$1,'[1]Expenes- Delivery Details'!$E:$E) -> 0 | T2: =SUMIF('[1]Expenes- Delivery Details'!$A:$A,$A2&T$1,'[1]Expenes- Delivery Details'!$E:$E) -> 0 | U2: =SUMIF('[1]Expenes- Delivery Details'!$A:$A,$A2&U$1,'[1]Expenes- Delivery Details'!$E:$E) -> 0 | V2: =SUMIF('[1]Expenes- Delivery Details'!$A:$A,$A2&V$1,'[1]Expenes- Delivery Details'!$E:$E) -> 0 | W2: =SUMIF('[1]Expenes- Delivery Details'!$A:$A,$A2&W$1,'[1]Expenes- Delivery Details'!$E:$E) -> 0 | Y2: =SUM(S2:X2) -> 0 | AE2: =R2+Z2+AD2+X2 -> 0 | AF2: =O2-AE2 -> 0
A3: 46083 | B3: =VLOOKUP($A:$A,'[1]March26- Sales'!$A:$U,3,0) -> 119.3 | C3: =VLOOKUP($A:$A,'[1]March26- Sales'!$A:$U,13,0) -> 308.05 | D3: =VLOOKUP($A:$A,'[1]March26- Sales'!$A:$U,8,0) -> 616.8 | E3: =VLOOKUP($A:$A,'[1]March26- Sales'!$A:$U,11,0) -> 0 | F3: =VLOOKUP($A:$A,'[1]March26- Sales'!$A:$U,10,0) -> 613.06 | G3: =VLOOKUP($A:$A,'[1]March26- Sales'!$A:$U,14,0) -> 0 | O3: =B3+E3+F3+G3-M3 -> 732.36 | P3: =SUM(B3:D3) -> 1044.15 | Q3: =O3-P3 -> -311.79 | R3: =SUMIF('[1]Expenes- Delivery Details'!$C:$C,A:A,'[1]Expenes- Delivery Details'!$E:$E) -> 560.32 | S3: =SUMIF('[1]Expenes- Delivery Details'!$A:$A,$A3&S$1,'[1]Expenes- Delivery Details'!$E:$E) -> 493.12 | T3: =SUMIF('[1]Expenes- Delivery Details'!$A:$A,$A3&T$1,'[1]Expenes- Delivery Details'!$E:$E) -> 67.2 | U3: =SUMIF('[1]Expenes- Delivery Details'!$A:$A,$A3&U$1,'[1]Expenes- Delivery Details'!$E:$E) -> 0 | V3: =SUMIF('[1]Expenes- Delivery Details'!$A:$A,$A3&V$1,'[1]Expenes- Delivery Details'!$E:$E) -> 0 | W3: =SUMIF('[1]Expenes- Delivery Details'!$A:$A,$A3&W$1,'[1]Expenes- Delivery Details'!$E:$E) -> 0 | Y3: =SUM(S3:X3) -> 560.32 | AE3: =R3+Z3+AD3+X3 -> 560.32 | AF3: =O3-AE3 -> 172.04 | AL3: OCBC Account
A4: 46084 | B4: =VLOOKUP($A:$A,'[1]March26- Sales'!$A:$U,3,0) -> 183.5 | C4: =VLOOKUP($A:$A,'[1]March26- Sales'!$A:$U,13,0) -> 252.1 | D4: =VLOOKUP($A:$A,'[1]March26- Sales'!$A:$U,8,0) -> 701.6 | E4: =VLOOKUP($A:$A,'[1]March26- Sales'!$A:$U,11,0) -> 0 | F4: =VLOOKUP($A:$A,'[1]March26- Sales'!$A:$U,10,0) -> 703.31 | G4: =VLOOKUP($A:$A,'[1]March26- Sales'!$A:$U,14,0) -> 437 | O4: =B4+E4+F4+G4-M4 -> 1323.81 | P4: =SUM(B4:D4) -> 1137.2 | Q4: =O4-P4 -> 186.61 | R4: =SUMIF('[1]Expenes- Delivery Details'!$C:$C,A:A,'[1]Expenes- Delivery Details'!$E:$E) -> 156 | S4: =SUMIF('[1]Expenes- Delivery Details'!$A:$A,$A4&S$1,'[1]Expenes- Delivery Details'!$E:$E) -> 0 | T4: =SUMIF('[1]Expenes- Delivery Details'!$A:$A,$A4&T$1,'[1]Expenes- Delivery Details'!$E:$E) -> 21 | U4: =SUMIF('[1]Expenes- Delivery Details'!$A:$A,$A4&U$1,'[1]Expenes- Delivery Details'!$E:$E) -> 135 | V4: =SUMIF('[1]Expenes- Delivery Details'!$A:$A,$A4&V$1,'[1]Expenes- Delivery Details'!$E:$E) -> 0 | W4: =SUMIF('[1]Expenes- Delivery Details'!$A:$A,$A4&W$1,'[1]Expenes- Delivery Details'!$E:$E) -> 0 | Y4: =SUM(S4:X4) -> 156 | AE4: =R4+Z4+AD4+X4 -> 156 | AF4: =O4-AE4 -> 1167.81 | AL4: Petty Cash
A5: 46085 | B5: =VLOOKUP($A:$A,'[1]March26- Sales'!$A:$U,3,0) -> 171.6 | C5: =VLOOKUP($A:$A,'[1]March26- Sales'!$A:$U,13,0) -> 432.8 | D5: =VLOOKUP($A:$A,'[1]March26- Sales'!$A:$U,8,0) -> 620.9 | E5: =VLOOKUP($A:$A,'[1]March26- Sales'!$A:$U,11,0) -> 7 | F5: =VLOOKUP($A:$A,'[1]March26- Sales'!$A:$U,10,0) -> 663.21 | G5: =VLOOKUP($A:$A,'[1]March26- Sales'!$A:$U,14,0) -> 534.7 | O5: =B5+E5+F5+G5-M5 -> 1376.51 | P5: =SUM(B5:D5) -> 1225.3 | Q5: =O5-P5 -> 151.21 | R5: =SUMIF('[1]Expenes- Delivery Details'!$C:$C,A:A,'[1]Expenes- Delivery Details'!$E:$E) -> 2092.19 | S5: =SUMIF('[1]Expenes- Delivery Details'!$A:$A,$A5&S$1,'[1]Expenes- Delivery Details'!$E:$E) -> 2036.67 | T5: =SUMIF('[1]Expenes- Delivery Details'!$A:$A,$A5&T$1,'[1]Expenes- Delivery Details'!$E:$E) -> 0 | U5: =SUMIF('[1]Expenes- Delivery Details'!$A:$A,$A5&U$1,'[1]Expenes- Delivery Details'!$E:$E) -> 55.52 | V5: =SUMIF('[1]Expenes- Delivery Details'!$A:$A,$A5&V$1,'[1]Expenes- Delivery Details'!$E:$E) -> 0 | W5: =SUMIF('[1]Expenes- Delivery Details'!$A:$A,$A5&W$1,'[1]Expenes- Delivery Details'!$E:$E) -> 0 | Y5: =SUM(S5:X5) -> 2092.19 | AE5: =R5+Z5+AD5+X5 -> 2092.19 | AF5: =O5-AE5 -> -715.68 | AL5: Sowji Cash
A6: 46086 | B6: =VLOOKUP($A:$A,'[1]March26- Sales'!$A:$U,3,0) -> 143.4 | C6: =VLOOKUP($A:$A,'[1]March26- Sales'!$A:$U,13,0) -> 530.9 | D6: =VLOOKUP($A:$A,'[1]March26- Sales'!$A:$U,8,0) -> 762 | E6: =VLOOKUP($A:$A,'[1]March26- Sales'!$A:$U,11,0) -> 0 | F6: =VLOOKUP($A:$A,'[1]March26- Sales'!$A:$U,10,0) -> 772 | G6: =VLOOKUP($A:$A,'[1]March26- Sales'!$A:$U,14,0) -> 683.5 | O6: =B6+E6+F6+G6-M6 -> 1598.9 | P6: =SUM(B6:D6) -> 1436.3 | Q6: =O6-P6 -> 162.6 | R6: =SUMIF('[1]Expenes- Delivery Details'!$C:$C,A:A,'[1]Expenes- Delivery Details'!$E:$E) -> 77 | S6: =SUMIF('[1]Expenes- Delivery Details'!$A:$A,$A6&S$1,'[1]Expenes- Delivery Details'!$E:$E) -> 0 | T6: =SUMIF('[1]Expenes- Delivery Details'!$A:$A,$A6&T$1,'[1]Expenes- Delivery Details'!$E:$E) -> 0 | U6: =SUMIF('[1]Expenes- Delivery Details'!$A:$A,$A6&U$1,'[1]Expenes- Delivery Details'!$E:$E) -> 77 | V6: =SUMIF('[1]Expenes- Delivery Details'!$A:$A,$A6&V$1,'[1]Expenes- Delivery Details'!$E:$E) -> 0 | W6: =SUMIF('[1]Expenes- Delivery Details'!$A:$A,$A6&W$1,'[1]Expenes- Delivery Details'!$E:$E) -> 0 | Y6: =SUM(S6:X6) -> 77 | AE6: =R6+Z6+AD6+X6 -> 77 | AF6: =O6-AE6 -> 1521.9 | AL6: Un-Paid
A7: 46087 | B7: =VLOOKUP($A:$A,'[1]March26- Sales'!$A:$U,3,0) -> 158.5 | C7: =VLOOKUP($A:$A,'[1]March26- Sales'!$A:$U,13,0) -> 723.5 | D7: =VLOOKUP($A:$A,'[1]March26- Sales'!$A:$U,8,0) -> 894.4 | E7: =VLOOKUP($A:$A,'[1]March26- Sales'!$A:$U,11,0) -> 5 | F7: =VLOOKUP($A:$A,'[1]March26- Sales'!$A:$U,10,0) -> 934.78 | G7: =VLOOKUP($A:$A,'[1]March26- Sales'!$A:$U,14,0) -> 68.9 | O7: =B7+E7+F7+G7-M7 -> 1167.18 | P7: =SUM(B7:D7) -> 1776.4 | Q7: =O7-P7 -> -609.22 | R7: =SUMIF('[1]Expenes- Delivery Details'!$C:$C,A:A,'[1]Expenes- Delivery Details'!$E:$E) -> 42.14 | S7: =SUMIF('[1]Expenes- Delivery Details'!$A:$A,$A7&S$1,'[1]Expenes- Delivery Details'!$E:$E) -> 0 | T7: =SUMIF('[1]Expenes- Delivery Details'!$A:$A,$A7&T$1,'[1]Expenes- Delivery Details'!$E:$E) -> 42.14 | U7: =SUMIF('[1]Expenes- Delivery Details'!$A:$A,$A7&U$1,'[1]Expenes- Delivery Details'!$E:$E) -> 0 | V7: =SUMIF('[1]Expenes- Delivery Details'!$A:$A,$A7&V$1,'[1]Expenes- Delivery Details'!$E:$E) -> 0 | W7: =SUMIF('[1]Expenes- Delivery Details'!$A:$A,$A7&W$1,'[1]Expenes- Delivery Details'!$E:$E) -> 0 | Y7: =SUM(S7:X7) -> 42.14 | AE7: =R7+Z7+AD7+X7 -> 42.14 | AF7: =O7-AE7 -> 1125.04 | AL7: Counter Cash
A8: 46088 | B8: =VLOOKUP($A:$A,'[1]March26- Sales'!$A:$U,3,0) -> 0 | C8: =VLOOKUP($A:$A,'[1]March26- Sales'!$A:$U,13,0) -> 0 | D8: =VLOOKUP($A:$A,'[1]March26- Sales'!$A:$U,8,0) -> 0 | E8: =VLOOKUP($A:$A,'[1]March26- Sales'!$A:$U,11,0) -> 0 | F8: =VLOOKUP($A:$A,'[1]March26- Sales'!$A:$U,10,0) -> 0 | G8: =VLOOKUP($A:$A,'[1]March26- Sales'!$A:$U,14,0) -> 0 | O8: =B8+E8+F8+G8-M8 -> 0 | P8: =SUM(B8:D8) -> 0 | Q8: =O8-P8 -> 0 | R8: =SUMIF('[1]Expenes- Delivery Details'!$C:$C,A:A,'[1]Expenes- Delivery Details'!$E:$E) -> 0 | S8: =SUMIF('[1]Expenes- Delivery Details'!$A:$A,$A8&S$1,'[1]Expenes- Delivery Details'!$E:$E) -> 0 | T8: =SUMIF('[1]Expenes- Delivery Details'!$A:$A,$A8&T$1,'[1]Expenes- Delivery Details'!$E:$E) -> 0 | U8: =SUMIF('[1]Expenes- Delivery Details'!$A:$A,$A8&U$1,'[1]Expenes- Delivery Details'!$E:$E) -> 0 | V8: =SUMIF('[1]Expenes- Delivery Details'!$A:$A,$A8&V$1,'[1]Expenes- Delivery Details'!$E:$E) -> 0 | W8: =SUMIF('[1]Expenes- Delivery Details'!$A:$A,$A8&W$1,'[1]Expenes- Delivery Details'!$E:$E) -> 0 | Y8: =SUM(S8:X8) -> 0 | AE8: =R8+Z8+AD8+X8 -> 0 | AF8: =O8-AE8 -> 0
A9: 46089 | B9: =VLOOKUP($A:$A,'[1]March26- Sales'!$A:$U,3,0) -> 0 | C9: =VLOOKUP($A:$A,'[1]March26- Sales'!$A:$U,13,0) -> 0 | D9: =VLOOKUP($A:$A,'[1]March26- Sales'!$A:$U,8,0) -> 0 | E9: =VLOOKUP($A:$A,'[1]March26- Sales'!$A:$U,11,0) -> 0 | F9: =VLOOKUP($A:$A,'[1]March26- Sales'!$A:$U,10,0) -> 0 | G9: =VLOOKUP($A:$A,'[1]March26- Sales'!$A:$U,14,0) -> 0 | O9: =B9+E9+F9+G9-M9 -> 0 | P9: =SUM(B9:D9) -> 0 | Q9: =O9-P9 -> 0 | R9: =SUMIF('[1]Expenes- Delivery Details'!$C:$C,A:A,'[1]Expenes- Delivery Details'!$E:$E) -> 0 | S9: =SUMIF('[1]Expenes- Delivery Details'!$A:$A,$A9&S$1,'[1]Expenes- Delivery Details'!$E:$E) -> 0 | T9: =SUMIF('[1]Expenes- Delivery Details'!$A:$A,$A9&T$1,'[1]Expenes- Delivery Details'!$E:$E) -> 0 | U9: =SUMIF('[1]Expenes- Delivery Details'!$A:$A,$A9&U$1,'[1]Expenes- Delivery Details'!$E:$E) -> 0 | V9: =SUMIF('[1]Expenes- Delivery Details'!$A:$A,$A9&V$1,'[1]Expenes- Delivery Details'!$E:$E) -> 0 | W9: =SUMIF('[1]Expenes- Delivery Details'!$A:$A,$A9&W$1,'[1]Expenes- Delivery Details'!$E:$E) -> 0 | Y9: =SUM(S9:X9) -> 0 | AE9: =R9+Z9+AD9+X9 -> 0 | AF9: =O9-AE9 -> 0
A10: 46090 | B10: =VLOOKUP($A:$A,'[1]March26- Sales'!$A:$U,3,0) -> 161.6 | C10: =VLOOKUP($A:$A,'[1]March26- Sales'!$A:$U,13,0) -> 66.1 | D10: =VLOOKUP($A:$A,'[1]March26- Sales'!$A:$U,8,0) -> 743 | E10: =VLOOKUP($A:$A,'[1]March26- Sales'!$A:$U,11,0) -> 10.2 | F10: =VLOOKUP($A:$A,'[1]March26- Sales'!$A:$U,10,0) -> 756.77 | G10: =VLOOKUP($A:$A,'[1]March26- Sales'!$A:$U,14,0) -> 321.4 | O10: =B10+E10+F10+G10-M10 -> 1249.97 | P10: =SUM(B10:D10) -> 970.7 | Q10: =O10-P10 -> 279.27 | R10: =SUMIF('[1]Expenes- Delivery Details'!$C:$C,A:A,'[1]Expenes- Delivery Details'!$E:$E) -> 592.41 | S10: =SUMIF('[1]Expenes- Delivery Details'!$A:$A,$A10&S$1,'[1]Expenes- Delivery Details'!$E:$E) -> 545.27 | T10: =SUMIF('[1]Expenes- Delivery Details'!$A:$A,$A10&T$1,'[1]Expenes- Delivery Details'!$E:$E) -> 19.14 | U10: =SUMIF('[1]Expenes- Delivery Details'!$A:$A,$A10&U$1,'[1]Expenes- Delivery Details'!$E:$E) -> 28 | V10: =SUMIF('[1]Expenes- Delivery Details'!$A:$A,$A10&V$1,'[1]Expenes- Delivery Details'!$E:$E) -> 0 | W10: =SUMIF('[1]Expenes- Delivery Details'!$A:$A,$A10&W$1,'[1]Expenes- Delivery Details'!$E:$E) -> 0 | Y10: =SUM(S10:X10) -> 592.41 | AE10: =R10+Z10+AD10+X10 -> 592.41 | AF10: =O10-AE10 -> 657.56
A11: 46091 | B11: =VLOOKUP($A:$A,'[1]March26- Sales'!$A:$U,3,0) -> 179.3 | C11: =VLOOKUP($A:$A,'[1]March26- Sales'!$A:$U,13,0) -> 321.4 | D11: =VLOOKUP($A:$A,'[1]March26- Sales'!$A:$U,8,0) -> 731.4 | E11: =VLOOKUP($A:$A,'[1]March26- Sales'!$A:$U,11,0) -> 3.4 | F11: =VLOOKUP($A:$A,'[1]March26- Sales'!$A:$U,10,0) -> 732.89 | G11: =VLOOKUP($A:$A,'[1]March26- Sales'!$A:$U,14,0) -> 824.85 | O11: =B11+E11+F11+G11-M11 -> 1740.44 | P11: =SUM(B11:D11) -> 1232.1 | Q11: =O11-P11 -> 508.34 | R11: =SUMIF('[1]Expenes- Delivery Details'!$C:$C,A:A,'[1]Expenes- Delivery Details'!$E:$E) -> 824.37 | S11: =SUMIF('[1]Expenes- Delivery Details'!$A:$A,$A11&S$1,'[1]Expenes- Delivery Details'!$E:$E) -> 728.77 | T11: =SUMIF('[1]Expenes- Delivery Details'!$A:$A,$A11&T$1,'[1]Expenes- Delivery Details'!$E:$E) -> 0 | U11: =SUMIF('[1]Expenes- Delivery Details'!$A:$A,$A11&U$1,'[1]Expenes- Delivery Details'!$E:$E) -> 95.6 | V11: =SUMIF('[1]Expenes- Delivery Details'!$A:$A,$A11&V$1,'[1]Expenes- Delivery Details'!$E:$E) -> 0 | W11: =SUMIF('[1]Expenes- Delivery Details'!$A:$A,$A11&W$1,'[1]Expenes- Delivery Details'!$E:$E) -> 0 | Y11: =SUM(S11:X11) -> 824.37 | AE11: =R11+Z11+AD11+X11 -> 824.37 | AF11: =O11-AE11 -> 916.07
A12: 46092 | B12: =VLOOKUP($A:$A,'[1]March26- Sales'!$A:$U,3,0) -> 178.2 | C12: =VLOOKUP($A:$A,'[1]March26- Sales'!$A:$U,13,0) -> 801.7 | D12: =VLOOKUP($A:$A,'[1]March26- Sales'!$A:$U,8,0) -> 794.4 | E12: =VLOOKUP($A:$A,'[1]March26- Sales'!$A:$U,11,0) -> 2.3 | F12: =VLOOKUP($A:$A,'[1]March26- Sales'!$A:$U,10,0) -> 772.86 | G12: =VLOOKUP($A:$A,'[1]March26- Sales'!$A:$U,14,0) -> 395.55 | O12: =B12+E12+F12+G12-M12 -> 1348.91 | P12: =SUM(B12:D12) -> 1774.3 | Q12: =O12-P12 -> -425.39 | R12: =SUMIF('[1]Expenes- Delivery Details'!$C:$C,A:A,'[1]Expenes- Delivery Details'!$E:$E) -> 384.13 | S12: =SUMIF('[1]Expenes- Delivery Details'!$A:$A,$A12&S$1,'[1]Expenes- Delivery Details'!$E:$E) -> 81 | T12: =SUMIF('[1]Expenes- Delivery Details'!$A:$A,$A12&T$1,'[1]Expenes- Delivery Details'!$E:$E) -> 11.01 | U12: =SUMIF('[1]Expenes- Delivery Details'!$A:$A,$A12&U$1,'[1]Expenes- Delivery Details'!$E:$E) -> 0 | V12: =SUMIF('[1]Expenes- Delivery Details'!$A:$A,$A12&V$1,'[1]Expenes- Delivery Details'!$E:$E) -> 292.12 | W12: =SUMIF('[1]Expenes- Delivery Details'!$A:$A,$A12&W$1,'[1]Expenes- Delivery Details'!$E:$E) -> 0 | Y12: =SUM(S12:X12) -> 384.13 | AE12: =R12+Z12+AD12+X12 -> 384.13 | AF12: =O12-AE12 -> 964.78
A13: 46093 | B13: =VLOOKUP($A:$A,'[1]March26- Sales'!$A:$U,3,0) -> 108.9 | C13: =VLOOKUP($A:$A,'[1]March26- Sales'!$A:$U,13,0) -> 385.5 | D13: =VLOOKUP($A:$A,'[1]March26- Sales'!$A:$U,8,0) -> 826.1 | E13: =VLOOKUP($A:$A,'[1]March26- Sales'!$A:$U,11,0) -> 0 | F13: =VLOOKUP($A:$A,'[1]March26- Sales'!$A:$U,10,0) -> 848.9 | G13: =VLOOKUP($A:$A,'[1]March26- Sales'!$A:$U,14,0) -> 729.94 | O13: =B13+E13+F13+G13-M13 -> 1687.74 | P13: =SUM(B13:D13) -> 1320.5 | Q13: =O13-P13 -> 367.24 | R13: =SUMIF('[1]Expenes- Delivery Details'!$C:$C,A:A,'[1]Expenes- Delivery Details'!$E:$E) -> 99.2 | S13: =SUMIF('[1]Expenes- Delivery Details'!$A:$A,$A13&S$1,'[1]Expenes- Delivery Details'!$E:$E) -> 0 | T13: =SUMIF('[1]Expenes- Delivery Details'!$A:$A,$A13&T$1,'[1]Expenes- Delivery Details'!$E:$E) -> 0 | U13: =SUMIF('[1]Expenes- Delivery Details'!$A:$A,$A13&U$1,'[1]Expenes- Delivery Details'!$E:$E) -> 25.2 | V13: =SUMIF('[1]Expenes- Delivery Details'!$A:$A,$A13&V$1,'[1]Expenes- Delivery Details'!$E:$E) -> 0 | W13: =SUMIF('[1]Expenes- Delivery Details'!$A:$A,$A13&W$1,'[1]Expenes- Delivery Details'!$E:$E) -> 74 | Y13: =SUM(S13:X13) -> 99.2 | AE13: =R13+Z13+AD13+X13 -> 99.2 | AF13: =O13-AE13 -> 1588.54
A14: 46094 | B14: =VLOOKUP($A:$A,'[1]March26- Sales'!$A:$U,3,0) -> 96.9 | C14: =VLOOKUP($A:$A,'[1]March26- Sales'!$A:$U,13,0) -> 722.3 | D14: =VLOOKUP($A:$A,'[1]March26- Sales'!$A:$U,8,0) -> 719 | E14: =VLOOKUP($A:$A,'[1]March26- Sales'!$A:$U,11,0) -> 28.5 | F14: =VLOOKUP($A:$A,'[1]March26- Sales'!$A:$U,10,0) -> 702 | G14: =VLOOKUP($A:$A,'[1]March26- Sales'!$A:$U,14,0) -> 44.2 | O14: =B14+E14+F14+G14-M14 -> 871.6 | P14: =SUM(B14:D14) -> 1538.2 | Q14: =O14-P14 -> -666.6 | R14: =SUMIF('[1]Expenes- Delivery Details'!$C:$C,A:A,'[1]Expenes- Delivery Details'!$E:$E) -> 1724.7 | S14: =SUMIF('[1]Expenes- Delivery Details'!$A:$A,$A14&S$1,'[1]Expenes- Delivery Details'!$E:$E) -> 1716.7 | T14: =SUMIF('[1]Expenes- Delivery Details'!$A:$A,$A14&T$1,'[1]Expenes- Delivery Details'!$E:$E) -> 8 | U14: =SUMIF('[1]Expenes- Delivery Details'!$A:$A,$A14&U$1,'[1]Expenes- Delivery Details'!$E:$E) -> 0 | V14: =SUMIF('[1]Expenes- Delivery Details'!$A:$A,$A14&V$1,'[1]Expenes- Delivery Details'!$E:$E) -> 0 | W14: =SUMIF('[1]Expenes- Delivery Details'!$A:$A,$A14&W$1,'[1]Expenes- Delivery Details'!$E:$E) -> 0 | Y14: =SUM(S14:X14) -> 1724.7 | AE14: =R14+Z14+AD14+X14 -> 1724.7 | AF14: =O14-AE14 -> -853.1
A15: 46095 | B15: =VLOOKUP($A:$A,'[1]March26- Sales'!$A:$U,3,0) -> 0 | C15: =VLOOKUP($A:$A,'[1]March26- Sales'!$A:$U,13,0) -> 0 | D15: =VLOOKUP($A:$A,'[1]March26- Sales'!$A:$U,8,0) -> 0 | E15: =VLOOKUP($A:$A,'[1]March26- Sales'!$A:$U,11,0) -> 0 | F15: =VLOOKUP($A:$A,'[1]March26- Sales'!$A:$U,10,0) -> 0 | G15: =VLOOKUP($A:$A,'[1]March26- Sales'!$A:$U,14,0) -> 0 | O15: =B15+E15+F15+G15-M15 -> 0 | P15: =SUM(B15:D15) -> 0 | Q15: =O15-P15 -> 0 | R15: =SUMIF('[1]Expenes- Delivery Details'!$C:$C,A:A,'[1]Expenes- Delivery Details'!$E:$E) -> 373 | S15: =SUMIF('[1]Expenes- Delivery Details'!$A:$A,$A15&S$1,'[1]Expenes- Delivery Details'!$E:$E) -> 0 | T15: =SUMIF('[1]Expenes- Delivery Details'!$A:$A,$A15&T$1,'[1]Expenes- Delivery Details'!$E:$E) -> 0 | U15: =SUMIF('[1]Expenes- Delivery Details'!$A:$A,$A15&U$1,'[1]Expenes- Delivery Details'!$E:$E) -> 35 | V15: =SUMIF('[1]Expenes- Delivery Details'!$A:$A,$A15&V$1,'[1]Expenes- Delivery Details'!$E:$E) -> 0 | W15: =SUMIF('[1]Expenes- Delivery Details'!$A:$A,$A15&W$1,'[1]Expenes- Delivery Details'!$E:$E) -> 338 | Y15: =SUM(S15:X15) -> 373 | AE15: =R15+Z15+AD15+X15 -> 373 | AF15: =O15-AE15 -> -373
A16: 46096 | B16: =VLOOKUP($A:$A,'[1]March26- Sales'!$A:$U,3,0) -> 0 | C16: =VLOOKUP($A:$A,'[1]March26- Sales'!$A:$U,13,0) -> 0 | D16: =VLOOKUP($A:$A,'[1]March26- Sales'!$A:$U,8,0) -> 0 | E16: =VLOOKUP($A:$A,'[1]March26- Sales'!$A:$U,11,0) -> 0 | F16: =VLOOKUP($A:$A,'[1]March26- Sales'!$A:$U,10,0) -> 0 | G16: =VLOOKUP($A:$A,'[1]March26- Sales'!$A:$U,14,0) -> 0 | O16: =B16+E16+F16+G16-M16 -> 0 | P16: =SUM(B16:D16) -> 0 | Q16: =O16-P16 -> 0 | R16: =SUMIF('[1]Expenes- Delivery Details'!$C:$C,A:A,'[1]Expenes- Delivery Details'!$E:$E) -> 46.57 | S16: =SUMIF('[1]Expenes- Delivery Details'!$A:$A,$A16&S$1,'[1]Expenes- Delivery Details'!$E:$E) -> 0 | T16: =SUMIF('[1]Expenes- Delivery Details'!$A:$A,$A16&T$1,'[1]Expenes- Delivery Details'!$E:$E) -> 0 | U16: =SUMIF('[1]Expenes- Delivery Details'!$A:$A,$A16&U$1,'[1]Expenes- Delivery Details'!$E:$E) -> 46.57 | V16: =SUMIF('[1]Expenes- Delivery Details'!$A:$A,$A16&V$1,'[1]Expenes- Delivery Details'!$E:$E) -> 0 | W16: =SUMIF('[1]Expenes- Delivery Details'!$A:$A,$A16&W$1,'[1]Expenes- Delivery Details'!$E:$E) -> 0 | Y16: =SUM(S16:X16) -> 46.57 | AE16: =R16+Z16+AD16+X16 -> 46.57 | AF16: =O16-AE16 -> -46.57
A17: 46097 | B17: =VLOOKUP($A:$A,'[1]March26- Sales'!$A:$U,3,0) -> 164.35 | C17: =VLOOKUP($A:$A,'[1]March26- Sales'!$A:$U,13,0) -> 35.8 | D17: =VLOOKUP($A:$A,'[1]March26- Sales'!$A:$U,8,0) -> 571.9 | E17: =VLOOKUP($A:$A,'[1]March26- Sales'!$A:$U,11,0) -> 0 | F17: =VLOOKUP($A:$A,'[1]March26- Sales'!$A:$U,10,0) -> 577.51 | G17: =VLOOKUP($A:$A,'[1]March26- Sales'!$A:$U,14,0) -> 103.75 | O17: =B17+E17+F17+G17-M17 -> 845.61 | P17: =SUM(B17:D17) -> 772.05 | Q17: =O17-P17 -> 73.56 | R17: =SUMIF('[1]Expenes- Delivery Details'!$C:$C,A:A,'[1]Expenes- Delivery Details'!$E:$E) -> 1.9 | S17: =SUMIF('[1]Expenes- Delivery Details'!$A:$A,$A17&S$1,'[1]Expenes- Delivery Details'!$E:$E) -> 0 | T17: =SUMIF('[1]Expenes- Delivery Details'!$A:$A,$A17&T$1,'[1]Expenes- Delivery Details'!$E:$E) -> 1.9 | U17: =SUMIF('[1]Expenes- Delivery Details'!$A:$A,$A17&U$1,'[1]Expenes- Delivery Details'!$E:$E) -> 0 | V17: =SUMIF('[1]Expenes- Delivery Details'!$A:$A,$A17&V$1,'[1]Expenes- Delivery Details'!$E:$E) -> 0 | W17: =SUMIF('[1]Expenes- Delivery Details'!$A:$A,$A17&W$1,'[1]Expenes- Delivery Details'!$E:$E) -> 0 | Y17: =SUM(S17:X17) -> 1.9 | AE17: =R17+Z17+AD17+X17 -> 1.9 | AF17: =O17-AE17 -> 843.71
A18: 46098 | B18: =VLOOKUP($A:$A,'[1]March26- Sales'!$A:$U,3,0) -> 159.15 | C18: =VLOOKUP($A:$A,'[1]March26- Sales'!$A:$U,13,0) -> 101.15 | D18: =VLOOKUP($A:$A,'[1]March26- Sales'!$A:$U,8,0) -> 743.45 | E18: =VLOOKUP($A:$A,'[1]March26- Sales'!$A:$U,11,0) -> 5.5 | F18: =VLOOKUP($A:$A,'[1]March26- Sales'!$A:$U,10,0) -> 756.04 | G18: =VLOOKUP($A:$A,'[1]March26- Sales'!$A:$U,14,0) -> 206.5 | O18: =B18+E18+F18+G18-M18 -> 1127.19 | P18: =SUM(B18:D18) -> 1003.75 | Q18: =O18-P18 -> 123.44 | R18: =SUMIF('[1]Expenes- Delivery Details'!$C:$C,A:A,'[1]Expenes- Delivery Details'!$E:$E) -> 411.39 | S18: =SUMIF('[1]Expenes- Delivery Details'!$A:$A,$A18&S$1,'[1]Expenes- Delivery Details'!$E:$E) -> 373 | T18: =SUMIF('[1]Expenes- Delivery Details'!$A:$A,$A18&T$1,'[1]Expenes- Delivery Details'!$E:$E) -> 0 | U18: =SUMIF('[1]Expenes- Delivery Details'!$A:$A,$A18&U$1,'[1]Expenes- Delivery Details'!$E:$E) -> 9.5 | V18: =SUMIF('[1]Expenes- Delivery Details'!$A:$A,$A18&V$1,'[1]Expenes- Delivery Details'!$E:$E) -> 0 | W18: =SUMIF('[1]Expenes- Delivery Details'!$A:$A,$A18&W$1,'[1]Expenes- Delivery Details'!$E:$E) -> 28.89 | Y18: =SUM(S18:X18) -> 411.39 | AE18: =R18+Z18+AD18+X18 -> 411.39 | AF18: =O18-AE18 -> 715.8
A19: 46099 | B19: =VLOOKUP($A:$A,'[1]March26- Sales'!$A:$U,3,0) -> 142.05 | C19: =VLOOKUP($A:$A,'[1]March26- Sales'!$A:$U,13,0) -> 187.45 | D19: =VLOOKUP($A:$A,'[1]March26- Sales'!$A:$U,8,0) -> 724.2 | E19: =VLOOKUP($A:$A,'[1]March26- Sales'!$A:$U,11,0) -> 3.8 | F19: =VLOOKUP($A:$A,'[1]March26- Sales'!$A:$U,10,0) -> 698.11 | G19: =VLOOKUP($A:$A,'[1]March26- Sales'!$A:$U,14,0) -> 50.4 | O19: =B19+E19+F19+G19-M19 -> 894.36 | P19: =SUM(B19:D19) -> 1053.7 | Q19: =O19-P19 -> -159.34 | R19: =SUMIF('[1]Expenes- Delivery Details'!$C:$C,A:A,'[1]Expenes- Delivery Details'!$E:$E) -> 143.8 | S19: =SUMIF('[1]Expenes- Delivery Details'!$A:$A,$A19&S$1,'[1]Expenes- Delivery Details'!$E:$E) -> 108 | T19: =SUMIF('[1]Expenes- Delivery Details'!$A:$A,$A19&T$1,'[1]Expenes- Delivery Details'!$E:$E) -> 0 | U19: =SUMIF('[1]Expenes- Delivery Details'!$A:$A,$A19&U$1,'[1]Expenes- Delivery Details'!$E:$E) -> 0 | V19: =SUMIF('[1]Expenes- Delivery Details'!$A:$A,$A19&V$1,'[1]Expenes- Delivery Details'!$E:$E) -> 0 | W19: =SUMIF('[1]Expenes- Delivery Details'!$A:$A,$A19&W$1,'[1]Expenes- Delivery Details'!$E:$E) -> 35.8 | Y19: =SUM(S19:X19) -> 143.8 | AE19: =R19+Z19+AD19+X19 -> 143.8 | AF19: =O19-AE19 -> 750.56
... A31: 46111 | B31: =VLOOKUP($A:$A,'[1]March26- Sales'!$A:$U,3,0) -> 149.7 | C31: =VLOOKUP($A:$A,'[1]March26- Sales'!$A:$U,13,0) -> 29.9 | D31: =VLOOKUP($A:$A,'[1]March26- Sales'!$A:$U,8,0) -> 789.9 | E31: =VLOOKUP($A:$A,'[1]March26- Sales'!$A:$U,11,0) -> 0 | F31: =VLOOKUP($A:$A,'[1]March26- Sales'!$A:$U,10,0) -> 1039.17 | G31: =VLOOKUP($A:$A,'[1]March26- Sales'!$A:$U,14,0) -> 0 | O31: =B31+E31+F31+G31-M31 -> 1188.87 | P31: =SUM(B31:D31) -> 969.5 | Q31: =O31-P31 -> 219.37 | R31: =SUMIF('[1]Expenes- Delivery Details'!$C:$C,A:A,'[1]Expenes- Delivery Details'!$E:$E) -> 444.37 | S31: =SUMIF('[1]Expenes- Delivery Details'!$A:$A,$A31&S$1,'[1]Expenes- Delivery Details'!$E:$E) -> 429.07 | T31: =SUMIF('[1]Expenes- Delivery Details'!$A:$A,$A31&T$1,'[1]Expenes- Delivery Details'!$E:$E) -> 15.3 | U31: =SUMIF('[1]Expenes- Delivery Details'!$A:$A,$A31&U$1,'[1]Expenes- Delivery Details'!$E:$E) -> 0 | V31: =SUMIF('[1]Expenes- Delivery Details'!$A:$A,$A31&V$1,'[1]Expenes- Delivery Details'!$E:$E) -> 0 | W31: =SUMIF('[1]Expenes- Delivery Details'!$A:$A,$A31&W$1,'[1]Expenes- Delivery Details'!$E:$E) -> 0 | Y31: =SUM(S31:X31) -> 444.37 | AE31: =R31+Z31+AD31+X31 -> 444.37 | AF31: =O31-AE31 -> 744.5
A32: 46112 | B32: =VLOOKUP($A:$A,'[1]March26- Sales'!$A:$U,3,0) -> 219.45 | C32: =VLOOKUP($A:$A,'[1]March26- Sales'!$A:$U,13,0) -> 80 | D32: =VLOOKUP($A:$A,'[1]March26- Sales'!$A:$U,8,0) -> 950.6 | E32: =VLOOKUP($A:$A,'[1]March26- Sales'!$A:$U,11,0) -> 6.3 | F32: =VLOOKUP($A:$A,'[1]March26- Sales'!$A:$U,10,0) -> 947.5 | G32: =VLOOKUP($A:$A,'[1]March26- Sales'!$A:$U,14,0) -> 0 | M32: 2500 | O32: =B32+E32+F32+G32-M32 -> -1326.75 | P32: =SUM(B32:D32) -> 1250.05 | Q32: =O32-P32 -> -2576.8 | R32: =SUMIF('[1]Expenes- Delivery Details'!$C:$C,A:A,'[1]Expenes- Delivery Details'!$E:$E) -> 1404.53 | S32: =SUMIF('[1]Expenes- Delivery Details'!$A:$A,$A32&S$1,'[1]Expenes- Delivery Details'!$E:$E) -> 1365.44 | T32: =SUMIF('[1]Expenes- Delivery Details'!$A:$A,$A32&T$1,'[1]Expenes- Delivery Details'!$E:$E) -> 39.09 | U32: =SUMIF('[1]Expenes- Delivery Details'!$A:$A,$A32&U$1,'[1]Expenes- Delivery Details'!$E:$E) -> 0 | V32: =SUMIF('[1]Expenes- Delivery Details'!$A:$A,$A32&V$1,'[1]Expenes- Delivery Details'!$E:$E) -> 0 | W32: =SUMIF('[1]Expenes- Delivery Details'!$A:$A,$A32&W$1,'[1]Expenes- Delivery Details'!$E:$E) -> 0 | X32: 500 | Y32: =SUM(S32:X32) -> 1904.53 | Z32: =1800+1500+100+2000 -> 5400 | AD32: 5500 | AE32: =R32+Z32+AD32+X32 -> 12804.53 | AF32: =O32-AE32 -> -14131.28
A33: Total | B33: =SUM(B2:B32) -> 3711.9 | C33: =SUM(C2:C32) -> 6929.55 | D33: =SUM(D2:D32) -> 16579.8 | E33: =SUM(E2:E32) -> 114 | F33: =SUM(F2:F32) -> 17099.94 | G33: =SUM(G2:G32) -> 6324.39 | H33: =SUM(H2:H32) -> 0 | I33: =SUM(I2:I32) -> 0 | ... N33: =SUM(N2:N32) -> 0 | O33: =B33+E33+F33+G33-M33 -> 24750.23 | P33: =SUM(P2:P32) -> 27221.25 | Q33: =SUM(Q2:Q32) -> -2471.02 | R33: =SUM(R2:R32) -> 18453.05 | S33: =SUM(S2:S32) -> 16143.62 | T33: =SUM(T2:T32) -> 1014.68 | U33: =SUM(U2:U32) -> 507.39 | V33: =SUM(V2:V32) -> 292.12 | W33: =SUM(W2:W32) -> 495.24 | ... AE33: =SUM(AE2:AE32) -> 29853.05 | AF33: =O33-AE33 -> -5102.82
A34: Service Fee | B34: =B33/100*0 -> 0 | C34: =C33/100*0 -> 0 | D34: =D33/100*0 -> 0 | E34: =E33/100*0 -> 0 | F34: =F33/100*0.7 -> 119.69958 | G34: 115.87 | H34: =H33/100*37 -> 0 | I34: =I33/100*37 -> 0 | J34: =J33/100*2.5 -> 0 | K34: =K33/100*2.5 -> 0 | L34: =L33/100*0 -> 0 | M34: =M33/100*70 -> 1750 | N34: =N33/100*0 -> 0 | O34: =B34+E34+F34+G34-M34 -> -1514.4304
A35: Grand Total | B35: =SUM(B33-B34) -> 3711.9 | C35: =SUM(C33-C34) -> 6929.55 | D35: =SUM(D33-D34) -> 16579.8 | E35: =SUM(E33-E34) -> 114 | F35: =SUM(F33-F34) -> 16980.24 | G35: =SUM(G33-G34) -> 6208.52 | H35: =SUM(H33-H34) -> 0 | I35: =SUM(I33-I34) -> 0 | ... N35: =SUM(N33-N34) -> 0 | O35: =O33-O34 -> 26264.66 | P35: =SUM(P33-P34) -> 27221.25 | Q35: =SUM(Q33-Q34) -> -2471.02 | R35: =SUM(R33-R34) -> 18453.05 | W35: =SUM(W33-W34) -> 495.24 | Z35: =SUM(Z33-Z34) -> 5400 | AA35: =SUM(AA33-AA34) -> 0 | AB35: =SUM(AB33-AB34) -> 0 | AC35: =SUM(AC33-AC34) -> 0 | AD35: =SUM(AD33-AD34) -> 5500 | AE35: =SUM(AE33-AE34) -> 29853.05 | AF35: =O35-AE35 -> -3588.3896
O37: ='[1]APR26- Sales'!$I$33 -> 0 | AE37: =GETPIVOTDATA("Amount",'[1]Expenes- Delivery Details'!$J$1) -> #REF! | AF37: =O35-AE37 -> #REF!

Sheet Feb26
A1: DATE | B1: CASH | C1: AMEX | D1: MASTER | E1: VISA | F1: PAY NOW | G1: FOOD PANDA | H1: GRAB FOOD | I1: PAYPAL | J1: NETS | K1: CHEQUE | L1: STRIPE | M1: CONE SONE | N1: MICS | O1: SALE | P1: SUPPLIERS | Q1: PETTY CASH | R1: SALARIE | S1: CPF / LOAN | T1: SINGTEL / STAR HUB | U1: MICS | V1: MICS | W1: EXPENSES | X1: PROFIT
A2: 46054 | O2: =SUM(B2:N2) -> 0 | W2: =SUM(P2:V2) -> 0 | X2: =O2-W2 -> 0
A3: 46055 | O3: =SUM(B3:N3) -> 0 | W3: =SUM(P3:V3) -> 0 | X3: =O3-W3 -> 0
A4: 46056 | O4: =SUM(B4:N4) -> 0 | W4: =SUM(P4:V4) -> 0 | X4: =O4-W4 -> 0
A5: 46057 | O5: =SUM(B5:N5) -> 0 | W5: =SUM(P5:V5) -> 0 | X5: =O5-W5 -> 0
A6: 46058 | O6: =SUM(B6:N6) -> 0 | W6: =SUM(P6:V6) -> 0 | X6: =O6-W6 -> 0
A7: 46059 | O7: =SUM(B7:N7) -> 0 | W7: =SUM(P7:V7) -> 0 | X7: =O7-W7 -> 0
A8: 46060 | O8: =SUM(B8:N8) -> 0 | W8: =SUM(P8:V8) -> 0 | X8: =O8-W8 -> 0
A9: 46061 | O9: =SUM(B9:N9) -> 0 | W9: =SUM(P9:V9) -> 0 | X9: =O9-W9 -> 0
A10: 46062 | O10: =SUM(B10:N10) -> 0 | W10: =SUM(P10:V10) -> 0 | X10: =O10-W10 -> 0
A11: 46063 | O11: =SUM(B11:N11) -> 0 | W11: =SUM(P11:V11) -> 0 | X11: =O11-W11 -> 0
A12: 46064 | O12: =SUM(B12:N12) -> 0 | W12: =SUM(P12:V12) -> 0 | X12: =O12-W12 -> 0
A13: 46065 | O13: =SUM(B13:N13) -> 0 | W13: =SUM(P13:V13) -> 0 | X13: =O13-W13 -> 0
... A28: 46080 | O28: =SUM(B28:N28) -> 0 | W28: =SUM(P28:V28) -> 0 | X28: =O28-W28 -> 0
A29: 46081 | B29: 10 | C29: 10 | D29: 10 | E29: 10 | F29: 10 | G29: 10 | H29: 10 | I29: 10 | J29: 10 | K29: 10 | L29: 10 | M29: 10 | N29: 10 | O29: =SUM(B29:N29) -> 130 | P29: 10 | Q29: 10 | R29: 10 | S29: 10 | T29: 10 | U29: 10 | V29: 10 | W29: =SUM(P29:V29) -> 70 | X29: =O29-W29 -> 60
A30: Total | B30: =SUM(B2:B29) -> 10 | C30: =SUM(C2:C29) -> 10 | D30: =SUM(D2:D29) -> 10 | E30: =SUM(E2:E29) -> 10 | F30: =SUM(F2:F29) -> 10 | G30: =SUM(G2:G29) -> 10 | H30: =SUM(H2:H29) -> 10 | I30: =SUM(I2:I29) -> 10 | ... N30: =SUM(N2:N29) -> 10 | O30: =SUM(B30:N30) -> 130 | P30: =SUM(P2:P29) -> 10 | Q30: =SUM(Q2:Q29) -> 10 | R30: =SUM(R2:R29) -> 10 | S30: =SUM(S2:S29) -> 10 | T30: =SUM(T2:T29) -> 10 | U30: =SUM(U2:U29) -> 10 | V30: =SUM(V2:V29) -> 10 | W30: =SUM(W2:W29) -> 70 | X30: =O30-W30 -> 60
A31: Service Fee | B31: =B30/100*0 -> 0 | C31: =C30/100*2.5 -> 0.25 | D31: =D30/100*16.1 -> 1.61 | E31: =E30/100*2.5 -> 0.25 | F31: =F30/100*100 -> 10 | G31: =G30/100*37 -> 3.7 | H31: =H30/100*37 -> 3.7 | I31: =I30/100*2.5 -> 0.25 | J31: =J30/100*2.5 -> 0.25 | K31: =K30/100*0 -> 0 | L31: =L30/100*2.5 -> 0.25 | M31: =M30/100*0 -> 0 | N31: =N30/100*0 -> 0 | O31: =SUM(B31:N31) -> 20.26
A32: Grand Total | B32: =SUM(B30-B31) -> 10 | C32: =SUM(C30-C31) -> 9.75 | D32: =SUM(D30-D31) -> 8.39 | E32: =SUM(E30-E31) -> 9.75 | F32: =SUM(F30-F31) -> 0 | G32: =SUM(G30-G31) -> 6.3 | H32: =SUM(H30-H31) -> 6.3 | I32: =SUM(I30-I31) -> 9.75 | ... N32: =SUM(N30-N31) -> 10 | O32: =SUM(B32:N32) -> 109.74 | P32: =SUM(P30-P31) -> 10 | Q32: =SUM(Q30-Q31) -> 10 | R32: =SUM(R30-R31) -> 10 | S32: =SUM(S30-S31) -> 10 | T32: =SUM(T30-T31) -> 10 | U32: =SUM(U30-U31) -> 10 | V32: =SUM(V30-V31) -> 10 | W32: =SUM(W30-W31) -> 70 | X32: =O32-W32 -> 39.74

Sheet Jan26
A1: DATE | B1: CASH | C1: AMEX | D1: MASTER | E1: VISA | F1: PAY NOW | G1: FOOD PANDA | H1: GRAB FOOD | I1: PAYPAL | J1: NETS | K1: CHEQUE | L1: STRIPE | M1: CONE SONE | N1: MICS | O1: SALE | P1: SUPPLIERS | Q1: PETTY CASH | R1: SALARIE | S1: CPF / LOAN | T1: SINGTEL / STAR HUB | U1: MICS | V1: MICS | W1: EXPENSES | X1: PROFIT
A2: 46023 | O2: =SUM(B2:N2) -> 0 | W2: =SUM(P2:V2) -> 0 | X2: =O2-W2 -> 0
A3: 46024 | O3: =SUM(B3:N3) -> 0 | W3: =SUM(P3:V3) -> 0 | X3: =O3-W3 -> 0
A4: 46025 | O4: =SUM(B4:N4) -> 0 | W4: =SUM(P4:V4) -> 0 | X4: =O4-W4 -> 0
A5: 46026 | O5: =SUM(B5:N5) -> 0 | W5: =SUM(P5:V5) -> 0 | X5: =O5-W5 -> 0
A6: 46027 | O6: =SUM(B6:N6) -> 0 | W6: =SUM(P6:V6) -> 0 | X6: =O6-W6 -> 0
A7: 46028 | O7: =SUM(B7:N7) -> 0 | W7: =SUM(P7:V7) -> 0 | X7: =O7-W7 -> 0
A8: 46029 | O8: =SUM(B8:N8) -> 0 | W8: =SUM(P8:V8) -> 0 | X8: =O8-W8 -> 0
A9: 46030 | O9: =SUM(B9:N9) -> 0 | W9: =SUM(P9:V9) -> 0 | X9: =O9-W9 -> 0
A10: 46031 | O10: =SUM(B10:N10) -> 0 | W10: =SUM(P10:V10) -> 0 | X10: =O10-W10 -> 0
A11: 46032 | O11: =SUM(B11:N11) -> 0 | W11: =SUM(P11:V11) -> 0 | X11: =O11-W11 -> 0
A12: 46033 | O12: =SUM(B12:N12) -> 0 | W12: =SUM(P12:V12) -> 0 | X12: =O12-W12 -> 0
A13: 46034 | O13: =SUM(B13:N13) -> 0 | W13: =SUM(P13:V13) -> 0 | X13: =O13-W13 -> 0
... A31: 46052 | O31: =SUM(B31:N31) -> 0 | W31: =SUM(P31:V31) -> 0 | X31: =O31-W31 -> 0
A32: 46053 | B32: 10 | C32: 10 | D32: 10 | E32: 10 | F32: 10 | G32: 10 | H32: 10 | I32: 10 | J32: 10 | K32: 10 | L32: 10 | M32: 10 | N32: 10 | O32: =SUM(B32:N32) -> 130 | P32: 10 | Q32: 10 | R32: 10 | S32: 10 | T32: 10 | U32: 10 | V32: 10 | W32: =SUM(P32:V32) -> 70 | X32: =O32-W32 -> 60
A33: Total | B33: =SUM(B2:B32) -> 10 | C33: =SUM(C2:C32) -> 10 | D33: =SUM(D2:D32) -> 10 | E33: =SUM(E2:E32) -> 10 | F33: =SUM(F2:F32) -> 10 | G33: =SUM(G2:G32) -> 10 | H33: =SUM(H2:H32) -> 10 | I33: =SUM(I2:I32) -> 10 | ... N33: =SUM(N2:N32) -> 10 | O33: =SUM(B33:N33) -> 130 | P33: =SUM(P2:P32) -> 10 | Q33: =SUM(Q2:Q32) -> 10 | R33: =SUM(R2:R32) -> 10 | S33: =SUM(S2:S32) -> 10 | T33: =SUM(T2:T32) -> 10 | U33: =SUM(U2:U32) -> 10 | V33: =SUM(V2:V32) -> 10 | W33: =SUM(W2:W32) -> 70 | X33: =O33-W33 -> 60
A34: Service Fee | B34: =B33/100*0 -> 0 | C34: =C33/100*2.5 -> 0.25 | D34: =D33/100*16.1 -> 1.61 | E34: =E33/100*2.5 -> 0.25 | F34: =F33/100*100 -> 10 | G34: =G33/100*37 -> 3.7 | H34: =H33/100*37 -> 3.7 | I34: =I33/100*2.5 -> 0.25 | J34: =J33/100*2.5 -> 0.25 | K34: =K33/100*0 -> 0 | L34: =L33/100*2.5 -> 0.25 | M34: =M33/100*0 -> 0 | N34: =N33/100*0 -> 0 | O34: =SUM(B34:N34) -> 20.26
A35: Grand Total | B35: =SUM(B33-B34) -> 10 | C35: =SUM(C33-C34) -> 9.75 | D35: =SUM(D33-D34) -> 8.39 | E35: =SUM(E33-E34) -> 9.75 | F35: =SUM(F33-F34) -> 0 | G35: =SUM(G33-G34) -> 6.3 | H35: =SUM(H33-H34) -> 6.3 | I35: =SUM(I33-I34) -> 9.75 | ... N35: =SUM(N33-N34) -> 10 | O35: =SUM(B35:N35) -> 109.74 | P35: =SUM(P33-P34) -> 10 | Q35: =SUM(Q33-Q34) -> 10 | R35: =SUM(R33-R34) -> 10 | S35: =SUM(S33-S34) -> 10 | T35: =SUM(T33-T34) -> 10 | U35: =SUM(U33-U34) -> 10 | V35: =SUM(V33-V34) -> 10 | W35: =SUM(W33-W34) -> 70 | X35: =O35-W35 -> 39.74

Sheet Aug26
A1: DATE | B1: CASH | C1: AMEX | D1: MASTER | E1: VISA | F1: PAY NOW | G1: FOOD PANDA | H1: GRAB FOOD | I1: PAYPAL | J1: NETS | K1: CHEQUE | L1: STRIPE | M1: CONE SONE | N1: MICS | O1: SALE | P1: SUPPLIERS | Q1: PETTY CASH | R1: SALARIE | S1: CPF / LOAN | T1: SINGTEL / STAR HUB | U1: MICS | V1: MICS | W1: EXPENSES | X1: PROFIT
A2: 46235 | O2: =SUM(B2:N2) -> 0 | W2: =SUM(P2:V2) -> 0 | X2: =O2-W2 -> 0
A3: 46236 | O3: =SUM(B3:N3) -> 0 | W3: =SUM(P3:V3) -> 0 | X3: =O3-W3 -> 0
A4: 46237 | O4: =SUM(B4:N4) -> 0 | W4: =SUM(P4:V4) -> 0 | X4: =O4-W4 -> 0
A5: 46238 | O5: =SUM(B5:N5) -> 0 | W5: =SUM(P5:V5) -> 0 | X5: =O5-W5 -> 0
A6: 46239 | O6: =SUM(B6:N6) -> 0 | W6: =SUM(P6:V6) -> 0 | X6: =O6-W6 -> 0
A7: 46240 | O7: =SUM(B7:N7) -> 0 | W7: =SUM(P7:V7) -> 0 | X7: =O7-W7 -> 0
A8: 46241 | O8: =SUM(B8:N8) -> 0 | W8: =SUM(P8:V8) -> 0 | X8: =O8-W8 -> 0
A9: 46242 | O9: =SUM(B9:N9) -> 0 | W9: =SUM(P9:V9) -> 0 | X9: =O9-W9 -> 0
A10: 46243 | O10: =SUM(B10:N10) -> 0 | W10: =SUM(P10:V10) -> 0 | X10: =O10-W10 -> 0
A11: 46244 | O11: =SUM(B11:N11) -> 0 | W11: =SUM(P11:V11) -> 0 | X11: =O11-W11 -> 0
A12: 46245 | O12: =SUM(B12:N12) -> 0 | W12: =SUM(P12:V12) -> 0 | X12: =O12-W12 -> 0
A13: 46246 | O13: =SUM(B13:N13) -> 0 | W13: =SUM(P13:V13) -> 0 | X13: =O13-W13 -> 0
... A31: 46264 | O31: =SUM(B31:N31) -> 0 | W31: =SUM(P31:V31) -> 0 | X31: =O31-W31 -> 0
A32: 46265 | B32: 10 | C32: 10 | D32: 10 | E32: 10 | F32: 10 | G32: 10 | H32: 10 | I32: 10 | J32: 10 | K32: 10 | L32: 10 | M32: 10 | N32: 10 | O32: =SUM(B32:N32) -> 130 | P32: 10 | Q32: 10 | R32: 10 | S32: 10 | T32: 10 | U32: 10 | V32: 10 | W32: =SUM(P32:V32) -> 70 | X32: =O32-W32 -> 60
A33: Total | B33: =SUM(B2:B32) -> 10 | C33: =SUM(C2:C32) -> 10 | D33: =SUM(D2:D32) -> 10 | E33: =SUM(E2:E32) -> 10 | F33: =SUM(F2:F32) -> 10 | G33: =SUM(G2:G32) -> 10 | H33: =SUM(H2:H32) -> 10 | I33: =SUM(I2:I32) -> 10 | ... N33: =SUM(N2:N32) -> 10 | O33: =SUM(B33:N33) -> 130 | P33: =SUM(P2:P32) -> 10 | Q33: =SUM(Q2:Q32) -> 10 | R33: =SUM(R2:R32) -> 10 | S33: =SUM(S2:S32) -> 10 | T33: =SUM(T2:T32) -> 10 | U33: =SUM(U2:U32) -> 10 | V33: =SUM(V2:V32) -> 10 | W33: =SUM(W2:W32) -> 70 | X33: =O33-W33 -> 60
A34: Service Fee | B34: =B33/100*0 -> 0 | C34: =C33/100*2.5 -> 0.25 | D34: =D33/100*16.1 -> 1.61 | E34: =E33/100*2.5 -> 0.25 | F34: =F33/100*100 -> 10 | G34: =G33/100*37 -> 3.7 | H34: =H33/100*37 -> 3.7 | I34: =I33/100*2.5 -> 0.25 | J34: =J33/100*2.5 -> 0.25 | K34: =K33/100*0 -> 0 | L34: =L33/100*2.5 -> 0.25 | M34: =M33/100*0 -> 0 | N34: =N33/100*0 -> 0 | O34: =SUM(B34:N34) -> 20.26
A35: Grand Total | B35: =SUM(B33-B34) -> 10 | C35: =SUM(C33-C34) -> 9.75 | D35: =SUM(D33-D34) -> 8.39 | E35: =SUM(E33-E34) -> 9.75 | F35: =SUM(F33-F34) -> 0 | G35: =SUM(G33-G34) -> 6.3 | H35: =SUM(H33-H34) -> 6.3 | I35: =SUM(I33-I34) -> 9.75 | ... N35: =SUM(N33-N34) -> 10 | O35: =SUM(B35:N35) -> 109.74 | P35: =SUM(P33-P34) -> 10 | Q35: =SUM(Q33-Q34) -> 10 | R35: =SUM(R33-R34) -> 10 | S35: =SUM(S33-S34) -> 10 | T35: =SUM(T33-T34) -> 10 | U35: =SUM(U33-U34) -> 10 | V35: =SUM(V33-V34) -> 10 | W35: =SUM(W33-W34) -> 70 | X35: =O35-W35 -> 39.74

Sheet Sept26
A1: DATE | B1: CASH | C1: AMEX | D1: MASTER | E1: VISA | F1: PAY NOW | G1: FOOD PANDA | H1: GRAB FOOD | I1: PAYPAL | J1: NETS | K1: CHEQUE | L1: STRIPE | M1: CONE SONE | N1: MICS | O1: SALE | P1: SUPPLIERS | Q1: PETTY CASH | R1: SALARIE | S1: CPF / LOAN | T1: SINGTEL / STAR HUB | U1: MICS | V1: MICS | W1: EXPENSES | X1: PROFIT
A2: 46266 | O2: =SUM(B2:N2) -> 0 | W2: =SUM(P2:V2) -> 0 | X2: =O2-W2 -> 0
A3: 46267 | O3: =SUM(B3:N3) -> 0 | W3: =SUM(P3:V3) -> 0 | X3: =O3-W3 -> 0
A4: 46268 | O4: =SUM(B4:N4) -> 0 | W4: =SUM(P4:V4) -> 0 | X4: =O4-W4 -> 0
A5: 46269 | O5: =SUM(B5:N5) -> 0 | W5: =SUM(P5:V5) -> 0 | X5: =O5-W5 -> 0
A6: 46270 | O6: =SUM(B6:N6) -> 0 | W6: =SUM(P6:V6) -> 0 | X6: =O6-W6 -> 0
A7: 46271 | O7: =SUM(B7:N7) -> 0 | W7: =SUM(P7:V7) -> 0 | X7: =O7-W7 -> 0
A8: 46272 | O8: =SUM(B8:N8) -> 0 | W8: =SUM(P8:V8) -> 0 | X8: =O8-W8 -> 0
A9: 46273 | O9: =SUM(B9:N9) -> 0 | W9: =SUM(P9:V9) -> 0 | X9: =O9-W9 -> 0
A10: 46274 | O10: =SUM(B10:N10) -> 0 | W10: =SUM(P10:V10) -> 0 | X10: =O10-W10 -> 0
A11: 46275 | O11: =SUM(B11:N11) -> 0 | W11: =SUM(P11:V11) -> 0 | X11: =O11-W11 -> 0
A12: 46276 | O12: =SUM(B12:N12) -> 0 | W12: =SUM(P12:V12) -> 0 | X12: =O12-W12 -> 0
A13: 46277 | O13: =SUM(B13:N13) -> 0 | W13: =SUM(P13:V13) -> 0 | X13: =O13-W13 -> 0
... A30: 46294 | O30: =SUM(B30:N30) -> 0 | W30: =SUM(P30:V30) -> 0 | X30: =O30-W30 -> 0
A31: 46295 | B31: 10 | C31: 10 | D31: 10 | E31: 10 | F31: 10 | G31: 10 | H31: 10 | I31: 10 | J31: 10 | K31: 10 | L31: 10 | M31: 10 | N31: 10 | O31: =SUM(B31:N31) -> 130 | P31: 10 | Q31: 10 | R31: 10 | S31: 10 | T31: 10 | U31: 10 | V31: 10 | W31: =SUM(P31:V31) -> 70 | X31: =O31-W31 -> 60
A32: Total | B32: =SUM(B2:B31) -> 10 | C32: =SUM(C2:C31) -> 10 | D32: =SUM(D2:D31) -> 10 | E32: =SUM(E2:E31) -> 10 | F32: =SUM(F2:F31) -> 10 | G32: =SUM(G2:G31) -> 10 | H32: =SUM(H2:H31) -> 10 | I32: =SUM(I2:I31) -> 10 | ... N32: =SUM(N2:N31) -> 10 | O32: =SUM(B32:N32) -> 130 | P32: =SUM(P2:P31) -> 10 | Q32: =SUM(Q2:Q31) -> 10 | R32: =SUM(R2:R31) -> 10 | S32: =SUM(S2:S31) -> 10 | T32: =SUM(T2:T31) -> 10 | U32: =SUM(U2:U31) -> 10 | V32: =SUM(V2:V31) -> 10 | W32: =SUM(W2:W31) -> 70 | X32: =O32-W32 -> 60
A33: Service Fee | B33: =B32/100*0 -> 0 | C33: =C32/100*2.5 -> 0.25 | D33: =D32/100*16.1 -> 1.61 | E33: =E32/100*2.5 -> 0.25 | F33: =F32/100*100 -> 10 | G33: =G32/100*37 -> 3.7 | H33: =H32/100*37 -> 3.7 | I33: =I32/100*2.5 -> 0.25 | J33: =J32/100*2.5 -> 0.25 | K33: =K32/100*0 -> 0 | L33: =L32/100*2.5 -> 0.25 | M33: =M32/100*0 -> 0 | N33: =N32/100*0 -> 0 | O33: =SUM(B33:N33) -> 20.26
A34: Grand Total | B34: =SUM(B32-B33) -> 10 | C34: =SUM(C32-C33) -> 9.75 | D34: =SUM(D32-D33) -> 8.39 | E34: =SUM(E32-E33) -> 9.75 | F34: =SUM(F32-F33) -> 0 | G34: =SUM(G32-G33) -> 6.3 | H34: =SUM(H32-H33) -> 6.3 | I34: =SUM(I32-I33) -> 9.75 | ... N34: =SUM(N32-N33) -> 10 | O34: =SUM(B34:N34) -> 109.74 | P34: =SUM(P32-P33) -> 10 | Q34: =SUM(Q32-Q33) -> 10 | R34: =SUM(R32-R33) -> 10 | S34: =SUM(S32-S33) -> 10 | T34: =SUM(T32-T33) -> 10 | U34: =SUM(U32-U33) -> 10 | V34: =SUM(V32-V33) -> 10 | W34: =SUM(W32-W33) -> 70 | X34: =O34-W34 -> 39.74

Sheet Oct26
A1: DATE | B1: CASH | C1: AMEX | D1: MASTER | E1: VISA | F1: PAY NOW | G1: FOOD PANDA | H1: GRAB FOOD | I1: PAYPAL | J1: NETS | K1: CHEQUE | L1: STRIPE | M1: CONE SONE | N1: MICS | O1: SALE | P1: SUPPLIERS | Q1: PETTY CASH | R1: SALARIE | S1: CPF / LOAN | T1: SINGTEL / STAR HUB | U1: MICS | V1: MICS | W1: EXPENSES | X1: PROFIT
A2: 46296 | O2: =SUM(B2:N2) -> 0 | W2: =SUM(P2:V2) -> 0 | X2: =O2-W2 -> 0
A3: 46297 | O3: =SUM(B3:N3) -> 0 | W3: =SUM(P3:V3) -> 0 | X3: =O3-W3 -> 0
A4: 46298 | O4: =SUM(B4:N4) -> 0 | W4: =SUM(P4:V4) -> 0 | X4: =O4-W4 -> 0
A5: 46299 | O5: =SUM(B5:N5) -> 0 | W5: =SUM(P5:V5) -> 0 | X5: =O5-W5 -> 0
A6: 46300 | O6: =SUM(B6:N6) -> 0 | W6: =SUM(P6:V6) -> 0 | X6: =O6-W6 -> 0
A7: 46301 | O7: =SUM(B7:N7) -> 0 | W7: =SUM(P7:V7) -> 0 | X7: =O7-W7 -> 0
A8: 46302 | O8: =SUM(B8:N8) -> 0 | W8: =SUM(P8:V8) -> 0 | X8: =O8-W8 -> 0
A9: 46303 | O9: =SUM(B9:N9) -> 0 | W9: =SUM(P9:V9) -> 0 | X9: =O9-W9 -> 0
A10: 46304 | O10: =SUM(B10:N10) -> 0 | W10: =SUM(P10:V10) -> 0 | X10: =O10-W10 -> 0
A11: 46305 | O11: =SUM(B11:N11) -> 0 | W11: =SUM(P11:V11) -> 0 | X11: =O11-W11 -> 0
A12: 46306 | O12: =SUM(B12:N12) -> 0 | W12: =SUM(P12:V12) -> 0 | X12: =O12-W12 -> 0
A13: 46307 | O13: =SUM(B13:N13) -> 0 | W13: =SUM(P13:V13) -> 0 | X13: =O13-W13 -> 0
... A31: 46325 | O31: =SUM(B31:N31) -> 0 | W31: =SUM(P31:V31) -> 0 | X31: =O31-W31 -> 0
A32: 46326 | B32: 10 | C32: 10 | D32: 10 | E32: 10 | F32: 10 | G32: 10 | H32: 10 | I32: 10 | J32: 10 | K32: 10 | L32: 10 | M32: 10 | N32: 10 | O32: =SUM(B32:N32) -> 130 | P32: 10 | Q32: 10 | R32: 10 | S32: 10 | T32: 10 | U32: 10 | V32: 10 | W32: =SUM(P32:V32) -> 70 | X32: =O32-W32 -> 60
A33: Total | B33: =SUM(B2:B32) -> 10 | C33: =SUM(C2:C32) -> 10 | D33: =SUM(D2:D32) -> 10 | E33: =SUM(E2:E32) -> 10 | F33: =SUM(F2:F32) -> 10 | G33: =SUM(G2:G32) -> 10 | H33: =SUM(H2:H32) -> 10 | I33: =SUM(I2:I32) -> 10 | ... N33: =SUM(N2:N32) -> 10 | O33: =SUM(B33:N33) -> 130 | P33: =SUM(P2:P32) -> 10 | Q33: =SUM(Q2:Q32) -> 10 | R33: =SUM(R2:R32) -> 10 | S33: =SUM(S2:S32) -> 10 | T33: =SUM(T2:T32) -> 10 | U33: =SUM(U2:U32) -> 10 | V33: =SUM(V2:V32) -> 10 | W33: =SUM(W2:W32) -> 70 | X33: =O33-W33 -> 60
A34: Service Fee | B34: =B33/100*0 -> 0 | C34: =C33/100*2.5 -> 0.25 | D34: =D33/100*16.1 -> 1.61 | E34: =E33/100*2.5 -> 0.25 | F34: =F33/100*100 -> 10 | G34: =G33/100*37 -> 3.7 | H34: =H33/100*37 -> 3.7 | I34: =I33/100*2.5 -> 0.25 | J34: =J33/100*2.5 -> 0.25 | K34: =K33/100*0 -> 0 | L34: =L33/100*2.5 -> 0.25 | M34: =M33/100*0 -> 0 | N34: =N33/100*0 -> 0 | O34: =SUM(B34:N34) -> 20.26
A35: Grand Total | B35: =SUM(B33-B34) -> 10 | C35: =SUM(C33-C34) -> 9.75 | D35: =SUM(D33-D34) -> 8.39 | E35: =SUM(E33-E34) -> 9.75 | F35: =SUM(F33-F34) -> 0 | G35: =SUM(G33-G34) -> 6.3 | H35: =SUM(H33-H34) -> 6.3 | I35: =SUM(I33-I34) -> 9.75 | ... N35: =SUM(N33-N34) -> 10 | O35: =SUM(B35:N35) -> 109.74 | P35: =SUM(P33-P34) -> 10 | Q35: =SUM(Q33-Q34) -> 10 | R35: =SUM(R33-R34) -> 10 | S35: =SUM(S33-S34) -> 10 | T35: =SUM(T33-T34) -> 10 | U35: =SUM(U33-U34) -> 10 | V35: =SUM(V33-V34) -> 10 | W35: =SUM(W33-W34) -> 70 | X35: =O35-W35 -> 39.74

Sheet Nov25
A1: DATE | B1: CASH | C1: AMEX | D1: MASTER | E1: VISA | F1: PAY NOW | G1: FOOD PANDA | H1: GRAB FOOD | I1: PAYPAL | J1: NETS | K1: CHEQUE | L1: STRIPE | M1: CONE SONE | N1: MICS | O1: SALE | P1: SUPPLIERS | Q1: PETTY CASH | R1: SALARIE | S1: CPF / LOAN | T1: SINGTEL / STAR HUB | U1: MICS | V1: MICS | W1: EXPENSES | X1: PROFIT
A2: 46327 | O2: =SUM(B2:N2) -> 0 | W2: =SUM(P2:V2) -> 0 | X2: =O2-W2 -> 0
A3: 46328 | O3: =SUM(B3:N3) -> 0 | W3: =SUM(P3:V3) -> 0 | X3: =O3-W3 -> 0
A4: 46329 | O4: =SUM(B4:N4) -> 0 | W4: =SUM(P4:V4) -> 0 | X4: =O4-W4 -> 0
A5: 46330 | O5: =SUM(B5:N5) -> 0 | W5: =SUM(P5:V5) -> 0 | X5: =O5-W5 -> 0
A6: 46331 | O6: =SUM(B6:N6) -> 0 | W6: =SUM(P6:V6) -> 0 | X6: =O6-W6 -> 0
A7: 46332 | O7: =SUM(B7:N7) -> 0 | W7: =SUM(P7:V7) -> 0 | X7: =O7-W7 -> 0
A8: 46333 | O8: =SUM(B8:N8) -> 0 | W8: =SUM(P8:V8) -> 0 | X8: =O8-W8 -> 0
A9: 46334 | O9: =SUM(B9:N9) -> 0 | W9: =SUM(P9:V9) -> 0 | X9: =O9-W9 -> 0
A10: 46335 | O10: =SUM(B10:N10) -> 0 | W10: =SUM(P10:V10) -> 0 | X10: =O10-W10 -> 0
A11: 46336 | O11: =SUM(B11:N11) -> 0 | W11: =SUM(P11:V11) -> 0 | X11: =O11-W11 -> 0
A12: 46337 | O12: =SUM(B12:N12) -> 0 | W12: =SUM(P12:V12) -> 0 | X12: =O12-W12 -> 0
A13: 46338 | O13: =SUM(B13:N13) -> 0 | W13: =SUM(P13:V13) -> 0 | X13: =O13-W13 -> 0
... A30: 46355 | O30: =SUM(B30:N30) -> 0 | W30: =SUM(P30:V30) -> 0 | X30: =O30-W30 -> 0
A31: 46356 | B31: 10 | C31: 10 | D31: 10 | E31: 10 | F31: 10 | G31: 10 | H31: 10 | I31: 10 | J31: 10 | K31: 10 | L31: 10 | M31: 10 | N31: 10 | O31: =SUM(B31:N31) -> 130 | P31: 10 | Q31: 10 | R31: 10 | S31: 10 | T31: 10 | U31: 10 | V31: 10 | W31: =SUM(P31:V31) -> 70 | X31: =O31-W31 -> 60
A32: Total | B32: =SUM(B2:B31) -> 10 | C32: =SUM(C2:C31) -> 10 | D32: =SUM(D2:D31) -> 10 | E32: =SUM(E2:E31) -> 10 | F32: =SUM(F2:F31) -> 10 | G32: =SUM(G2:G31) -> 10 | H32: =SUM(H2:H31) -> 10 | I32: =SUM(I2:I31) -> 10 | ... N32: =SUM(N2:N31) -> 10 | O32: =SUM(B32:N32) -> 130 | P32: =SUM(P2:P31) -> 10 | Q32: =SUM(Q2:Q31) -> 10 | R32: =SUM(R2:R31) -> 10 | S32: =SUM(S2:S31) -> 10 | T32: =SUM(T2:T31) -> 10 | U32: =SUM(U2:U31) -> 10 | V32: =SUM(V2:V31) -> 10 | W32: =SUM(W2:W31) -> 70 | X32: =O32-W32 -> 60
A33: Service Fee | B33: =B32/100*0 -> 0 | C33: =C32/100*2.5 -> 0.25 | D33: =D32/100*16.1 -> 1.61 | E33: =E32/100*2.5 -> 0.25 | F33: =F32/100*100 -> 10 | G33: =G32/100*37 -> 3.7 | H33: =H32/100*37 -> 3.7 | I33: =I32/100*2.5 -> 0.25 | J33: =J32/100*2.5 -> 0.25 | K33: =K32/100*0 -> 0 | L33: =L32/100*2.5 -> 0.25 | M33: =M32/100*0 -> 0 | N33: =N32/100*0 -> 0 | O33: =SUM(B33:N33) -> 20.26
A34: Grand Total | B34: =SUM(B32-B33) -> 10 | C34: =SUM(C32-C33) -> 9.75 | D34: =SUM(D32-D33) -> 8.39 | E34: =SUM(E32-E33) -> 9.75 | F34: =SUM(F32-F33) -> 0 | G34: =SUM(G32-G33) -> 6.3 | H34: =SUM(H32-H33) -> 6.3 | I34: =SUM(I32-I33) -> 9.75 | ... N34: =SUM(N32-N33) -> 10 | O34: =SUM(B34:N34) -> 109.74 | P34: =SUM(P32-P33) -> 10 | Q34: =SUM(Q32-Q33) -> 10 | R34: =SUM(R32-R33) -> 10 | S34: =SUM(S32-S33) -> 10 | T34: =SUM(T32-T33) -> 10 | U34: =SUM(U32-U33) -> 10 | V34: =SUM(V32-V33) -> 10 | W34: =SUM(W32-W33) -> 70 | X34: =O34-W34 -> 39.74

Sheet Dec26
A1: DATE | B1: CASH | C1: AMEX | D1: MASTER | E1: VISA | F1: PAY NOW | G1: FOOD PANDA | H1: GRAB FOOD | I1: PAYPAL | J1: NETS | K1: CHEQUE | L1: STRIPE | M1: CONE SONE | N1: MICS | O1: SALE | P1: SUPPLIERS | Q1: PETTY CASH | R1: SALARIE | S1: CPF / LOAN | T1: SINGTEL / STAR HUB | U1: MICS | V1: MICS | W1: EXPENSES | X1: PROFIT
A2: 46357 | O2: =SUM(B2:N2) -> 0 | W2: =SUM(P2:V2) -> 0 | X2: =O2-W2 -> 0
A3: 46358 | O3: =SUM(B3:N3) -> 0 | W3: =SUM(P3:V3) -> 0 | X3: =O3-W3 -> 0
A4: 46359 | O4: =SUM(B4:N4) -> 0 | W4: =SUM(P4:V4) -> 0 | X4: =O4-W4 -> 0
A5: 46360 | O5: =SUM(B5:N5) -> 0 | W5: =SUM(P5:V5) -> 0 | X5: =O5-W5 -> 0
A6: 46361 | O6: =SUM(B6:N6) -> 0 | W6: =SUM(P6:V6) -> 0 | X6: =O6-W6 -> 0
A7: 46362 | O7: =SUM(B7:N7) -> 0 | W7: =SUM(P7:V7) -> 0 | X7: =O7-W7 -> 0
A8: 46363 | O8: =SUM(B8:N8) -> 0 | W8: =SUM(P8:V8) -> 0 | X8: =O8-W8 -> 0
A9: 46364 | O9: =SUM(B9:N9) -> 0 | W9: =SUM(P9:V9) -> 0 | X9: =O9-W9 -> 0
A10: 46365 | O10: =SUM(B10:N10) -> 0 | W10: =SUM(P10:V10) -> 0 | X10: =O10-W10 -> 0
A11: 46366 | O11: =SUM(B11:N11) -> 0 | W11: =SUM(P11:V11) -> 0 | X11: =O11-W11 -> 0
A12: 46367 | O12: =SUM(B12:N12) -> 0 | W12: =SUM(P12:V12) -> 0 | X12: =O12-W12 -> 0
A13: 46368 | O13: =SUM(B13:N13) -> 0 | W13: =SUM(P13:V13) -> 0 | X13: =O13-W13 -> 0
... A31: 46386 | O31: =SUM(B31:N31) -> 0 | W31: =SUM(P31:V31) -> 0 | X31: =O31-W31 -> 0
A32: 46387 | B32: 10 | C32: 10 | D32: 10 | E32: 10 | F32: 10 | G32: 10 | H32: 10 | I32: 10 | J32: 10 | K32: 10 | L32: 10 | M32: 10 | N32: 10 | O32: =SUM(B32:N32) -> 130 | P32: 10 | Q32: 10 | R32: 10 | S32: 10 | T32: 10 | U32: 10 | V32: 10 | W32: =SUM(P32:V32) -> 70 | X32: =O32-W32 -> 60
A33: Total | B33: =SUM(B2:B32) -> 10 | C33: =SUM(C2:C32) -> 10 | D33: =SUM(D2:D32) -> 10 | E33: =SUM(E2:E32) -> 10 | F33: =SUM(F2:F32) -> 10 | G33: =SUM(G2:G32) -> 10 | H33: =SUM(H2:H32) -> 10 | I33: =SUM(I2:I32) -> 10 | ... N33: =SUM(N2:N32) -> 10 | O33: =SUM(B33:N33) -> 130 | P33: =SUM(P2:P32) -> 10 | Q33: =SUM(Q2:Q32) -> 10 | R33: =SUM(R2:R32) -> 10 | S33: =SUM(S2:S32) -> 10 | T33: =SUM(T2:T32) -> 10 | U33: =SUM(U2:U32) -> 10 | V33: =SUM(V2:V32) -> 10 | W33: =SUM(W2:W32) -> 70 | X33: =O33-W33 -> 60
A34: Service Fee | B34: =B33/100*0 -> 0 | C34: =C33/100*2.5 -> 0.25 | D34: =D33/100*16.1 -> 1.61 | E34: =E33/100*2.5 -> 0.25 | F34: =F33/100*100 -> 10 | G34: =G33/100*37 -> 3.7 | H34: =H33/100*37 -> 3.7 | I34: =I33/100*2.5 -> 0.25 | J34: =J33/100*2.5 -> 0.25 | K34: =K33/100*0 -> 0 | L34: =L33/100*2.5 -> 0.25 | M34: =M33/100*0 -> 0 | N34: =N33/100*0 -> 0 | O34: =SUM(B34:N34) -> 20.26
A35: Grand Total | B35: =SUM(B33-B34) -> 10 | C35: =SUM(C33-C34) -> 9.75 | D35: =SUM(D33-D34) -> 8.39 | E35: =SUM(E33-E34) -> 9.75 | F35: =SUM(F33-F34) -> 0 | G35: =SUM(G33-G34) -> 6.3 | H35: =SUM(H33-H34) -> 6.3 | I35: =SUM(I33-I34) -> 9.75 | ... N35: =SUM(N33-N34) -> 10 | O35: =SUM(B35:N35) -> 109.74 | P35: =SUM(P33-P34) -> 10 | Q35: =SUM(Q33-Q34) -> 10 | R35: =SUM(R33-R34) -> 10 | S35: =SUM(S33-S34) -> 10 | T35: =SUM(T33-T34) -> 10 | U35: =SUM(U33-U34) -> 10 | V35: =SUM(V33-V34) -> 10 | W35: =SUM(W33-W34) -> 70 | X35: =O35-W35 -> 39.74

Sheet Master
A1: DATE | B1: CASH | C1: AMEX | D1: MASTER | E1: VISA | F1: PAY NOW | G1: FOOD PANDA | H1: GRAB FOOD | I1: PAYPAL | J1: NETS | K1: CHEQUE | L1: STRIPE | M1: CONE SONE | N1: MICS | O1: SALE | P1: SUPPLIERS | Q1: PETTY CASH | R1: SALARIE | S1: CPF / LOAN | T1: SINGTEL / STAR HUB | U1: MICS | V1: MICS | W1: EXPENSES | X1: PROFIT
A2: 46023 | O2: =SUM(B2:N2) -> 0 | W2: =SUM(P2:V2) -> 0 | X2: =O2-W2 -> 0
A3: 46024 | O3: =SUM(B3:N3) -> 0 | W3: =SUM(P3:V3) -> 0 | X3: =O3-W3 -> 0
A4: 46025 | O4: =SUM(B4:N4) -> 0 | W4: =SUM(P4:V4) -> 0 | X4: =O4-W4 -> 0
A5: 46026 | O5: =SUM(B5:N5) -> 0 | W5: =SUM(P5:V5) -> 0 | X5: =O5-W5 -> 0
A6: 46027 | O6: =SUM(B6:N6) -> 0 | W6: =SUM(P6:V6) -> 0 | X6: =O6-W6 -> 0
A7: 46028 | O7: =SUM(B7:N7) -> 0 | W7: =SUM(P7:V7) -> 0 | X7: =O7-W7 -> 0
A8: 46029 | O8: =SUM(B8:N8) -> 0 | W8: =SUM(P8:V8) -> 0 | X8: =O8-W8 -> 0
A9: 46030 | O9: =SUM(B9:N9) -> 0 | W9: =SUM(P9:V9) -> 0 | X9: =O9-W9 -> 0
A10: 46031 | O10: =SUM(B10:N10) -> 0 | W10: =SUM(P10:V10) -> 0 | X10: =O10-W10 -> 0
A11: 46032 | O11: =SUM(B11:N11) -> 0 | W11: =SUM(P11:V11) -> 0 | X11: =O11-W11 -> 0
A12: 46033 | O12: =SUM(B12:N12) -> 0 | W12: =SUM(P12:V12) -> 0 | X12: =O12-W12 -> 0
A13: 46034 | O13: =SUM(B13:N13) -> 0 | W13: =SUM(P13:V13) -> 0 | X13: =O13-W13 -> 0
... A32: 46053 | O32: =SUM(B32:N32) -> 0 | W32: =SUM(P32:V32) -> 0 | X32: =O32-W32 -> 0
A33: Total | B33: =SUM(B2:B32) -> 0 | C33: =SUM(C2:C32) -> 0 | D33: =SUM(D2:D32) -> 0 | E33: =SUM(E2:E32) -> 0 | F33: =SUM(F2:F32) -> 0 | G33: =SUM(G2:G32) -> 0 | H33: =SUM(H2:H32) -> 0 | I33: =SUM(I2:I32) -> 0 | ... N33: =SUM(N2:N32) -> 0 | O33: =SUM(B33:N33) -> 0 | P33: =SUM(P2:P32) -> 0 | Q33: =SUM(Q2:Q32) -> 0 | R33: =SUM(R2:R32) -> 0 | S33: =SUM(S2:S32) -> 0 | T33: =SUM(T2:T32) -> 0 | U33: =SUM(U2:U32) -> 0 | V33: =SUM(V2:V32) -> 0 | W33: =SUM(W2:W32) -> 0 | X33: =O33-W33 -> 0
A34: Service Fee | B34: =B33/100*0 -> 0 | C34: =C33/100*2.5 -> 0 | D34: =D33/100*16.1 -> 0 | E34: =E33/100*2.5 -> 0 | F34: =F33/100*100 -> 0 | G34: =G33/100*37 -> 0 | H34: =H33/100*37 -> 0 | I34: =I33/100*2.5 -> 0 | J34: =J33/100*2.5 -> 0 | K34: =K33/100*0 -> 0 | L34: =L33/100*2.5 -> 0 | M34: =M33/100*0 -> 0 | N34: =N33/100*0 -> 0 | O34: =SUM(B34:N34) -> 0
A35: Grand Total | B35: =SUM(B33-B34) -> 0 | C35: =SUM(C33-C34) -> 0 | D35: =SUM(D33-D34) -> 0 | E35: =SUM(E33-E34) -> 0 | F35: =SUM(F33-F34) -> 0 | G35: =SUM(G33-G34) -> 0 | H35: =SUM(H33-H34) -> 0 | I35: =SUM(I33-I34) -> 0 | ... N35: =SUM(N33-N34) -> 0 | O35: =SUM(B35:N35) -> 0 | P35: =SUM(P33-P34) -> 0 | Q35: =SUM(Q33-Q34) -> 0 | R35: =SUM(R33-R34) -> 0 | S35: =SUM(S33-S34) -> 0 | T35: =SUM(T33-T34) -> 0 | U35: =SUM(U33-U34) -> 0 | V35: =SUM(V33-V34) -> 0 | W35: =SUM(W33-W34) -> 0 | X35: =SUM(X33-X34) -> 0

Sheet Yearly-26
A1: DATE | B1: CASH | C1: AMEX | D1: MASTER | E1: VISA | F1: PAY NOW | G1: FOOD PANDA | H1: GRAB FOOD | I1: PAYPAL | J1: NETS | K1: CHEQUE | L1: STRIPE | M1: CONE SONE | N1: MICS | O1: SALE | P1: SUPPLIERS | Q1: PETTY CASH | R1: SALARIE | S1: CPF / LOAN | T1: SINGTEL / STAR HUB | U1: MICS | V1: MICS | W1: EXPENSES | X1: PROFIT
